Workbook

Sheet Сводка
B2: 2026 | F2: 3Q2025 | J2: 4Q2025 | N2: Июль | Z2: Август | AN2: Сентябрь | BD2: Октябрь | BP2: Ноябрь | CB2: Декабрь
B3: Квота | D3: Факт | F3: Квота | H3: Факт | J3: Квота | L3: Факт | N3: Факт | P3: 30.06 - 06.07 | R3: 07.07 - 13.07 | T3: 14.07 - 20.07 | V3: 21.07 - 27.07 | X3: 28.07 - 03.08 | Z3: План | AB3: Факт | AD3: 04.08 - 10.08 | AF3: 11.08 - 17.08 | AH3: 18.08 - 24.08 | AJ3: 25.08 - 31.08 | AN3: План | AP3: Факт | AR3: 01-07.09 | AT3: 08.09 - 14.09 | AV3: 15.09 - 21.09 | AX3: 22.09 - 28.09 | AZ3: 29.09 - 05.10 | BB3: 45930 | BD3: Квота | BF3: Факт | BH3: 06.10 - 12.10 | BJ3: 13.10 - 19.10 | BL3: 20.10 - 26.10 | BN3: 27.10 - 02.11 | BP3: Квота | BR3: Факт | BT3: 03.11 - 09.11 | BV3: 10.11 - 16.11 | BX3: 17.11 - 23.11 | BZ3: 24.11 - 30.11 | CB3: Квота | CD3: Факт | CF3: 01.12 - 07.12 | CH3: 08.12 - 14.12 | CJ3: 15.12 - 21.12 | CL3: 22.12 - 28.12 | CN3: 29.12 - 30.12
B4: MQL | C4: SQL | D4: MQL | E4: SQL | F4: MQL | G4: SQL | H4: MQL | I4: SQL | J4: MQL | K4: SQL | L4: MQL | M4: SQL | N4: MQL | O4: SQL | P4: MQL | Q4: SQL | R4: MQL | S4: SQL | T4: MQL | U4: SQL | V4: MQL | W4: SQL | X4: MQL | Y4: SQL | Z4: MQL | AA4: SQL | AB4: MQL | AC4: SQL | AD4: MQL | AE4: SQL | AF4: MQL | AG4: SQL | AH4: MQL | AI4: SQL | AJ4: MQL | AK4: SQL | AN4: MQL | AO4: SQL | AP4: MQL | AQ4: SQL | AR4: MQL | AS4: SQL | AT4: MQL | AU4: MQL | AV4: MQL | AW4: SQL | AX4: MQL | AY4: SQL | AZ4: MQL | BA4: SQL | BB4: MQL | BC4: SQL | BD4: MQL | BE4: SQL | BF4: MQL | BG4: SQL | BH4: MQL | BI4: SQL | BJ4: MQL | BK4: SQL | BL4: MQL | BM4: SQL | BN4: MQL | BO4: SQL | BP4: MQL | BQ4: SQL | BR4: MQL | BS4: SQL | BT4: MQL | BU4: SQL | BV4: MQL | BW4: SQL | BX4: MQL | BY4: SQL | BZ4: MQL | CA4: SQL | CB4: MQL | CC4: SQL | CD4: MQL | CE4: SQL | CF4: MQL | CG4: SQL | CH4: MQL | CI4: SQL | CJ4: MQL | CK4: SQL | CL4: MQL | CM4: SQL | CN4: MQL | CO4: SQL
A5: Лиды | B5: ='Продукт 2'!B11+'Продукт 3'!B11 | C5: ='Продукт 2'!D11+'Продукт 3'!D11 | D5: =SUM(N5,AB5,AP5,BF5,BR5,CD5) | E5: =SUM(O5,AC5,AQ5,BG5,BS5,CE5) | F5: ='Продукт 2'!B6+'Продукт 2'!B7+'Продукт 2'!B8+'Продукт 3'!B6+'Продукт 3'!B7+'Продукт 3'!B8 | G5: ='Продукт 2'!D6+'Продукт 2'!D7+'Продукт 2'!D8 | H5: =AB5+AP5+BF5 | I5: =AC5+AQ5+BG5 | J5: ='Продукт 2'!B8+'Продукт 2'!B9+'Продукт 2'!B10+'Продукт 3'!B8+'Продукт 3'!B9+'Продукт 3'!B10 | K5: ='Продукт 2'!D8+'Продукт 2'!D9+'Продукт 2'!D10+'Продукт 3'!D8+'Продукт 3'!D9+'Продукт 3'!D10 | L5: =BF5+BR5+CD5 | M5: =BG5+BS5+CE5 | N5: =SUM(N7:N20) | O5: =SUM(O7:O20) | P5: =SUM(P7:P20) | Q5: =SUM(Q7:Q20) | R5: =SUM(R7:R20) | S5: =SUM(S7:S20) | T5: =SUM(T7:T20) | U5: =SUM(U7:U20) | ... Y5: =SUM(Y7:Y20) | Z5: ='Продукт 2'!B6+'Продукт 3'!B6+'Продукт 1'!B6 | AA5: ='Продукт 2'!D6+'Продукт 3'!D6+'Продукт 1'!D6 | AB5: =SUM(AB7:AB20) | AC5: =SUM(AC7:AC20) | AD5: =SUM(AD7:AD20) | AE5: =SUM(AE7:AE20) | AF5: =SUM(AF7:AF20) | AG5: =SUM(AG7:AG20) | AH5: =SUM(AH7:AH20) | AI5: =SUM(AI7:AI20) | ... AK5: =SUM(AK7:AK20) | AN5: ='Продукт 2'!B7+'Продукт 3'!B7+'Продукт 1'!B7 | AO5: ='Продукт 2'!D7+'Продукт 3'!D7+'Продукт 1'!D7 | AP5: =SUM(AP7:AP20) | AQ5: =SUM(AQ7:AQ20) | AR5: =SUM(AR7:AR20) | AS5: =SUM(AS7:AS20) | AT5: =SUM(AT7:AT20) | AU5: =SUM(AU7:AU20) | AV5: =SUM(AV7:AV20) | AW5: =SUM(AW7:AW20) | ... BC5: =SUM(BC7:BC20) | BD5: ='Продукт 2'!B8+'Продукт 3'!B8 | BE5: ='Продукт 2'!D8+'Продукт 3'!D8 | BF5: =SUM(BF7:BF20) | BG5: =SUM(BG7:BG20) | BH5: =SUM(BH7:BH20) | BI5: =SUM(BI7:BI20) | BJ5: =SUM(BJ7:BJ20) | BK5: =SUM(BK7:BK20) | BL5: =SUM(BL7:BL20) | BM5: =SUM(BM7:BM20) | ... BO5: =SUM(BO7:BO20) | BP5: ='Продукт 2'!B9+'Продукт 3'!B9 | BQ5: ='Продукт 2'!D9+'Продукт 3'!D9 | BR5: =SUM(BR7:BR20) | BS5: =SUM(BS7:BS20) | BT5: =SUM(BT7:BT20) | BU5: =SUM(BU7:BU20) | BV5: =SUM(BV7:BV20) | BW5: =SUM(BW7:BW20) | BX5: =SUM(BX7:BX20) | BY5: =SUM(BY7:BY20) | ... CA5: =SUM(CA7:CA20) | CB5: ='Продукт 2'!B10+'Продукт 3'!B10 | CC5: ='Продукт 2'!D10+'Продукт 3'!D10 | CD5: =SUM(CD7:CD20) | CE5: =SUM(CE7:CE20) | CF5: =SUM(CF7:CF20) | CG5: =SUM(CG7:CG20) | CH5: =SUM(CH7:CH20) | CI5: =SUM(CI7:CI20) | CJ5: =SUM(CJ7:CJ20) | CK5: =SUM(CK7:CK20) | ... CO5: =SUM(CO7:CO20)
A6: MQL->SQL | B6: 0.4 | D6: =IFERROR(E5/D5,0) | F6: =IFERROR(G5/F5,0) | H6: =IFERROR(I5/H5,0) | J6: =IFERROR(K5/J5,0) | L6: =IFERROR(M5/L5,0) | N6: =IFERROR(O5/N5,0) | P6: =IFERROR(Q5/P5,0) | R6: =IFERROR(S5/R5,0) | T6: =IFERROR(U5/T5,0) | V6: =IFERROR(W5/V5,0) | X6: =IFERROR(Y5/X5,0) | Z6: =IFERROR(AA5/Z5,0) | AB6: =IFERROR(AC5/AB5,0) | AD6: =IFERROR(AE5/AD5,0) | AF6: =IFERROR(AG5/AF5,0) | AH6: =IFERROR(AI5/AH5,0) | AJ6: =IFERROR(AK5/AJ5,0) | AN6: =IFERROR(AO5/AN5,0) | AP6: =IFERROR(AQ5/AP5,0) | AR6: =IFERROR(AS5/AR5,0) | AT6: =IFERROR(AU5/AT5,0) | AV6: =IFERROR(AW5/AV5,0) | AX6: =IFERROR(AY5/AX5,0) | AZ6: =IFERROR(BA5/AZ5,0) | BB6: =IFERROR(BC5/BB5,0) | BD6: =IFERROR(BE5/BD5,0) | BF6: =IFERROR(BG5/BF5,0) | BH6: =IFERROR(BI5/BH5,0) | BJ6: =IFERROR(BK5/BJ5,0) | BL6: =IFERROR(BM5/BL5,0) | BN6: =IFERROR(BO5/BN5,0) | BP6: =IFERROR(BQ5/BP5,0) | BR6: =IFERROR(BS5/BR5,0) | BT6: =IFERROR(BU5/BT5,0) | BV6: =IFERROR(BW5/BV5,0) | BX6: =IFERROR(BY5/BX5,0) | BZ6: =IFERROR(CA5/BZ5,0) | CB6: =IFERROR(CC5/CB5,0) | CD6: =IFERROR(CE5/CD5,0) | CF6: =IFERROR(CG5/CF5,0) | CH6: =IFERROR(CI5/CH5,0) | CJ6: =IFERROR(CK5/CJ5,0) | CL6: =IFERROR(CM5/CL5,0) | CN6: =IFERROR(CO5/CN5,0)
A7: SEO | D7: =SUM(N7,AB7,AP7,BF7,BR7,CD7) | E7: =SUM(O7,AC7,AQ7,BG7,BS7,CE7) | H7: =N7+AB7+AP7 | I7: =O7+AC7+AQ7 | L7: =BF7+BR7+CD7 | M7: =BG7+BS7+CE7 | N7: =P7+R7+T7+V7+X7 | O7: =Q7+S7+U7+Y7 | P7: 0 | Q7: 0 | R7: 0 | S7: 0 | T7: 1 | U7: 1 | V7: 1 | W7: 0 | X7: 1 | Y7: 1 | AB7: =AD7+AF7+AH7+AJ7+AL7 | AC7: =AE7+AG7+AI7+AM7 | AD7: ='Каналы продукт 1'!AF7+'Каналы продукт 2'!AF7+'Каналы продукт 3'!AF7 | AE7: ='Каналы продукт 1'!AG7+'Каналы продукт 2'!AG7+'Каналы продукт 3'!AG7 | AF7: ='Каналы продукт 1'!AH7+'Каналы продукт 2'!AH7+'Каналы продукт 3'!AH7 | AG7: ='Каналы продукт 1'!AI7+'Каналы продукт 2'!AI7+'Каналы продукт 3'!AI7 | AH7: ='Каналы продукт 1'!AJ7+'Каналы продукт 2'!AJ7+'Каналы продукт 3'!AJ7 | AI7: ='Каналы продукт 1'!AK7+'Каналы продукт 2'!AK7+'Каналы продукт 3'!AK7 | AJ7: ='Каналы продукт 1'!AL7+'Каналы продукт 2'!AL7+'Каналы продукт 3'!AL7 | AK7: ='Каналы продукт 1'!AM7+'Каналы продукт 2'!AM7+'Каналы продукт 3'!AM7 | AP7: =AR7+AT7+AV7+AX7+AZ7 | AQ7: =AS7+AU7+AW7+AY7+BA7 | AR7: ='Каналы продукт 1'!AT7+'Каналы продукт 2'!AT7+'Каналы продукт 3'!AT7 | AS7: ='Каналы продукт 1'!AU7+'Каналы продукт 2'!AU7+'Каналы продукт 3'!AU7 | AT7: ='Каналы продукт 1'!AV7+'Каналы продукт 2'!AV7+'Каналы продукт 3'!AV7 | AU7: ='Каналы продукт 1'!AW7+'Каналы продукт 2'!AW7+'Каналы продукт 3'!AW7 | AV7: ='Каналы продукт 1'!AX7+'Каналы продукт 2'!AX7+'Каналы продукт 3'!AX7 | AW7: ='Каналы продукт 1'!AY7+'Каналы продукт 2'!AY7+'Каналы продукт 3'!AY7 | AX7: ='Каналы продукт 1'!AZ7+'Каналы продукт 2'!AZ7+'Каналы продукт 3'!AZ7 | AY7: ='Каналы продукт 1'!BA7+'Каналы продукт 2'!BA7+'Каналы продукт 3'!BA7 | ... BA7: ='Каналы продукт 1'!BC7+'Каналы продукт 2'!BC7+'Каналы продукт 3'!BC7
A8: Яндекс.Директ | D8: =SUM(N8,AB8,AP8,BF8,BR8,CD8) | E8: =SUM(O8,AC8,AQ8,BG8,BS8,CE8) | H8: =N8+AB8+AP8 | I8: =O8+AC8+AQ8 | L8: =BF8+BR8+CD8 | M8: =BG8+BS8+CE8 | N8: =P8+R8+T8+V8+X8 | O8: =Q8+S8+U8+Y8 | P8: 6 | Q8: 5 | R8: 1 | S8: 1 | T8: 0 | U8: 0 | V8: 0 | W8: 0 | X8: 0 | Y8: 0 | AB8: =AD8+AF8+AH8+AJ8+AL8 | AC8: =AE8+AG8+AI8+AM8 | AD8: ='Каналы продукт 1'!AF8+'Каналы продукт 2'!AF8+'Каналы продукт 3'!AF8 | AE8: ='Каналы продукт 1'!AG8+'Каналы продукт 2'!AG8+'Каналы продукт 3'!AG8 | AF8: ='Каналы продукт 1'!AH8+'Каналы продукт 2'!AH8+'Каналы продукт 3'!AH8 | AG8: ='Каналы продукт 1'!AI8+'Каналы продукт 2'!AI8+'Каналы продукт 3'!AI8 | AH8: ='Каналы продукт 1'!AJ8+'Каналы продукт 2'!AJ8+'Каналы продукт 3'!AJ8 | AI8: ='Каналы продукт 1'!AK8+'Каналы продукт 2'!AK8+'Каналы продукт 3'!AK8 | AJ8: ='Каналы продукт 1'!AL8+'Каналы продукт 2'!AL8+'Каналы продукт 3'!AL8 | AK8: ='Каналы продукт 1'!AM8+'Каналы продукт 2'!AM8+'Каналы продукт 3'!AM8 | AP8: =AR8+AT8+AV8+AX8+AZ8 | AQ8: =AS8+AU8+AW8+AY8+BA8 | AR8: ='Каналы продукт 1'!AT8+'Каналы продукт 2'!AT8+'Каналы продукт 3'!AT8 | AS8: ='Каналы продукт 1'!AU8+'Каналы продукт 2'!AU8+'Каналы продукт 3'!AU8 | AT8: ='Каналы продукт 1'!AV8+'Каналы продукт 2'!AV8+'Каналы продукт 3'!AV8 | AU8: ='Каналы продукт 1'!AW8+'Каналы продукт 2'!AW8+'Каналы продукт 3'!AW8 | AV8: ='Каналы продукт 1'!AX8+'Каналы продукт 2'!AX8+'Каналы продукт 3'!AX8 | AW8: ='Каналы продукт 1'!AY8+'Каналы продукт 2'!AY8+'Каналы продукт 3'!AY8 | AX8: ='Каналы продукт 1'!AZ8+'Каналы продукт 2'!AZ8+'Каналы продукт 3'!AZ8 | AY8: ='Каналы продукт 1'!BA8+'Каналы продукт 2'!BA8+'Каналы продукт 3'!BA8 | ... BA8: ='Каналы продукт 1'!BC8+'Каналы продукт 2'!BC8+'Каналы продукт 3'!BC8
A9: Реферал | D9: =SUM(N9,AB9,AP9,BF9,BR9,CD9) | E9: =SUM(O9,AC9,AQ9,BG9,BS9,CE9) | H9: =N9+AB9+AP9 | I9: =O9+AC9+AQ9 | L9: =BF9+BR9+CD9 | M9: =BG9+BS9+CE9 | N9: =P9+R9+T9+V9+X9 | O9: =Q9+S9+U9+Y9 | P9: 0 | Q9: 0 | R9: 0 | S9: 0 | T9: 0 | U9: 0 | V9: 0 | W9: 0 | X9: 0 | Y9: 0 | AB9: =AD9+AF9+AH9+AJ9+AL9 | AC9: =AE9+AG9+AI9+AM9 | AD9: ='Каналы продукт 1'!AF9+'Каналы продукт 2'!AF9+'Каналы продукт 3'!AF9 | AE9: ='Каналы продукт 1'!AG9+'Каналы продукт 2'!AG9+'Каналы продукт 3'!AG9 | AF9: ='Каналы продукт 1'!AH9+'Каналы продукт 2'!AH9+'Каналы продукт 3'!AH9 | AG9: ='Каналы продукт 1'!AI9+'Каналы продукт 2'!AI9+'Каналы продукт 3'!AI9 | AH9: ='Каналы продукт 1'!AJ9+'Каналы продукт 2'!AJ9+'Каналы продукт 3'!AJ9 | AI9: ='Каналы продукт 1'!AK9+'Каналы продукт 2'!AK9+'Каналы продукт 3'!AK9 | AJ9: ='Каналы продукт 1'!AL9+'Каналы продукт 2'!AL9+'Каналы продукт 3'!AL9 | AK9: ='Каналы продукт 1'!AM9+'Каналы продукт 2'!AM9+'Каналы продукт 3'!AM9 | AP9: =AR9+AT9+AV9+AX9+AZ9 | AQ9: =AS9+AU9+AW9+AY9+BA9 | AR9: ='Каналы продукт 1'!AT9+'Каналы продукт 2'!AT9+'Каналы продукт 3'!AT9 | AS9: ='Каналы продукт 1'!AU9+'Каналы продукт 2'!AU9+'Каналы продукт 3'!AU9 | AT9: ='Каналы продукт 1'!AV9+'Каналы продукт 2'!AV9+'Каналы продукт 3'!AV9 | AU9: ='Каналы продукт 1'!AW9+'Каналы продукт 2'!AW9+'Каналы продукт 3'!AW9 | AV9: ='Каналы продукт 1'!AX9+'Каналы продукт 2'!AX9+'Каналы продукт 3'!AX9 | AW9: ='Каналы продукт 1'!AY9+'Каналы продукт 2'!AY9+'Каналы продукт 3'!AY9 | AX9: ='Каналы продукт 1'!AZ9+'Каналы продукт 2'!AZ9+'Каналы продукт 3'!AZ9 | AY9: ='Каналы продукт 1'!BA9+'Каналы продукт 2'!BA9+'Каналы продукт 3'!BA9 | ... BA9: ='Каналы продукт 1'!BC9+'Каналы продукт 2'!BC9+'Каналы продукт 3'!BC9
A10: Внешние площадки | D10: =SUM(N10,AB10,AP10,BF10,BR10,CD10) | E10: =SUM(O10,AC10,AQ10,BG10,BS10,CE10) | H10: =N10+AB10+AP10 | I10: =O10+AC10+AQ10 | L10: =BF10+BR10+CD10 | M10: =BG10+BS10+CE10 | N10: =P10+R10+T10+V10+X10 | O10: =Q10+S10+U10+Y10 | P10: 0 | Q10: 0 | R10: 0 | S10: 0 | T10: 0 | U10: 0 | V10: 0 | W10: 0 | X10: 0 | Y10: 0 | AB10: =AD10+AF10+AH10+AJ10+AL10 | AC10: =AE10+AG10+AI10+AM10 | AD10: ='Каналы продукт 1'!AF10+'Каналы продукт 2'!AF10+'Каналы продукт 3'!AF10 | AE10: ='Каналы продукт 1'!AG10+'Каналы продукт 2'!AG10+'Каналы продукт 3'!AG10 | AF10: ='Каналы продукт 1'!AH10+'Каналы продукт 2'!AH10+'Каналы продукт 3'!AH10 | AG10: ='Каналы продукт 1'!AI10+'Каналы продукт 2'!AI10+'Каналы продукт 3'!AI10 | AH10: ='Каналы продукт 1'!AJ10+'Каналы продукт 2'!AJ10+'Каналы продукт 3'!AJ10 | AI10: ='Каналы продукт 1'!AK10+'Каналы продукт 2'!AK10+'Каналы продукт 3'!AK10 | AJ10: ='Каналы продукт 1'!AL10+'Каналы продукт 2'!AL10+'Каналы продукт 3'!AL10 | AK10: ='Каналы продукт 1'!AM10+'Каналы продукт 2'!AM10+'Каналы продукт 3'!AM10 | AP10: =AR10+AT10+AV10+AX10+AZ10 | AQ10: =AS10+AU10+AW10+AY10+BA10 | AR10: ='Каналы продукт 1'!AT10+'Каналы продукт 2'!AT10+'Каналы продукт 3'!AT10 | AS10: ='Каналы продукт 1'!AU10+'Каналы продукт 2'!AU10+'Каналы продукт 3'!AU10 | AT10: ='Каналы продукт 1'!AV10+'Каналы продукт 2'!AV10+'Каналы продукт 3'!AV10 | AU10: ='Каналы продукт 1'!AW10+'Каналы продукт 2'!AW10+'Каналы продукт 3'!AW10 | AV10: ='Каналы продукт 1'!AX10+'Каналы продукт 2'!AX10+'Каналы продукт 3'!AX10 | AW10: ='Каналы продукт 1'!AY10+'Каналы продукт 2'!AY10+'Каналы продукт 3'!AY10 | AX10: ='Каналы продукт 1'!AZ10+'Каналы продукт 2'!AZ10+'Каналы продукт 3'!AZ10 | AY10: ='Каналы продукт 1'!BA10+'Каналы продукт 2'!BA10+'Каналы продукт 3'!BA10 | ... BA10: ='Каналы продукт 1'!BC10+'Каналы продукт 2'!BC10+'Каналы продукт 3'!BC10
A11: Соцсети | D11: =SUM(N11,AB11,AP11,BF11,BR11,CD11) | E11: =SUM(O11,AC11,AQ11,BG11,BS11,CE11) | H11: =N11+AB11+AP11 | I11: =O11+AC11+AQ11 | L11: =BF11+BR11+CD11 | M11: =BG11+BS11+CE11 | N11: =P11+R11+T11+V11+X11 | O11: =Q11+S11+U11+Y11 | P11: 0 | Q11: 0 | R11: 0 | S11: 0 | T11: 0 | U11: 0 | V11: 0 | W11: 0 | X11: 0 | Y11: 0 | AB11: =AD11+AF11+AH11+AJ11+AL11 | AC11: =AE11+AG11+AI11+AM11 | AD11: ='Каналы продукт 1'!AF11+'Каналы продукт 2'!AF11+'Каналы продукт 3'!AF11 | AE11: ='Каналы продукт 1'!AG11+'Каналы продукт 2'!AG11+'Каналы продукт 3'!AG11 | AF11: ='Каналы продукт 1'!AH11+'Каналы продукт 2'!AH11+'Каналы продукт 3'!AH11 | AG11: ='Каналы продукт 1'!AI11+'Каналы продукт 2'!AI11+'Каналы продукт 3'!AI11 | AH11: ='Каналы продукт 1'!AJ11+'Каналы продукт 2'!AJ11+'Каналы продукт 3'!AJ11 | AI11: ='Каналы продукт 1'!AK11+'Каналы продукт 2'!AK11+'Каналы продукт 3'!AK11 | AJ11: ='Каналы продукт 1'!AL11+'Каналы продукт 2'!AL11+'Каналы продукт 3'!AL11 | AK11: ='Каналы продукт 1'!AM11+'Каналы продукт 2'!AM11+'Каналы продукт 3'!AM11 | AP11: =AR11+AT11+AV11+AX11+AZ11 | AQ11: =AS11+AU11+AW11+AY11+BA11 | AR11: ='Каналы продукт 1'!AT11+'Каналы продукт 2'!AT11+'Каналы продукт 3'!AT11 | AS11: ='Каналы продукт 1'!AU11+'Каналы продукт 2'!AU11+'Каналы продукт 3'!AU11 | AT11: ='Каналы продукт 1'!AV11+'Каналы продукт 2'!AV11+'Каналы продукт 3'!AV11 | AU11: ='Каналы продукт 1'!AW11+'Каналы продукт 2'!AW11+'Каналы продукт 3'!AW11 | AV11: ='Каналы продукт 1'!AX11+'Каналы продукт 2'!AX11+'Каналы продукт 3'!AX11 | AW11: ='Каналы продукт 1'!AY11+'Каналы продукт 2'!AY11+'Каналы продукт 3'!AY11 | AX11: ='Каналы продукт 1'!AZ11+'Каналы продукт 2'!AZ11+'Каналы продукт 3'!AZ11 | AY11: ='Каналы продукт 1'!BA11+'Каналы продукт 2'!BA11+'Каналы продукт 3'!BA11 | ... BA11: ='Каналы продукт 1'!BC11+'Каналы продукт 2'!BC11+'Каналы продукт 3'!BC11
A12: Прямые визиты | D12: =SUM(N12,AB12,AP12,BF12,BR12,CD12) | E12: =SUM(O12,AC12,AQ12,BG12,BS12,CE12) | H12: =N12+AB12+AP12 | I12: =O12+AC12+AQ12 | L12: =BF12+BR12+CD12 | M12: =BG12+BS12+CE12 | N12: =P12+R12+T12+V12+X12 | O12: =Q12+S12+U12+Y12 | P12: 0 | Q12: 0 | R12: 0 | S12: 0 | T12: 0 | U12: 0 | V12: 0 | W12: 0 | X12: 0 | Y12: 0 | AB12: =AD12+AF12+AH12+AJ12+AL12 | AC12: =AE12+AG12+AI12+AM12 | AD12: ='Каналы продукт 1'!AF12+'Каналы продукт 2'!AF12+'Каналы продукт 3'!AF12 | AE12: ='Каналы продукт 1'!AG12+'Каналы продукт 2'!AG12+'Каналы продукт 3'!AG12 | AF12: ='Каналы продукт 1'!AH12+'Каналы продукт 2'!AH12+'Каналы продукт 3'!AH12 | AG12: ='Каналы продукт 1'!AI12+'Каналы продукт 2'!AI12+'Каналы продукт 3'!AI12 | AH12: ='Каналы продукт 1'!AJ12+'Каналы продукт 2'!AJ12+'Каналы продукт 3'!AJ12 | AI12: ='Каналы продукт 1'!AK12+'Каналы продукт 2'!AK12+'Каналы продукт 3'!AK12 | AJ12: ='Каналы продукт 1'!AL12+'Каналы продукт 2'!AL12+'Каналы продукт 3'!AL12 | AK12: ='Каналы продукт 1'!AM12+'Каналы продукт 2'!AM12+'Каналы продукт 3'!AM12 | AP12: =AR12+AT12+AV12+AX12+AZ12 | AQ12: =AS12+AU12+AW12+AY12+BA12 | AR12: ='Каналы продукт 1'!AT12+'Каналы продукт 2'!AT12+'Каналы продукт 3'!AT12 | AS12: ='Каналы продукт 1'!AU12+'Каналы продукт 2'!AU12+'Каналы продукт 3'!AU12 | AT12: ='Каналы продукт 1'!AV12+'Каналы продукт 2'!AV12+'Каналы продукт 3'!AV12 | AU12: ='Каналы продукт 1'!AW12+'Каналы продукт 2'!AW12+'Каналы продукт 3'!AW12 | AV12: ='Каналы продукт 1'!AX12+'Каналы продукт 2'!AX12+'Каналы продукт 3'!AX12 | AW12: ='Каналы продукт 1'!AY12+'Каналы продукт 2'!AY12+'Каналы продукт 3'!AY12 | AX12: ='Каналы продукт 1'!AZ12+'Каналы продукт 2'!AZ12+'Каналы продукт 3'!AZ12 | AY12: ='Каналы продукт 1'!BA12+'Каналы продукт 2'!BA12+'Каналы продукт 3'!BA12 | ... BA12: ='Каналы продукт 1'!BC12+'Каналы продукт 2'!BC12+'Каналы продукт 3'!BC12
A13: VK Реклама | D13: =SUM(N13,AB13,AP13,BF13,BR13,CD13) | E13: =SUM(O13,AC13,AQ13,BG13,BS13,CE13) | H13: =N13+AB13+AP13 | I13: =O13+AC13+AQ13 | L13: =BF13+BR13+CD13 | M13: =BG13+BS13+CE13 | N13: =P13+R13+T13+V13+X13 | O13: =Q13+S13+U13+Y13 | P13: 0 | Q13: 0 | R13: 0 | S13: 0 | T13: 0 | U13: 0 | V13: 0 | W13: 0 | X13: 0 | Y13: 0 | AB13: =AD13+AF13+AH13+AJ13+AL13 | AC13: =AE13+AG13+AI13+AM13 | AD13: ='Каналы продукт 1'!AF13+'Каналы продукт 2'!AF13+'Каналы продукт 3'!AF13 | AE13: ='Каналы продукт 1'!AG13+'Каналы продукт 2'!AG13+'Каналы продукт 3'!AG13 | AF13: ='Каналы продукт 1'!AH13+'Каналы продукт 2'!AH13+'Каналы продукт 3'!AH13 | AG13: ='Каналы продукт 1'!AI13+'Каналы продукт 2'!AI13+'Каналы продукт 3'!AI13 | AH13: ='Каналы продукт 1'!AJ13+'Каналы продукт 2'!AJ13+'Каналы продукт 3'!AJ13 | AI13: ='Каналы продукт 1'!AK13+'Каналы продукт 2'!AK13+'Каналы продукт 3'!AK13 | AJ13: ='Каналы продукт 1'!AL13+'Каналы продукт 2'!AL13+'Каналы продукт 3'!AL13 | AK13: ='Каналы продукт 1'!AM13+'Каналы продукт 2'!AM13+'Каналы продукт 3'!AM13 | AP13: =AR13+AT13+AV13+AX13+AZ13 | AQ13: =AS13+AU13+AW13+AY13+BA13 | AR13: ='Каналы продукт 1'!AT13+'Каналы продукт 2'!AT13+'Каналы продукт 3'!AT13 | AS13: ='Каналы продукт 1'!AU13+'Каналы продукт 2'!AU13+'Каналы продукт 3'!AU13 | AT13: ='Каналы продукт 1'!AV13+'Каналы продукт 2'!AV13+'Каналы продукт 3'!AV13 | AU13: ='Каналы продукт 1'!AW13+'Каналы продукт 2'!AW13+'Каналы продукт 3'!AW13 | AV13: ='Каналы продукт 1'!AX13+'Каналы продукт 2'!AX13+'Каналы продукт 3'!AX13 | AW13: ='Каналы продукт 1'!AY13+'Каналы продукт 2'!AY13+'Каналы продукт 3'!AY13 | AX13: ='Каналы продукт 1'!AZ13+'Каналы продукт 2'!AZ13+'Каналы продукт 3'!AZ13 | AY13: ='Каналы продукт 1'!BA13+'Каналы продукт 2'!BA13+'Каналы продукт 3'!BA13 | ... BA13: ='Каналы продукт 1'!BC13+'Каналы продукт 2'!BC13+'Каналы продукт 3'!BC13
A14: Вебинары/Мероприятия | D14: =SUM(N14,AB14,AP14,BF14,BR14,CD14) | E14: =SUM(O14,AC14,AQ14,BG14,BS14,CE14) | H14: =N14+AB14+AP14 | I14: =O14+AC14+AQ14 | L14: =BF14+BR14+CD14 | M14: =BG14+BS14+CE14 | N14: =P14+R14+T14+V14+X14 | O14: =Q14+S14+U14+Y14 | P14: 0 | Q14: 0 | R14: 0 | S14: 0 | T14: 0 | U14: 0 | V14: 0 | W14: 0 | X14: 0 | Y14: 0 | AB14: =AD14+AF14+AH14+AJ14+AL14 | AC14: =AE14+AG14+AI14+AM14 | AD14: ='Каналы продукт 1'!AF14+'Каналы продукт 2'!AF14+'Каналы продукт 3'!AF14 | AE14: ='Каналы продукт 1'!AG14+'Каналы продукт 2'!AG14+'Каналы продукт 3'!AG14 | AF14: ='Каналы продукт 1'!AH14+'Каналы продукт 2'!AH14+'Каналы продукт 3'!AH14 | AG14: ='Каналы продукт 1'!AI14+'Каналы продукт 2'!AI14+'Каналы продукт 3'!AI14 | AH14: ='Каналы продукт 1'!AJ14+'Каналы продукт 2'!AJ14+'Каналы продукт 3'!AJ14 | AI14: ='Каналы продукт 1'!AK14+'Каналы продукт 2'!AK14+'Каналы продукт 3'!AK14 | AJ14: ='Каналы продукт 1'!AL14+'Каналы продукт 2'!AL14+'Каналы продукт 3'!AL14 | AK14: ='Каналы продукт 1'!AM14+'Каналы продукт 2'!AM14+'Каналы продукт 3'!AM14 | AP14: =AR14+AT14+AV14+AX14+AZ14 | AQ14: =AS14+AU14+AW14+AY14+BA14 | AR14: ='Каналы продукт 1'!AT14+'Каналы продукт 2'!AT14+'Каналы продукт 3'!AT14 | AS14: ='Каналы продукт 1'!AU14+'Каналы продукт 2'!AU14+'Каналы продукт 3'!AU14 | AT14: ='Каналы продукт 1'!AV14+'Каналы продукт 2'!AV14+'Каналы продукт 3'!AV14 | AU14: ='Каналы продукт 1'!AW14+'Каналы продукт 2'!AW14+'Каналы продукт 3'!AW14 | AV14: ='Каналы продукт 1'!AX14+'Каналы продукт 2'!AX14+'Каналы продукт 3'!AX14 | AW14: ='Каналы продукт 1'!AY14+'Каналы продукт 2'!AY14+'Каналы продукт 3'!AY14 | AX14: ='Каналы продукт 1'!AZ14+'Каналы продукт 2'!AZ14+'Каналы продукт 3'!AZ14 | AY14: ='Каналы продукт 1'!BA14+'Каналы продукт 2'!BA14+'Каналы продукт 3'!BA14 | ... BA14: ='Каналы продукт 1'!BC14+'Каналы продукт 2'!BC14+'Каналы продукт 3'!BC14
A15: Рассылки по нашей базе | D15: =SUM(N15,AB15,AP15,BF15,BR15,CD15) | E15: =SUM(O15,AC15,AQ15,BG15,BS15,CE15) | H15: =N15+AB15+AP15 | I15: =O15+AC15+AQ15 | L15: =BF15+BR15+CD15 | M15: =BG15+BS15+CE15 | N15: =P15+R15+T15+V15+X15 | O15: =Q15+S15+U15+Y15 | P15: 0 | Q15: 0 | R15: 0 | S15: 0 | T15: 0 | U15: 0 | V15: 0 | W15: 0 | X15: 0 | Y15: 0 | AB15: =AD15+AF15+AH15+AJ15+AL15 | AC15: =AE15+AG15+AI15+AM15 | AD15: ='Каналы продукт 1'!AF15+'Каналы продукт 2'!AF15+'Каналы продукт 3'!AF15 | AE15: ='Каналы продукт 1'!AG15+'Каналы продукт 2'!AG15+'Каналы продукт 3'!AG15 | AF15: ='Каналы продукт 1'!AH15+'Каналы продукт 2'!AH15+'Каналы продукт 3'!AH15 | AG15: ='Каналы продукт 1'!AI15+'Каналы продукт 2'!AI15+'Каналы продукт 3'!AI15 | AH15: ='Каналы продукт 1'!AJ15+'Каналы продукт 2'!AJ15+'Каналы продукт 3'!AJ15 | AI15: ='Каналы продукт 1'!AK15+'Каналы продукт 2'!AK15+'Каналы продукт 3'!AK15 | AJ15: ='Каналы продукт 1'!AL15+'Каналы продукт 2'!AL15+'Каналы продукт 3'!AL15 | AK15: ='Каналы продукт 1'!AM15+'Каналы продукт 2'!AM15+'Каналы продукт 3'!AM15 | AP15: =AR15+AT15+AV15+AX15+AZ15 | AQ15: =AS15+AU15+AW15+AY15+BA15 | AR15: ='Каналы продукт 1'!AT15+'Каналы продукт 2'!AT15+'Каналы продукт 3'!AT15 | AS15: ='Каналы продукт 1'!AU15+'Каналы продукт 2'!AU15+'Каналы продукт 3'!AU15 | AT15: ='Каналы продукт 1'!AV15+'Каналы продукт 2'!AV15+'Каналы продукт 3'!AV15 | AU15: ='Каналы продукт 1'!AW15+'Каналы продукт 2'!AW15+'Каналы продукт 3'!AW15 | AV15: ='Каналы продукт 1'!AX15+'Каналы продукт 2'!AX15+'Каналы продукт 3'!AX15 | AW15: ='Каналы продукт 1'!AY15+'Каналы продукт 2'!AY15+'Каналы продукт 3'!AY15 | AX15: ='Каналы продукт 1'!AZ15+'Каналы продукт 2'!AZ15+'Каналы продукт 3'!AZ15 | AY15: ='Каналы продукт 1'!BA15+'Каналы продукт 2'!BA15+'Каналы продукт 3'!BA15 | ... BA15: ='Каналы продукт 1'!BC15+'Каналы продукт 2'!BC15+'Каналы продукт 3'!BC15
A16: Рассылки по холодной базе | D16: =SUM(N16,AB16,AP16,BF16,BR16,CD16) | E16: =SUM(O16,AC16,AQ16,BG16,BS16,CE16) | H16: =N16+AB16+AP16 | I16: =O16+AC16+AQ16 | L16: =BF16+BR16+CD16 | M16: =BG16+BS16+CE16 | N16: =P16+R16+T16+V16+X16 | O16: =Q16+S16+U16+Y16 | P16: 0 | Q16: 0 | R16: 0 | S16: 0 | T16: 0 | U16: 0 | V16: 0 | W16: 0 | X16: 0 | Y16: 0 | AB16: =AD16+AF16+AH16+AJ16+AL16 | AC16: =AE16+AG16+AI16+AM16 | AD16: ='Каналы продукт 1'!AF16+'Каналы продукт 2'!AF16+'Каналы продукт 3'!AF16 | AE16: ='Каналы продукт 1'!AG16+'Каналы продукт 2'!AG16+'Каналы продукт 3'!AG16 | AF16: ='Каналы продукт 1'!AH16+'Каналы продукт 2'!AH16+'Каналы продукт 3'!AH16 | AG16: ='Каналы продукт 1'!AI16+'Каналы продукт 2'!AI16+'Каналы продукт 3'!AI16 | AH16: ='Каналы продукт 1'!AJ16+'Каналы продукт 2'!AJ16+'Каналы продукт 3'!AJ16 | AI16: ='Каналы продукт 1'!AK16+'Каналы продукт 2'!AK16+'Каналы продукт 3'!AK16 | AJ16: ='Каналы продукт 1'!AL16+'Каналы продукт 2'!AL16+'Каналы продукт 3'!AL16 | AK16: ='Каналы продукт 1'!AM16+'Каналы продукт 2'!AM16+'Каналы продукт 3'!AM16 | AP16: =AR16+AT16+AV16+AX16+AZ16 | AQ16: =AS16+AU16+AW16+AY16+BA16 | AR16: ='Каналы продукт 1'!AT16+'Каналы продукт 2'!AT16+'Каналы продукт 3'!AT16 | AS16: ='Каналы продукт 1'!AU16+'Каналы продукт 2'!AU16+'Каналы продукт 3'!AU16 | AT16: ='Каналы продукт 1'!AV16+'Каналы продукт 2'!AV16+'Каналы продукт 3'!AV16 | AU16: ='Каналы продукт 1'!AW16+'Каналы продукт 2'!AW16+'Каналы продукт 3'!AW16 | AV16: ='Каналы продукт 1'!AX16+'Каналы продукт 2'!AX16+'Каналы продукт 3'!AX16 | AW16: ='Каналы продукт 1'!AY16+'Каналы продукт 2'!AY16+'Каналы продукт 3'!AY16 | AX16: ='Каналы продукт 1'!AZ16+'Каналы продукт 2'!AZ16+'Каналы продукт 3'!AZ16 | AY16: ='Каналы продукт 1'!BA16+'Каналы продукт 2'!BA16+'Каналы продукт 3'!BA16 | ... BA16: ='Каналы продукт 1'!BC16+'Каналы продукт 2'!BC16+'Каналы продукт 3'!BC16
A17: Входящий звонок | D17: =SUM(N17,AB17,AP17,BF17,BR17,CD17) | E17: =SUM(O17,AC17,AQ17,BG17,BS17,CE17) | H17: =N17+AB17+AP17 | I17: =O17+AC17+AQ17 | L17: =BF17+BR17+CD17 | M17: =BG17+BS17+CE17 | N17: =P17+R17+T17+V17+X17 | O17: =Q17+S17+U17+Y17 | P17: 0 | Q17: 0 | R17: 0 | S17: 0 | T17: 0 | U17: 0 | V17: 0 | W17: 0 | X17: 0 | Y17: 0 | AB17: =AD17+AF17+AH17+AJ17+AL17 | AC17: =AE17+AG17+AI17+AM17 | AD17: ='Каналы продукт 1'!AF17+'Каналы продукт 2'!AF17+'Каналы продукт 3'!AF17 | AE17: ='Каналы продукт 1'!AG17+'Каналы продукт 2'!AG17+'Каналы продукт 3'!AG17 | AF17: ='Каналы продукт 1'!AH17+'Каналы продукт 2'!AH17+'Каналы продукт 3'!AH17 | AG17: ='Каналы продукт 1'!AI17+'Каналы продукт 2'!AI17+'Каналы продукт 3'!AI17 | AH17: ='Каналы продукт 1'!AJ17+'Каналы продукт 2'!AJ17+'Каналы продукт 3'!AJ17 | AI17: ='Каналы продукт 1'!AK17+'Каналы продукт 2'!AK17+'Каналы продукт 3'!AK17 | AJ17: ='Каналы продукт 1'!AL17+'Каналы продукт 2'!AL17+'Каналы продукт 3'!AL17 | AK17: ='Каналы продукт 1'!AM17+'Каналы продукт 2'!AM17+'Каналы продукт 3'!AM17 | AP17: =AR17+AT17+AV17+AX17+AZ17 | AQ17: =AS17+AU17+AW17+AY17+BA17 | AR17: ='Каналы продукт 1'!AT17+'Каналы продукт 2'!AT17+'Каналы продукт 3'!AT17 | AS17: ='Каналы продукт 1'!AU17+'Каналы продукт 2'!AU17+'Каналы продукт 3'!AU17 | AT17: ='Каналы продукт 1'!AV17+'Каналы продукт 2'!AV17+'Каналы продукт 3'!AV17 | AU17: ='Каналы продукт 1'!AW17+'Каналы продукт 2'!AW17+'Каналы продукт 3'!AW17 | AV17: ='Каналы продукт 1'!AX17+'Каналы продукт 2'!AX17+'Каналы продукт 3'!AX17 | AW17: ='Каналы продукт 1'!AY17+'Каналы продукт 2'!AY17+'Каналы продукт 3'!AY17 | AX17: ='Каналы продукт 1'!AZ17+'Каналы продукт 2'!AZ17+'Каналы продукт 3'!AZ17 | AY17: ='Каналы продукт 1'!BA17+'Каналы продукт 2'!BA17+'Каналы продукт 3'!BA17 | ... BA17: ='Каналы продукт 1'!BC17+'Каналы продукт 2'!BC17+'Каналы продукт 3'!BC17
A18: Входящая почта sales | D18: =SUM(N18,AB18,AP18,BF18,BR18,CD18) | E18: =SUM(O18,AC18,AQ18,BG18,BS18,CE18) | H18: =N18+AB18+AP18 | I18: =O18+AC18+AQ18 | L18: =BF18+BR18+CD18 | M18: =BG18+BS18+CE18 | N18: =P18+R18+T18+V18+X18 | O18: =Q18+S18+U18+Y18 | P18: 0 | Q18: 0 | R18: 0 | S18: 0 | T18: 0 | U18: 0 | V18: 0 | W18: 0 | X18: 1 | Y18: 1 | AB18: =AD18+AF18+AH18+AJ18+AL18 | AC18: =AE18+AG18+AI18+AM18 | AD18: ='Каналы продукт 1'!AF18+'Каналы продукт 2'!AF18+'Каналы продукт 3'!AF18 | AE18: ='Каналы продукт 1'!AG18+'Каналы продукт 2'!AG18+'Каналы продукт 3'!AG18 | AF18: ='Каналы продукт 1'!AH18+'Каналы продукт 2'!AH18+'Каналы продукт 3'!AH18 | AG18: ='Каналы продукт 1'!AI18+'Каналы продукт 2'!AI18+'Каналы продукт 3'!AI18 | AH18: ='Каналы продукт 1'!AJ18+'Каналы продукт 2'!AJ18+'Каналы продукт 3'!AJ18 | AI18: ='Каналы продукт 1'!AK18+'Каналы продукт 2'!AK18+'Каналы продукт 3'!AK18 | AJ18: ='Каналы продукт 1'!AL18+'Каналы продукт 2'!AL18+'Каналы продукт 3'!AL18 | AK18: ='Каналы продукт 1'!AM18+'Каналы продукт 2'!AM18+'Каналы продукт 3'!AM18 | AP18: =AR18+AT18+AV18+AX18+AZ18 | AQ18: =AS18+AU18+AW18+AY18+BA18 | AR18: ='Каналы продукт 1'!AT18+'Каналы продукт 2'!AT18+'Каналы продукт 3'!AT18 | AS18: ='Каналы продукт 1'!AU18+'Каналы продукт 2'!AU18+'Каналы продукт 3'!AU18 | AT18: ='Каналы продукт 1'!AV18+'Каналы продукт 2'!AV18+'Каналы продукт 3'!AV18 | AU18: ='Каналы продукт 1'!AW18+'Каналы продукт 2'!AW18+'Каналы продукт 3'!AW18 | AV18: ='Каналы продукт 1'!AX18+'Каналы продукт 2'!AX18+'Каналы продукт 3'!AX18 | AW18: ='Каналы продукт 1'!AY18+'Каналы продукт 2'!AY18+'Каналы продукт 3'!AY18 | AX18: ='Каналы продукт 1'!AZ18+'Каналы продукт 2'!AZ18+'Каналы продукт 3'!AZ18 | AY18: ='Каналы продукт 1'!BA18+'Каналы продукт 2'!BA18+'Каналы продукт 3'!BA18 | ... BA18: ='Каналы продукт 1'!BC18+'Каналы продукт 2'!BC18+'Каналы продукт 3'!BC18
... A20: Неизвестно | D20: =SUM(N20,AB20,AP20,BF20,BR20,CD20) | E20: =SUM(O20,AC20,AQ20,BG20,BS20,CE20) | H20: =N20+AB20+AP20 | I20: =O20+AC20+AQ20 | L20: =BF20+BR20+CD20 | M20: =BG20+BS20+CE20 | N20: =P20+R20+T20+V20+X20 | O20: =Q20+S20+U20+Y20 | P20: 0 | Q20: 0 | R20: 0 | S20: 0 | T20: 1 | U20: 1 | V20: 0 | W20: 0 | X20: 0 | Y20: 0 | AB20: =AD20+AF20+AH20+AJ20+AL20 | AC20: =AE20+AG20+AI20+AM20 | AD20: ='Каналы продукт 1'!AF20+'Каналы продукт 2'!AF20+'Каналы продукт 3'!AF20 | AE20: ='Каналы продукт 1'!AG20+'Каналы продукт 2'!AG20+'Каналы продукт 3'!AG20 | AF20: ='Каналы продукт 1'!AH20+'Каналы продукт 2'!AH20+'Каналы продукт 3'!AH20 | AG20: ='Каналы продукт 1'!AI20+'Каналы продукт 2'!AI20+'Каналы продукт 3'!AI20 | AH20: ='Каналы продукт 1'!AJ20+'Каналы продукт 2'!AJ20+'Каналы продукт 3'!AJ20 | AI20: ='Каналы продукт 1'!AK20+'Каналы продукт 2'!AK20+'Каналы продукт 3'!AK20 | AJ20: ='Каналы продукт 1'!AL20+'Каналы продукт 2'!AL20+'Каналы продукт 3'!AL20 | AK20: ='Каналы продукт 1'!AM20+'Каналы продукт 2'!AM20+'Каналы продукт 3'!AM20 | AP20: =AR20+AT20+AV20+AX20+AZ20 | AQ20: =AS20+AU20+AW20+AY20+BA20 | AR20: ='Каналы продукт 1'!AT20+'Каналы продукт 2'!AT20+'Каналы продукт 3'!AT20 | AS20: ='Каналы продукт 1'!AU20+'Каналы продукт 2'!AU20+'Каналы продукт 3'!AU20 | AT20: ='Каналы продукт 1'!AV20+'Каналы продукт 2'!AV20+'Каналы продукт 3'!AV20 | AU20: ='Каналы продукт 1'!AW20+'Каналы продукт 2'!AW20+'Каналы продукт 3'!AW20 | AV20: ='Каналы продукт 1'!AX20+'Каналы продукт 2'!AX20+'Каналы продукт 3'!AX20 | AW20: ='Каналы продукт 1'!AY20+'Каналы продукт 2'!AY20+'Каналы продукт 3'!AY20 | AX20: ='Каналы продукт 1'!AZ20+'Каналы продукт 2'!AZ20+'Каналы продукт 3'!AZ20 | AY20: ='Каналы продукт 1'!BA20+'Каналы продукт 2'!BA20+'Каналы продукт 3'!BA20 | ... BA20: ='Каналы продукт 1'!BC20+'Каналы продукт 2'!BC20+'Каналы продукт 3'!BC20
A22: Расходы | B22: Квота | D22: Факт | F22: Квота | H22: Факт | J22: Квота | L22: Факт | N22: Факт | P22: 30.06 - 06.07 | R22: 07.07 - 13.07 | T22: 14.07 - 20.07 | V22: 21.07 - 27.07 | X22: 28.07 - 03.08 | Z22: План | AB22: Факт | AD22: 04.08 - 10.08 | AF22: 11.08 - 17.08 | AH22: 18.08 - 24.08 | AJ22: 25.08 - 31.08 | AN22: Квота | AP22: Факт | AR22: 01-07.09 | AT22: 08.09 - 14.09 | AV22: 15.09 - 21.09 | AX22: 22.09 - 28.09 | AZ22: 29.09 - 05.10 | BB22: 45930 | BD22: Квота | BF22: Факт | BH22: 06.10 - 12.10 | BJ22: 13.10 - 19.10 | BL22: 20.10 - 26.10 | BN22: 27.10 - 02.11 | BP22: Квота | BR22: Факт | BT22: 03.11 - 09.11 | BV22: 10.11 - 16.11 | BX22: 17.11 - 23.11 | BZ22: 24.11 - 30.11 | CB22: Квота | CD22: Факт | CF22: 01.12 - 07.12 | CH22: 08.12 - 14.12 | CJ22: 15.12 - 21.12 | CL22: 22.12 - 28.12 | CN22: 29.12 - 30.12
A23: Всего на платное продвижение: | B23: ='Продукт 2'!Z11+'Продукт 3'!Z11 | D23: =SUM(X23,AL23,AZ23,BN23,BZ23,CJ23) | F23: =0+Z23+AN23 | H23: =N23+AB23+AP23 | J23: =BD23+BP23+CB23 | L23: =BF23+BR23+CD23 | N23: =SUM(N26:O36) | P23: =SUM(P33:Q49) | R23: =SUM(R33:S49) | T23: =SUM(T33:U49) | V23: =SUM(V33:W49) | X23: =SUM(X33:Y49) | Z23: ='Бюджет'!B6 | AB23: =AB24+AB25 | AD23: =SUM(AD26:AE36) | AF23: =SUM(AF33:AG49) | AH23: =SUM(AH33:AI49) | AJ23: =SUM(AJ33:AK49) | AN23: 380000 | AP23: =SUM(AP26:AQ36) | AR23: =SUM(AR26:AS36) | AT23: =SUM(AT26:AU36) | AV23: =SUM(AV26:AW36) | AX23: =SUM(AX26:AY36) | AZ23: =SUM(AZ26:BA36) | BB23: =SUM(BB33:BC49) | BD23: 380000 | BF23: =SUM(BF26:BG36) | BH23: =SUM(BH33:BI49) | BJ23: =SUM(BJ33:BK49) | BL23: =SUM(BL33:BM49) | BN23: =SUM(BN33:BO49) | BP23: 380000 | BR23: =SUM(BR26:BS36) | BT23: =SUM(BT33:BU49) | BV23: =SUM(BV33:BW49) | BX23: =SUM(BX33:BY49) | BZ23: =SUM(BZ33:CA49) | CB23: 380000 | CD23: =SUM(CD26:CE36)
A24: Всего на лидогенерацию: | B24: =B23*0.7 | D24: =SUM(D26:E36) | F24: =F23*0.7 | H24: =SUM(H26:I36) | J24: =J23*0.7 | L24: =SUM(L26:M36) | N24: =SUM(P24:Y24) | P24: =SUM(P26:Q34) | R24: =SUM(R26:S34) | T24: =SUM(T26:U34) | V24: =SUM(V26:W34) | X24: =SUM(X26:Y34) | Z24: ='Бюджет'!B4 | AB24: =SUM(AB26:AC34) | AD24: =SUM(AD26:AE34) | AF24: =SUM(AF26:AG34) | AH24: =SUM(AH26:AI34) | AJ24: =SUM(AJ26:AK34) | AN24: =AN23*0.7 | AP24: =SUM(AR24:BA24) | BB24: =SUM(BB36,0,BB33,BB32,BB29,BB27,BB263,BB34,BB26) | BD24: =BD23*0.7 | BF24: =SUM(BF26:BG34) | BH24: =SUM(BH36,0,BH33,BH32,BH29,BH27,BH263,BH34,BH26) | BJ24: =SUM(BJ36,0,BJ33,BJ32,BJ29,BJ27,BJ263,BJ34,BJ26) | BL24: =SUM(BL36,0,BL33,BL32,BL29,BL27,BL263,BL34,BL26) | BN24: =SUM(BN36,0,BN33,BN32,BN29,BN27,BN263,BN34,BN26) | BP24: =BP23*0.7 | BR24: =SUM(BR26:BS34) | BT24: =SUM(BT36,0,BT33,BT32,BT29,BT27,BT263,BT34,BT26) | BV24: =SUM(BV36,0,BV33,BV32,BV29,BV27,BV263,BV34,BV26) | BX24: =SUM(BX36,0,BX33,BX32,BX29,BX27,BX263,BX34,BX26) | BZ24: =SUM(BZ36,0,BZ33,BZ32,BZ29,BZ27,BZ263,BZ34,BZ26) | CB24: =CB23*0.7 | CD24: =SUM(CD26:CE34)
A25: Всего на мероприятия+СМИ: | B25: =B23*0.3 | D25: =SUM(X25,AL25,AZ25,BN25,BZ25,CJ25) | F25: =F23*0.3 | J25: =J23*0.3 | N25: =N36 | P25: =P36 | R25: =R36 | T25: =T36 | V25: =V36 | X25: =X36 | Z25: ='Бюджет'!B5 | AB25: =AB35+AB36 | AD25: =AD35+AD36 | AF25: =AF35+AF36 | AH25: =AH35+AH36 | AJ25: =AJ35+AJ36 | AN25: =AN23*0.3 | AP25: =AP36 | BD25: =BD23*0.3 | BF25: =BF36 | BP25: =BP23*0.3 | BR25: =BR36 | CB25: =CB23*0.3 | CD25: =CD36
A26: Яндекс Директ | D26: =SUM(N26,AB26,AP26,BF26,BR26,CD26) | H26: =N26+AB26+AP26 | J26: =BD26+BP26+CB26 | L26: =BF26+BR26+CD26 | N26: =SUM(P26:Y26) | P26: 40342.2 | R26: 65705.17 | T26: 27558 | V26: 11500.42 | X26: 182.51 | AB26: =SUM(AD26:AK26) | AD26: ='Каналы продукт 1'!AF26+'Каналы продукт 2'!AF26+'Каналы продукт 3'!AF26 | AF26: ='Каналы продукт 1'!AH26+'Каналы продукт 2'!AH26+'Каналы продукт 3'!AH26 | AH26: ='Каналы продукт 1'!AJ26+'Каналы продукт 2'!AJ26+'Каналы продукт 3'!AJ26 | AJ26: ='Каналы продукт 1'!AL26+'Каналы продукт 2'!AL26+'Каналы продукт 3'!AL26 | AP26: =SUM(AR26:BC26) | AR26: ='Каналы продукт 1'!AT26+'Каналы продукт 2'!AT26+'Каналы продукт 3'!AT26 | AT26: ='Каналы продукт 1'!AV26+'Каналы продукт 2'!AV26+'Каналы продукт 3'!AV26 | AV26: ='Каналы продукт 1'!AX26+'Каналы продукт 2'!AX26+'Каналы продукт 3'!AX26 | AX26: ='Каналы продукт 1'!AZ26+'Каналы продукт 2'!AZ26+'Каналы продукт 3'!AZ26 | AZ26: ='Каналы продукт 1'!BB26+'Каналы продукт 2'!BB26+'Каналы продукт 3'!BB26
A27: VK ADS | D27: =SUM(N27,AB27,AP27,BF27,BR27,CD27) | H27: =N27+AB27+AP27 | J27: =BD27+BP27+CB27 | L27: =BF27+BR27+CD27 | N27: =SUM(P27:Y27) | V27: 0 | AB27: =SUM(AD27:AK27) | AD27: ='Каналы продукт 1'!AF27+'Каналы продукт 2'!AF27+'Каналы продукт 3'!AF27 | AF27: ='Каналы продукт 1'!AH27+'Каналы продукт 2'!AH27+'Каналы продукт 3'!AH27 | AH27: ='Каналы продукт 1'!AJ27+'Каналы продукт 2'!AJ27+'Каналы продукт 3'!AJ27 | AJ27: ='Каналы продукт 1'!AL27+'Каналы продукт 2'!AL27+'Каналы продукт 3'!AL27 | AP27: =SUM(AR27:BC27) | AR27: ='Каналы продукт 1'!AT27+'Каналы продукт 2'!AT27+'Каналы продукт 3'!AT27 | AT27: ='Каналы продукт 1'!AV27+'Каналы продукт 2'!AV27+'Каналы продукт 3'!AV27
A28: VK Adblogger | D28: =SUM(N28,AB28,AP28,BF28,BR28,CD28) | H28: =N28+AB28+AP28 | J28: =BD28+BP28+CB28 | L28: =BF28+BR28+CD28 | N28: =SUM(P28:Y28) | V28: 0 | AB28: =SUM(AD28:AK28) | AD28: ='Каналы продукт 1'!AF28+'Каналы продукт 2'!AF28+'Каналы продукт 3'!AF28 | AF28: ='Каналы продукт 1'!AH28+'Каналы продукт 2'!AH28+'Каналы продукт 3'!AH28 | AH28: ='Каналы продукт 1'!AJ28+'Каналы продукт 2'!AJ28+'Каналы продукт 3'!AJ28 | AJ28: ='Каналы продукт 1'!AL28+'Каналы продукт 2'!AL28+'Каналы продукт 3'!AL28 | AP28: =SUM(AR28:BC28) | AR28: ='Каналы продукт 1'!AT28+'Каналы продукт 2'!AT28+'Каналы продукт 3'!AT28 | AT28: ='Каналы продукт 1'!AV28+'Каналы продукт 2'!AV28+'Каналы продукт 3'!AV28
A29: TG ADS | D29: =SUM(N29,AB29,AP29,BF29,BR29,CD29) | H29: =N29+AB29+AP29 | J29: =BD29+BP29+CB29 | L29: =BF29+BR29+CD29 | N29: =SUM(P29:Y29) | V29: 0 | AB29: =SUM(AD29:AK29) | AD29: ='Каналы продукт 1'!AF29+'Каналы продукт 2'!AF29+'Каналы продукт 3'!AF29 | AF29: ='Каналы продукт 1'!AH29+'Каналы продукт 2'!AH29+'Каналы продукт 3'!AH29 | AH29: ='Каналы продукт 1'!AJ29+'Каналы продукт 2'!AJ29+'Каналы продукт 3'!AJ29 | AJ29: ='Каналы продукт 1'!AL29+'Каналы продукт 2'!AL29+'Каналы продукт 3'!AL29 | AP29: =SUM(AR29:BC29) | AR29: ='Каналы продукт 1'!AT29+'Каналы продукт 2'!AT29+'Каналы продукт 3'!AT29 | AT29: ='Каналы продукт 1'!AV29+'Каналы продукт 2'!AV29+'Каналы продукт 3'!AV29
A30: TG Посевы | D30: =SUM(N30,AB30,AP30,BF30,BR30,CD30) | H30: =N30+AB30+AP30 | J30: =BD30+BP30+CB30 | L30: =BF30+BR30+CD30 | N30: =SUM(P30:Y30) | V30: 0 | AB30: =SUM(AD30:AK30) | AD30: ='Каналы продукт 1'!AF30+'Каналы продукт 2'!AF30+'Каналы продукт 3'!AF30 | AF30: ='Каналы продукт 1'!AH30+'Каналы продукт 2'!AH30+'Каналы продукт 3'!AH30 | AH30: ='Каналы продукт 1'!AJ30+'Каналы продукт 2'!AJ30+'Каналы продукт 3'!AJ30 | AJ30: ='Каналы продукт 1'!AL30+'Каналы продукт 2'!AL30+'Каналы продукт 3'!AL30 | AP30: =SUM(AR30:BC30) | AR30: ='Каналы продукт 1'!AT30+'Каналы продукт 2'!AT30+'Каналы продукт 3'!AT30 | AT30: ='Каналы продукт 1'!AV30+'Каналы продукт 2'!AV30+'Каналы продукт 3'!AV30
A31: Теплые рассылки | D31: =SUM(N31,AB31,AP31,BF31,BR31,CD31) | H31: =N31+AB31+AP31 | J31: =BD31+BP31+CB31 | L31: =BF31+BR31+CD31 | N31: =SUM(P31:Y31) | V31: 0 | AB31: =SUM(AD31:AK31) | AD31: ='Каналы продукт 1'!AF31+'Каналы продукт 2'!AF31+'Каналы продукт 3'!AF31 | AF31: ='Каналы продукт 1'!AH31+'Каналы продукт 2'!AH31+'Каналы продукт 3'!AH31 | AH31: ='Каналы продукт 1'!AJ31+'Каналы продукт 2'!AJ31+'Каналы продукт 3'!AJ31 | AJ31: ='Каналы продукт 1'!AL31+'Каналы продукт 2'!AL31+'Каналы продукт 3'!AL31 | AP31: =SUM(AR31:BC31) | AR31: ='Каналы продукт 1'!AT31+'Каналы продукт 2'!AT31+'Каналы продукт 3'!AT31 | AT31: ='Каналы продукт 1'!AV31+'Каналы продукт 2'!AV31+'Каналы продукт 3'!AV31
A32: Холодные рассылки | D32: =SUM(N32,AB32,AP32,BF32,BR32,CD32) | H32: =N32+AB32+AP32 | J32: =BD32+BP32+CB32 | L32: =BF32+BR32+CD32 | N32: =SUM(P32:Y32) | V32: 0 | AB32: =SUM(AD32:AK32) | AD32: ='Каналы продукт 1'!AF32+'Каналы продукт 2'!AF32+'Каналы продукт 3'!AF32 | AF32: ='Каналы продукт 1'!AH32+'Каналы продукт 2'!AH32+'Каналы продукт 3'!AH32 | AH32: ='Каналы продукт 1'!AJ32+'Каналы продукт 2'!AJ32+'Каналы продукт 3'!AJ32 | AJ32: ='Каналы продукт 1'!AL32+'Каналы продукт 2'!AL32+'Каналы продукт 3'!AL32 | AP32: =SUM(AR32:BC32) | AR32: ='Каналы продукт 1'!AT32+'Каналы продукт 2'!AT32+'Каналы продукт 3'!AT32 | AT32: ='Каналы продукт 1'!AV32+'Каналы продукт 2'!AV32+'Каналы продукт 3'!AV32
A33: SEO | D33: =SUM(N33,AB33,AP33,BF33,BR33,CD33) | H33: =N33+AB33+AP33 | J33: =BD33+BP33+CB33 | L33: =BF33+BR33+CD33 | N33: =SUM(P33:Y33) | V33: 0 | AB33: =SUM(AD33:AK33) | AD33: ='Каналы продукт 1'!AF33+'Каналы продукт 2'!AF33+'Каналы продукт 3'!AF33 | AF33: ='Каналы продукт 1'!AH33+'Каналы продукт 2'!AH33+'Каналы продукт 3'!AH33 | AH33: ='Каналы продукт 1'!AJ33+'Каналы продукт 2'!AJ33+'Каналы продукт 3'!AJ33 | AJ33: ='Каналы продукт 1'!AL33+'Каналы продукт 2'!AL33+'Каналы продукт 3'!AL33 | AP33: =SUM(AR33:BC33) | AR33: ='Каналы продукт 1'!AT33+'Каналы продукт 2'!AT33+'Каналы продукт 3'!AT33 | AT33: ='Каналы продукт 1'!AV33+'Каналы продукт 2'!AV33+'Каналы продукт 3'!AV33
A34: Анонсы, баннеры на сайтах | D34: =SUM(N34,AB34,AP34,BF34,BR34,CD34) | H34: =N34+AB34+AP34 | J34: =BD34+BP34+CB34 | L34: =BF34+BR34+CD34 | N34: =SUM(P34:Y34) | V34: 0 | AB34: =SUM(AD34:AK34) | AD34: ='Каналы продукт 1'!AF34+'Каналы продукт 2'!AF34+'Каналы продукт 3'!AF34 | AF34: ='Каналы продукт 1'!AH34+'Каналы продукт 2'!AH34+'Каналы продукт 3'!AH34 | AH34: ='Каналы продукт 1'!AJ34+'Каналы продукт 2'!AJ34+'Каналы продукт 3'!AJ34 | AJ34: ='Каналы продукт 1'!AL34+'Каналы продукт 2'!AL34+'Каналы продукт 3'!AL34 | AP34: =SUM(AR34:BC34) | AR34: ='Каналы продукт 1'!AT34+'Каналы продукт 2'!AT34+'Каналы продукт 3'!AT34 | AT34: ='Каналы продукт 1'!AV34+'Каналы продукт 2'!AV34+'Каналы продукт 3'!AV34
A35: СМИ | N35: =SUM(P35:Y35) | AB35: =SUM(AD35:AK35) | AD35: ='Каналы продукт 1'!AF35+'Каналы продукт 2'!AF35+'Каналы продукт 3'!AF35 | AF35: ='Каналы продукт 1'!AH35+'Каналы продукт 2'!AH35+'Каналы продукт 3'!AH35 | AH35: ='Каналы продукт 1'!AJ35+'Каналы продукт 2'!AJ35+'Каналы продукт 3'!AJ35 | AJ35: ='Каналы продукт 1'!AL35+'Каналы продукт 2'!AL35+'Каналы продукт 3'!AL35 | AP35: =SUM(AR35:BC35) | AR35: ='Каналы продукт 1'!AT35+'Каналы продукт 2'!AT35+'Каналы продукт 3'!AT35 | AT35: ='Каналы продукт 1'!AV35+'Каналы продукт 2'!AV35+'Каналы продукт 3'!AV35
A36: Мероприятия | D36: =SUM(N36,AB36,AP36,BF36,BR36,CD36) | H36: =N36+AB36+AP36 | J36: =BD36+BP36+CB36 | L36: =BF36+BR36+CD36 | N36: =SUM(P36:Y36) | P36: 20000 | V36: 0 | AB36: =SUM(AD36:AK36) | AD36: ='Каналы продукт 1'!AF36+'Каналы продукт 2'!AF36+'Каналы продукт 3'!AF36 | AF36: ='Каналы продукт 1'!AH36+'Каналы продукт 2'!AH36+'Каналы продукт 3'!AH36 | AH36: ='Каналы продукт 1'!AJ36+'Каналы продукт 2'!AJ36+'Каналы продукт 3'!AJ36 | AJ36: ='Каналы продукт 1'!AL36+'Каналы продукт 2'!AL36+'Каналы продукт 3'!AL36 | AP36: =SUM(AR36:BC36) | AR36: ='Каналы продукт 1'!AT36+'Каналы продукт 2'!AT36+'Каналы продукт 3'!AT36 | AT36: ='Каналы продукт 1'!AV36+'Каналы продукт 2'!AV36+'Каналы продукт 3'!AV36
B37: Квота | D37: Факт | F37: Квота | H37: Факт | J37: Квота | L37: Факт | N37: Факт | P37: 30.06 - 06.07 | R37: 07.07 - 13.07 | T37: 14.07 - 20.07 | V37: 21.07 - 27.07 | X37: 28.07 - 03.08 | Z37: Квота | AB37: Факт | AD37: 01.08 - 04.08 | AF37: 05.08 - 11.08 | AH37: 12.08 - 18.08 | AJ37: 19.08 - 25.08 | AN37: Квота | AP37: Факт | AR37: 01-07.09 | AT37: 08.09 - 14.09 | AV37: 15.09 - 21.09 | AX37: 22.09 - 28.09 | AZ37: 29.09 - 05.10 | BB37: 45930 | BD37: Квота | BF37: Факт | BH37: 01.10 - 06.10 | BJ37: 07.10 - 13.10 | BL37: 14.10 - 20.10 | BN37: 21.10 - 27.10 | BP37: Квота | BR37: Факт | BT37: 01.11 - 03.11 | BV37: 04.11 - 10.11 | BX37: 11.11 - 17.11 | BZ37: 18.11 - 24.11 | CB37: Квота | CD37: Факт
A38: Всего на сервисные расходы: | B38: =SUM(B39:C48) | D38: =SUM(D39:E48) | F38: =0+Z38+AN38 | H38: =N38+AB38+AP38 | J38: =BD38+BP38+CB38 | L38: =BF38+BR38+CD38 | N38: =SUM(N39:O48) | P38: =SUM(P39:Q48) | R38: =SUM(R39:S48) | T38: =SUM(T39:U48) | V38: =SUM(V39:W48) | X38: =SUM(X39:Y48) | Z38: =('Продукт 2'!Z6+'Продукт 3'!Z6)*0.05 | AB38: =SUM(AB39:AC48) | AD38: =SUM(AD39:AE48) | AF38: =SUM(AF39:AG48) | AH38: =SUM(AH39:AI48) | AJ38: =SUM(AJ39:AK48) | AN38: =('Продукт 2'!Z7+'Продукт 3'!Z7)*0.05 | AP38: =SUM(AP39:AQ48) | AR38: =SUM(AR39:AS48) | AT38: =SUM(AT39:AU48) | AV38: =SUM(AV39:AW48) | AX38: =SUM(AX39:AY48) | AZ38: =SUM(AZ39:BA48) | BB38: =SUM(BB39:BC48) | BD38: =('Продукт 2'!Z8+'Продукт 3'!Z8)*0.05 | BF38: =SUM(BF39:BG48) | BH38: =SUM(BH39:BI48) | BJ38: =SUM(BJ39:BK48) | BL38: =SUM(BL39:BM48) | BN38: =SUM(BN39:BO48) | BP38: =SUM(BP39:BQ48) | BR38: =SUM(BR39:BS48) | BT38: =SUM(BT39:BU48) | BV38: =SUM(BV39:BW48) | BX38: =SUM(BX39:BY48) | BZ38: =SUM(BZ39:CA48) | CB38: =SUM(CB39:CC48) | CD38: =SUM(CD39:CE48)
A39: Топвизор | B39: =SUM(0,Z39,AN39,BD39,BP39,CB39) | D39: =SUM(N39,AB39,AP39,BF39,BR39,CD39) | F39: =0+Z39+AN39 | H39: =N39+AB39+AP39 | J39: =BD39+BP39+CB39 | L39: =BF39+BR39+CD39 | N39: =SUM(P39:Y39) | V39: 0 | Z39: 0 | AB39: 0 | AN39: 0 | AP39: 0 | BD39: 0 | BF39: 0 | BP39: 0 | BR39: 0 | CB39: 0 | CD39: 0
A40: Писец | B40: =SUM(0,Z40,AN40,BD40,BP40,CB40) | D40: =SUM(N40,AB40,AP40,BF40,BR40,CD40) | F40: =0+Z40+AN40 | H40: =N40+AB40+AP40 | J40: =BD40+BP40+CB40 | L40: =BF40+BR40+CD40 | N40: =SUM(P40:Y40) | V40: 0 | Z40: 0 | AB40: 0 | AN40: 0 | AP40: 0 | BD40: 0 | BF40: 0 | BP40: 0 | BR40: 0 | CB40: 0 | CD40: 0
A41: Calltouch | B41: =SUM(0,Z41,AN41,BD41,BP41,CB41) | D41: =SUM(N41,AB41,AP41,BF41,BR41,CD41) | F41: =0+Z41+AN41 | H41: =N41+AB41+AP41 | J41: =BD41+BP41+CB41 | L41: =BF41+BR41+CD41 | N41: =SUM(P41:Y41) | V41: 7500 | Z41: 0 | AB41: 0 | AN41: 0 | AP41: 0 | BD41: 0 | BF41: 0 | BP41: 0 | BR41: 0 | CB41: 0 | CD41: 0
A42: Контент-рассылка | B42: =SUM(0,Z42,AN42,BD42,BP42,CB42) | D42: =SUM(N42,AB42,AP42,BF42,BR42,CD42) | F42: =0+Z42+AN42 | H42: =N42+AB42+AP42 | J42: =BD42+BP42+CB42 | L42: =BF42+BR42+CD42 | N42: =SUM(P42:Y42) | V42: 0 | Z42: 0 | AB42: 0 | AN42: 0 | AP42: 0 | BD42: 0 | BF42: 0 | BP42: 0 | BR42: 0 | CB42: 0 | CD42: 0
A43: Sendsay | B43: =SUM(0,Z43,AN43,BD43,BP43,CB43) | D43: =SUM(N43,AB43,AP43,BF43,BR43,CD43) | F43: =0+Z43+AN43 | H43: =N43+AB43+AP43 | J43: =BD43+BP43+CB43 | L43: =BF43+BR43+CD43 | N43: =SUM(P43:Y43) | V43: 0 | Z43: 0 | AB43: 0 | AN43: 0 | AP43: 0 | BD43: 0 | BF43: 0 | BP43: 0 | BR43: 0 | CB43: 0 | CD43: 0
A44: Marquiz | B44: =SUM(0,Z44,AN44,BD44,BP44,CB44) | D44: =SUM(N44,AB44,AP44,BF44,BR44,CD44) | F44: =0+Z44+AN44 | H44: =N44+AB44+AP44 | J44: =BD44+BP44+CB44 | L44: =BF44+BR44+CD44 | N44: =SUM(P44:Y44) | V44: 0 | Z44: 0 | AB44: 0 | AN44: 0 | AP44: 0 | BD44: 0 | BF44: 0 | BP44: 0 | BR44: 0 | CB44: 0 | CD44: 0
A45: Telegram Premium | B45: =SUM(0,Z45,AN45,BD45,BP45,CB45) | D45: =SUM(N45,AB45,AP45,BF45,BR45,CD45) | F45: =0+Z45+AN45 | H45: =N45+AB45+AP45 | J45: =BD45+BP45+CB45 | L45: =BF45+BR45+CD45 | N45: =SUM(P45:Y45) | V45: 0 | Z45: 0 | AB45: 0 | AN45: 0 | AP45: 0 | BD45: 0 | BF45: 0 | BP45: 0 | BR45: 0 | CB45: 0 | CD45: 0
A46: Stripo | B46: =SUM(0,Z46,AN46,BD46,BP46,CB46) | D46: =SUM(N46,AB46,AP46,BF46,BR46,CD46) | N46: =SUM(P46:Y46) | V46: 0 | Z46: 0 | AB46: 0 | AN46: 0 | AP46: 0 | BD46: 0 | BF46: 0 | BP46: 0 | BR46: 0 | CB46: 0 | CD46: 0
A47: Tilda | B47: =SUM(0,Z47,AN47,BD47,BP47,CB47) | D47: =SUM(N47,AB47,AP47,BF47,BR47,CD47) | F47: =0+Z47+AN47 | H47: =N47+AB47+AP47 | J47: =BD47+BP47+CB47 | L47: =BF47+BR47+CD47 | N47: =SUM(P47:Y47) | V47: 12000 | Z47: 0 | AB47: 0 | AN47: 0 | AP47: 0 | BD47: 0 | BF47: 0 | BP47: 0 | BR47: 0 | CB47: 0 | CD47: 0
A48: Вебинар | B48: =SUM(0,Z48,AN48,BD48,BP48,CB48) | D48: =SUM(N48,AB48,AP48,BF48,BR48,CD48) | F48: =0+Z48+AN48 | H48: =N48+AB48+AP48 | J48: =BD48+BP48+CB48 | L48: =BF48+BR48+CD48 | N48: =SUM(P48:Y48) | V48: 0
B49: Квота | D49: Факт | F49: Квота | H49: Факт | J49: Квота | L49: Факт | N49: Факт | P49: 30.06 - 06.07 | R49: 07.07 - 13.07 | T49: 14.07 - 20.07 | V49: 21.07 - 27.07 | X49: 28.07 - 03.08 | Z49: Квота | AB49: Факт | AD49: 01.08 - 04.08 | AF49: 05.08 - 11.08 | AH49: 12.08 - 18.08 | AJ49: 19.08 - 25.08 | AN49: Квота | AP49: Факт | AR49: 01-07.09 | AT49: 08.09 - 14.09 | AV49: 15.09 - 21.09 | AX49: 22.09 - 28.09 | AZ49: 29.09 - 05.10 | BB49: 45930 | BD49: Квота | BF49: Факт | BH49: 01.10 - 06.10 | BJ49: 07.10 - 13.10 | BL49: 14.10 - 20.10 | BN49: 21.10 - 27.10 | BP49: Квота | BR49: Факт | BT49: 01.11 - 03.11 | BV49: 04.11 - 10.11 | BX49: 11.11 - 17.11 | BZ49: 18.11 - 24.11 | CB49: Квота | CD49: Факт
A50: Всего на ФОТ: | B50: =SUM(B51:C52) | D50: =D52+D51 | F50: =F52+F51 | H50: =H52+H51 | J50: =J52+J51 | L50: =L52+L51 | N50: =N52+N51 | P50: =P52+P51 | R50: =R52+R51 | T50: =T52+T51 | V50: =V52+V51 | X50: =X52+X51 | Z50: =Z52+Z51 | AB50: =AB52+AB51 | AD50: =AD52+AD51 | AF50: =AF52+AF51 | AH50: =AH52+AH51 | AJ50: =AJ52+AJ51 | AN50: =AN52+AN51 | AP50: =AP52+AP51 | AR50: =AR52+AR51 | AT50: =AT52+AT51 | AV50: =AV52+AV51 | AX50: =AX52+AX51 | AZ50: =AZ52+AZ51 | BB50: =BB52+BB51 | BD50: =BD52+BD51 | BF50: =BF52+BF51 | BH50: =BH52+BH51 | BJ50: =BJ52+BJ51 | BL50: =BL52+BL51 | BN50: =BN52+BN51 | BP50: =BP52+BP51 | BR50: =BR52+BR51 | BT50: =BT52+BT51 | BV50: =BV52+BV51 | BX50: =BX52+BX51 | BZ50: =BZ52+BZ51 | CB50: =CB52+CB51 | CD50: =CD52+CD51
A51: Фикс | B51: =SUM(0,Z51,AN51,BD51,BP51,CB51) | D51: =SUM(N51,AB51,AP51,BF51,BR51,CD51) | F51: =0+Z51+AN51 | J51: =BD51+BP51+CB51 | N51: 520000 | Z51: 520000 | AN51: 520000 | BD51: 520000 | BP51: 520000 | CB51: 520000
A52: KPI | B52: =SUM(0,Z52,AN52,BD52,BP52,CB52) | D52: =SUM(N52,AB52,AP52,BF52,BR52,CD52) | F52: =0+Z52+AN52 | H52: =N52+AB52+AP52 | J52: =BD52+BP52+CB52 | L52: =BF52+BR52+CD52 | N52: 0 | P52: 0 | R52: 0 | T52: 0 | V52: 0 | X52: 0 | Z52: 0 | AB52: 0 | AD52: 0 | AF52: 0 | AH52: 0 | AJ52: 0 | AN52: 0 | AP52: 0 | AR52: 0 | AT52: 0 | AV52: 0 | AX52: 0 | AZ52: 0 | BB52: 0 | BD52: 0 | BF52: 0 | BP52: 0 | BR52: 0 | CB52: 0 | CD52: 0
A54: Расходы на персонал: | B54: =SUM(B55:C55) | D54: =SUM(D55:E55) | F54: =0+Z54+AN54 | H54: =N54+AB54+AP54 | J54: =BD54+BP54+CB54 | L54: =BF54+BR54+CD54 | N54: =SUM(N55:O55) | P54: =SUM(P55:Q55) | R54: =SUM(R55:S55) | T54: =SUM(T55:U55) | V54: =SUM(V55:W55) | X54: =SUM(X55:Y55) | Z54: =SUM(Z55:AA55) | AB54: =SUM(AB55:AC55) | AD54: =SUM(AD55:AE55) | AF54: =SUM(AF55:AG55) | AH54: =SUM(AH55:AI55) | AJ54: =SUM(AJ55:AK55) | AN54: =SUM(AN55:AO55) | AP54: =SUM(AP55:AQ55) | AR54: =SUM(AR55:AS55) | AT54: =SUM(AT55:AU55) | AV54: =SUM(AV55:AW55) | AX54: =SUM(AX55:AY55) | AZ54: =SUM(AZ55:BA55) | BB54: =SUM(BB55:BC55) | BD54: =SUM(BD55:BE55) | BF54: =SUM(BF55:BG55) | BH54: =SUM(BH55:BI55) | BJ54: =SUM(BJ55:BK55) | BL54: =SUM(BL55:BM55) | BN54: =SUM(BN55:BO55) | BP54: =SUM(BP55:BQ55) | BR54: =SUM(BR55:BS55) | BT54: =SUM(BT55:BU55) | BV54: =SUM(BV55:BW55) | BX54: =SUM(BX55:BY55) | BZ54: =SUM(BZ55:CA55) | CB54: =SUM(CB55:CC55) | CD54: =SUM(CD55:CE55)
B56: Квота | D56: Факт | F56: Квота | H56: Факт | J56: Квота | L56: Факт | N56: Факт | P56: 30.06 - 06.07 | R56: 07.07 - 13.07 | T56: 14.07 - 20.07 | V56: 21.07 - 27.07 | X56: 28.07 - 03.08 | Z56: Квота | AB56: Факт | AD56: 01.08 - 04.08 | AF56: 05.08 - 11.08 | AH56: 12.08 - 18.08 | AJ56: 19.08 - 25.08 | AN56: Квота | AP56: Факт | AR56: 45901 | AT56: 02.09 - 08.09 | AV56: 09.09 - 15.09 | AX56: 16.09 - 22.09 | AZ56: 23.09 - 29.09 | BB56: 45930 | BD56: Квота | BF56: Факт | BH56: 01.10 - 06.10 | BJ56: 07.10 - 13.10 | BL56: 14.10 - 20.10 | BN56: 21.10 - 27.10 | BP56: Квота | BR56: Факт | BT56: 01.11 - 03.11 | BV56: 04.11 - 10.11 | BX56: 11.11 - 17.11 | BZ56: 18.11 - 24.11 | CB56: Квота | CD56: Факт
A57: Без ФОТа все расходы | B57: =B54+0+0+0+B38+B23 | D57: =D54+0+0+0+D38+D23 | F57: =F54+0+0+0+0+F38+F23 | H57: =H54+0+0+0+0+H38+H23 | J57: =J54+0+0+0+0+J38+J23 | L57: =L54+0+0+0+0+L38+L23 | N57: =N54+0+0+N38+N23 | Z57: =Z54+0+0+0+Z38+Z23 | AB57: =AB54+0+0+0+AB38+AB23 | AN57: =AN54+0+0+0+AN38+AN23 | AP57: =AP54+0+0+0+AP38+AP23 | BD57: =BD54+0+0+0+BD38+BD23 | BF57: =BF54+0+0+0+BF38+BF23 | BP57: =BP54+0+0+0+BP38+BP23 | BR57: =BR54+0+0+0+BR38+BR23 | CB57: =CB54+0+0+0+CB38+CB23 | CD57: =CD54+0+0+0+CD38+CD23
A58: ВСЕГО расходов из фонда Маркетинга: | B58: =B54+B50+0+0+0+B38+B23 | D58: =D54+0+0+0+D38+D23+D50 | F58: =F54+0+0+0+0+F38+F23+F50 | H58: =H54+0+0+0+0+H38+H23+H50 | J58: =J54+0+0+0+0+J38+J23+J50 | L58: =L54+0+0+0+0+L38+L23+L50 | N58: =N54+0+0+N38+N23+N50 | Z58: =Z54+0+0+0+Z38+Z23+Z50 | AB58: =AB54+0+0+0+AB38+AB23+AB50 | AN58: =AN54+0+0+0+AN38+AN23+AN50 | AP58: =AP54+0+0+0+AP38+AP23+AP50 | BD58: =BD54+0+0+0+BD38+BD23+BD50 | BF58: =BF54+0+0+0+BF38+BF23+BF50 | BP58: =BP54+0+0+0+BP38+BP23+BP50 | BR58: =BR54+0+0+0+BR38+BR23+BR50 | CB58: =CB54+0+0+0+CB38+CB23+CB50 | CD58: =CD54+0+0+0+CD38+CD23+CD50
B60: 2026 | F60: 3Q2025 | J60: 4Q2025 | Z60: Август | AN60: Сентябрь | BD60: Октябрь | BP60: Ноябрь | CB60: Декабрь
A61: CPL (paid) | B61: Квота | D61: Факт | F61: Квота | H61: Факт | J61: Квота | L61: Факт | N61: Факт | P61: 30.06 - 06.07 | R61: 07.07 - 13.07 | T61: 14.07 - 20.07 | V61: 21.07 - 27.07 | X61: 28.07 - 03.08 | Z61: Квота | AB61: Факт | AD61: 01.08 - 04.08 | AF61: 05.08 - 11.08 | AH61: 12.08 - 18.08 | AJ61: 19.08 - 25.08 | AN61: Квота | AP61: Факт | AR61: 01-07.09 | AT61: 08.09 - 14.09 | AV61: 15.09 - 21.09 | AX61: 22.09 - 28.09 | AZ61: 29.09 - 05.10 | BB61: 45930 | BD61: Квота | BF61: Факт | BH61: 01.10 - 06.10 | BJ61: 07.10 - 13.10 | BL61: 14.10 - 20.10 | BN61: 21.10 - 27.10 | BP61: Квота | BR61: Факт | BT61: 01.11 - 03.11 | BV61: 04.11 - 10.11 | BX61: 11.11 - 17.11 | BZ61: 18.11 - 24.11 | CB61: Квота | CD61: Факт | CF61: 02.12 - 08.12 | CH61: 09.12 - 15.12 | CJ61: 16.12 - 22.12 | CL61: 23.12 - 29.12 | CN61: 30.12 - 31.12
A62: Cost per | B62: MQL | C62: SQL | D62: MQL | E62: SQL | F62: MQL | G62: SQL | H62: MQL | I62: SQL | J62: MQL | K62: SQL | L62: MQL | M62: SQL | N62: MQL | O62: SQL | P62: MQL | Q62: SQL | R62: MQL | S62: SQL | T62: MQL | U62: SQL | V62: MQL | W62: SQL | X62: MQL | Y62: SQL | Z62: MQL | AA62: SQL | AB62: MQL | AC62: SQL | AD62: MQL | AE62: SQL | AF62: MQL | AG62: SQL | AH62: MQL | AI62: SQL | AJ62: MQL | AK62: SQL | AN62: MQL | AO62: SQL | AP62: MQL | AQ62: SQL | AR62: MQL | AS62: SQL | AT62: MQL | AU62: SQL | AV62: MQL | AW62: SQL | AX62: MQL | AY62: SQL | AZ62: MQL | BA62: SQL | BB62: MQL | BC62: SQL | BD62: MQL | BE62: SQL | BF62: MQL | BG62: SQL | BH62: MQL | BI62: SQL | BJ62: MQL | BK62: SQL | BL62: MQL | BM62: SQL | BN62: MQL | BO62: SQL | BP62: MQL | BQ62: SQL | BR62: MQL | BS62: SQL | BT62: MQL | BU62: SQL | BV62: MQL | BW62: SQL | BX62: MQL | BY62: SQL | BZ62: MQL | CA62: SQL | CB62: MQL | CC62: SQL | CD62: MQL | CE62: SQL | CF62: MQL | CG62: SQL | CH62: MQL | CI62: SQL | CJ62: MQL | CK62: SQL | CL62: MQL | CM62: SQL | CN62: MQL | CO62: SQL
A63: Всего | B63: =IFERROR(B58/B5,0) | C63: =IFERROR(B58/C5,0) | D63: =IFERROR(D58/D5,0) | E63: =IFERROR(D58/E5,0) | F63: =IFERROR(F58/F5,0) | G63: =IFERROR(F58/G5,0) | H63: =IFERROR(H58/H5,0) | I63: =IFERROR(H58/I5,0) | J63: =IFERROR(J58/J5,0) | K63: =IFERROR(J58/K5,0) | L63: =IFERROR(L58/L5,0) | M63: =IFERROR(L58/M5,0) | N63: =IFERROR(N58/N5,0) | O63: =IFERROR(N58/O5,0) | V63: =IFERROR(V24/V5,0) | W63: =IFERROR(V24/W5,0) | Z63: =IFERROR(Z58/Z5,0) | AA63: =IFERROR(Z58/AA5,0) | AB63: =IFERROR(AB58/AB5,0) | AC63: =IFERROR(AB58/AC5,0) | AN63: =IFERROR(AN58/AN5,0) | AO63: =IFERROR(AN58/AO5,0) | AP63: =IFERROR(AP58/AP5,0) | AQ63: =IFERROR(AP58/AQ5,0) | AT63: =IFERROR(AT26/AT5,0) | AU63: =IFERROR(AT26/AU5,0) | AV63: =IFERROR(AV26/AV5,0) | AW63: =IFERROR(AV26/AW5,0) | BD63: =IFERROR(BD58/BD5,0) | BE63: =IFERROR(BD58/BE5,0) | BF63: =IFERROR(BF58/BF5,0) | BG63: =IFERROR(BF58/BG5,0) | BP63: =IFERROR(BP58/BP5,0) | BQ63: =IFERROR(BP58/BQ5,0) | BR63: =IFERROR(BR58/BR5,0) | BS63: =IFERROR(BR58/BS5,0) | CB63: =IFERROR(CB58/CB5,0) | CC63: =IFERROR(CB58/CC5,0) | CD63: =IFERROR(CD58/CD5,0) | CE63: =IFERROR(CD58/CE5,0)
A64: Без ФОТа | B64: =IFERROR(B57/B5,0) | C64: =IFERROR(B23/C5,0) | D64: =0 | E64: =IFERROR(D57/E5,0) | F64: =0 | G64: =IFERROR(F57/G5,0) | H64: =IFERROR(H57/H5,0) | I64: =IFERROR(H57/I5,0) | J64: =0 | K64: =IFERROR(J57/K5,0) | L64: =IFERROR(L57/L5,0) | M64: =IFERROR(L57/M5,0) | N64: =IFERROR(N57/N5,0) | O64: =IFERROR(N57/O5,0) | Z64: =0 | AA64: =IFERROR(Z57/AA5,0) | AB64: =IFERROR(AB57/AB5,0) | AC64: =IFERROR(AB57/AC5,0) | AN64: =0 | AO64: =IFERROR(AN57/AO5,0) | AP64: =0 | AQ64: =IFERROR(AP57/AQ5,0) | BD64: =0 | BE64: =IFERROR(BD57/BE5,0) | BF64: =0 | BG64: =IFERROR(BF57/BG5,0) | BP64: =0 | BQ64: =IFERROR(BP57/BQ5,0) | BR64: =0 | BS64: =IFERROR(BR57/BS5,0) | CB64: =0 | CC64: =IFERROR(CB57/CC5,0) | CD64: =0 | CE64: =IFERROR(CD57/CE5,0)
A65: CPL платное продвижение | B65: =IFERROR(B23/B5,0) | D65: =IFERROR(D23/D5,0) | E65: =IFERROR(D23/E5,0) | F65: =0 | G65: =0 | H65: =0 | I65: =0 | J65: =0 | K65: =0 | L65: =0 | M65: =0 | N65: =IFERROR(N23/N5,0) | O65: =IFERROR(N23/O5,0) | Z65: =0 | AA65: =0 | AB65: =IFERROR(AB23/AB5,0) | AC65: =IFERROR(AB23/AC5,0) | AN65: =0 | AO65: =0 | AP65: =0 | AQ65: =0 | BD65: =0 | BE65: =0 | BF65: =0 | BG65: =0 | BP65: =0 | BQ65: =0 | BR65: =0 | BS65: =0 | CB65: =0 | CC65: =0 | CD65: =0 | CE65: =0
A66: SEO | B66: =IFERROR(B33/B7,0) | C66: =IFERROR(B33/C7,0) | D66: =IFERROR(D33/D7,0) | E66: =IFERROR(D33/E7,0) | F66: =IFERROR(F33/F7,0) | G66: =IFERROR(F33/G7,0) | H66: =IFERROR(H33/H7,0) | I66: =IFERROR(H33/I7,0) | J66: =IFERROR(J33/J7,0) | K66: =IFERROR(J33/K7,0) | L66: =IFERROR(L33/L7,0) | M66: =IFERROR(L33/M7,0) | AC66: =0 | AN66: =0 | AQ66: =0 | BD66: =0 | BG66: #DIV/0! | BP66: =0 | BS66: =0 | CB66: =0
A67: Яндекс.Директ | B67: =IFERROR(B26/B8,0) | C67: =IFERROR(B26/C8,0) | D67: =IFERROR(D26/D8,0) | E67: =IFERROR(D26/E8,0) | F67: =IFERROR(F26/F8,0) | G67: =IFERROR(F26/G8,0) | H67: =IFERROR(H26/H8,0) | I67: =IFERROR(H26/I8,0) | J67: =IFERROR(J26/J8,0) | K67: =IFERROR(J26/K8,0) | L67: =IFERROR(L26/L8,0) | M67: =IFERROR(L26/M8,0) | AC67: 0 | AN67: =0 | AQ67: 0 | BD67: =0 | BG67: 0 | BP67: =0 | BS67: 0 | CB67: =0
A68: VK ADS | B68: =0 | C68: =0 | D68: =0 | E68: =0 | F68: =0 | G68: =0 | H68: =0 | I68: =0 | ... M68: =0 | AC68: 0 | AN68: =IFERROR(AN34/AN12,0) | AQ68: =0 | BD68: =IFERROR(BD34/BD12,0) | BG68: =IFERROR(BF34/BG16,0) | BP68: =IFERROR(BP34/BP12,0) | BS68: =IFERROR(BR34/BS16,0) | CB68: =IFERROR(CB34/CB12,0)
A69: Рассылки по холодной базе | B69: =0 | C69: =0 | D69: =0 | E69: =0 | F69: =0 | G69: =0 | H69: =0 | I69: =0 | ... M69: =0 | AC69: 0 | AN69: =0 | AQ69: 0 | BD69: =0 | BG69: 0 | BP69: =0 | BS69: 0 | CB69: =0

Sheet Каналы продукт 1
B2: 2026 | F2: 3Q2025 | J2: 4Q2025 | N2: Июль | AB2: Август | AP2: Сентябрь | BF2: Октябрь | BR2: Ноябрь | CD2: Декабрь
B3: Квота | D3: Факт | F3: Квота | H3: Факт | J3: Квота | L3: Факт | N3: Квота | P3: Факт | R3: 30.06 - 06.07 | T3: 07.07 - 13.07 | V3: 14.07 - 20.07 | X3: 21.07 - 27.07 | Z3: 28.07 - 03.08 | AB3: Квота | AD3: Факт | AF3: 04.08 - 10.08 | AH3: 11.08 - 17.08 | AJ3: 18.08 - 24.08 | AL3: 25.08 - 31.08 | AN3: 26.08 - 31.08 | AP3: Квота | AR3: Факт | AT3: 01-07.09 | AV3: 08.09 - 14.09 | AX3: 15.09 - 21.09 | AZ3: 22.09 - 28.09 | BB3: 29.09 - 05.10 | BD3: 45930 | BF3: Квота | BH3: Факт | BJ3: 06.10 - 12.10 | BL3: 13.10 - 19.10 | BN3: 20.10 - 26.10 | BP3: 27.10 - 02.11 | BR3: Квота | BT3: Факт | BV3: 03.11 - 09.11 | BX3: 10.11 - 16.11 | BZ3: 17.11 - 23.11 | CB3: 24.11 - 30.11 | CD3: Квота | CF3: Факт | CH3: 01.12 - 07.12 | CJ3: 08.12 - 14.12 | CL3: 15.12 - 21.12 | CN3: 22.12 - 28.12 | CP3: 29.12 - 30.12
B4: MQL | C4: SQL | D4: MQL | E4: SQL | F4: MQL | G4: SQL | H4: MQL | I4: SQL | J4: MQL | K4: SQL | L4: MQL | M4: SQL | N4: MQL | O4: SQL | P4: MQL | Q4: SQL | R4: MQL | S4: SQL | T4: MQL | U4: SQL | V4: MQL | W4: SQL | X4: MQL | Y4: SQL | Z4: MQL | AA4: SQL | AB4: MQL | AC4: SQL | AD4: MQL | AE4: SQL | AF4: MQL | AG4: SQL | AH4: MQL | AI4: SQL | AJ4: MQL | AK4: SQL | AL4: MQL | AM4: SQL | AN4: MQL | AO4: SQL | AP4: MQL | AQ4: SQL | AR4: MQL | AS4: SQL | AT4: MQL | AU4: SQL | AV4: MQL | AW4: SQL | AX4: MQL | AY4: SQL | AZ4: MQL | BA4: SQL | BB4: MQL | BC4: SQL | BD4: MQL | BE4: SQL | BF4: MQL | BG4: SQL | BH4: MQL | BI4: SQL | BJ4: MQL | BK4: SQL | BL4: MQL | BM4: SQL | BN4: MQL | BO4: SQL | BP4: MQL | BQ4: SQL | BR4: MQL | BS4: SQL | BT4: MQL | BU4: SQL | BV4: MQL | BW4: SQL | BX4: MQL | BY4: SQL | BZ4: MQL | CA4: SQL | CB4: MQL | CC4: SQL | CD4: MQL | CE4: SQL | CF4: MQL | CG4: SQL | CH4: MQL | CI4: SQL | CJ4: MQL | CK4: SQL | CL4: MQL | CM4: SQL | CN4: MQL | CO4: SQL | CP4: MQL | CQ4: SQL
A5: Лиды | B5: ='Продукт 3'!B11 | C5: ='Продукт 3'!D11 | D5: =SUM(P5,AD5,AR5,BH5,BT5,CF5) | E5: =SUM(Q5,AE5,AS5,BI5,BU5,CG5) | F5: ='Продукт 2'!B6+'Продукт 2'!B7+'Продукт 2'!B8+'Продукт 3'!B6+'Продукт 3'!B7+'Продукт 3'!B8 | G5: ='Продукт 2'!D6+'Продукт 2'!D7+'Продукт 2'!D8 | H5: =AD5+AR5+BH5 | I5: =AE5+AS5+BI5 | J5: ='Продукт 2'!B8+'Продукт 2'!B9+'Продукт 2'!B10+'Продукт 3'!B8+'Продукт 3'!B9+'Продукт 3'!B10 | K5: ='Продукт 2'!D8+'Продукт 2'!D9+'Продукт 2'!D10+'Продукт 3'!D8+'Продукт 3'!D9+'Продукт 3'!D10 | L5: =BH5+BT5+CF5 | M5: =BI5+BU5+CG5 | N5: =SUM(N7:N20) | O5: =SUM(O7:O20) | P5: =SUM(P7:P20) | Q5: =SUM(Q7:Q20) | R5: =SUM(R7:R20) | S5: =SUM(S7:S20) | T5: =SUM(T7:T20) | U5: =SUM(U7:U20) | ... AA5: =SUM(AA7:AA20) | AB5: ='Продукт 3'!B6 | AC5: ='Продукт 3'!D6 | AD5: =SUM(AD7:AD20) | AE5: =SUM(AE7:AE20) | AF5: =SUM(AF7:AF20) | AG5: =SUM(AG7:AG20) | AH5: =SUM(AH7:AH20) | AI5: =SUM(AI7:AI20) | AJ5: =SUM(AJ7:AJ20) | AK5: =SUM(AK7:AK20) | ... AO5: =SUM(AO7:AO20) | AP5: ='Продукт 2'!B7+'Продукт 3'!B7 | AQ5: ='Продукт 3'!D7 | AR5: =SUM(AR7:AR20) | AS5: =SUM(AS7:AS20) | AT5: =SUM(AT7:AT20) | AU5: =SUM(AU7:AU20) | AV5: =SUM(AV7:AV20) | AW5: =SUM(AW7:AW20) | AX5: =SUM(AX7:AX20) | AY5: =SUM(AY7:AY20) | ... BE5: =SUM(BE7:BE20) | BF5: ='Продукт 2'!B8+'Продукт 3'!B8 | BG5: ='Продукт 2'!D8+'Продукт 3'!D8 | BH5: =SUM(BH7:BH20) | BI5: =SUM(BI7:BI20) | BJ5: =SUM(BJ7:BJ20) | BK5: =SUM(BK7:BK20) | BL5: =SUM(BL7:BL20) | BM5: =SUM(BM7:BM20) | BN5: =SUM(BN7:BN20) | BO5: =SUM(BO7:BO20) | ... BQ5: =SUM(BQ7:BQ20) | BR5: ='Продукт 2'!B9+'Продукт 3'!B9 | BS5: ='Продукт 2'!D9+'Продукт 3'!D9 | BT5: =SUM(BT7:BT20) | BU5: =SUM(BU7:BU20) | BV5: =SUM(BV7:BV20) | BW5: =SUM(BW7:BW20) | BX5: =SUM(BX7:BX20) | BY5: =SUM(BY7:BY20) | BZ5: =SUM(BZ7:BZ20) | CA5: =SUM(CA7:CA20) | ... CC5: =SUM(CC7:CC20) | CD5: ='Продукт 2'!B10+'Продукт 3'!B10 | CE5: ='Продукт 2'!D10+'Продукт 3'!D10 | CF5: =SUM(CF7:CF20) | CG5: =SUM(CG7:CG20) | CH5: =SUM(CH7:CH20) | CI5: =SUM(CI7:CI20) | CJ5: =SUM(CJ7:CJ20) | CK5: =SUM(CK7:CK20) | CL5: =SUM(CL7:CL20) | CM5: =SUM(CM7:CM20) | ... CQ5: =SUM(CQ7:CQ20)
A6: MQL->SQL | B6: 0.4 | D6: =IFERROR(E5/D5,0) | F6: =IFERROR(G5/F5,0) | H6: =IFERROR(I5/H5,0) | J6: =IFERROR(K5/J5,0) | L6: =IFERROR(M5/L5,0) | N6: 0.4 | P6: =IFERROR(Q5/P5,0) | R6: =IFERROR(S5/R5,0) | T6: =IFERROR(U5/T5,0) | V6: =IFERROR(W5/V5,0) | X6: =IFERROR(Y5/X5,0) | Z6: =IFERROR(AA5/Z5,0) | AB6: =IFERROR(AC5/AB5,0) | AD6: =IFERROR(AE5/AD5,0) | AF6: =IFERROR(AG5/AF5,0) | AH6: =IFERROR(AI5/AH5,0) | AJ6: =IFERROR(AK5/AJ5,0) | AL6: =IFERROR(AM5/AL5,0) | AN6: =IFERROR(AO5/AN5,0) | AP6: =IFERROR(AQ5/AP5,0) | AR6: =IFERROR(AS5/AR5,0) | AT6: =IFERROR(AU5/AT5,0) | AV6: =IFERROR(AW5/AV5,0) | AX6: =IFERROR(AY5/AX5,0) | AZ6: =IFERROR(BA5/AZ5,0) | BB6: =IFERROR(BC5/BB5,0) | BD6: =IFERROR(BE5/BD5,0) | BF6: =IFERROR(BG5/BF5,0) | BH6: =IFERROR(BI5/BH5,0) | BJ6: =IFERROR(BK5/BJ5,0) | BL6: =IFERROR(BM5/BL5,0) | BN6: =IFERROR(BO5/BN5,0) | BP6: =IFERROR(BQ5/BP5,0) | BR6: =IFERROR(BS5/BR5,0) | BT6: =IFERROR(BU5/BT5,0) | BV6: =IFERROR(BW5/BV5,0) | BX6: =IFERROR(BY5/BX5,0) | BZ6: =IFERROR(CA5/BZ5,0) | CB6: =IFERROR(CC5/CB5,0) | CD6: =IFERROR(CE5/CD5,0) | CF6: =IFERROR(CG5/CF5,0) | CH6: =IFERROR(CI5/CH5,0) | CJ6: =IFERROR(CK5/CJ5,0) | CL6: =IFERROR(CM5/CL5,0) | CN6: =IFERROR(CO5/CN5,0) | CP6: =IFERROR(CQ5/CP5,0)
A7: SEO | D7: =SUM(P7,AD7,AR7,BH7,BT7,CF7) | E7: =SUM(Q7,AE7,AS7,BI7,BU7,CG7) | H7: =P7+AD7+AR7 | I7: =Q7+AE7+AS7 | L7: =BH7+BT7+CF7 | M7: =BI7+BU7+CG7 | P7: =R7+T7+V7+X7+Z7 | Q7: =S7+U7+W7+AA7 | AD7: =AF7+AH7+AJ7+AL7+AN7 | AE7: =AG7+AI7+AK7+AO7 | AF7: 0 | AG7: 0 | AH7: 0 | AI7: 0 | AJ7: 0 | AK7: 0 | AL7: 0 | AM7: 0 | AR7: =AT7+AV7+AX7+AZ7+BB7 | AS7: =AU7+AW7+BA7+BC7 | AT7: 1 | AU7: 1 | AV7: 0 | AW7: 0 | AX7: 0 | AY7: 0
A8: Яндекс.Директ | D8: =SUM(P8,AD8,AR8,BH8,BT8,CF8) | E8: =SUM(Q8,AE8,AS8,BI8,BU8,CG8) | H8: =P8+AD8+AR8 | I8: =Q8+AE8+AS8 | L8: =BH8+BT8+CF8 | M8: =BI8+BU8+CG8 | P8: =R8+T8+V8+X8+Z8 | Q8: =S8+U8+W8+AA8 | AD8: =AF8+AH8+AJ8+AL8+AN8 | AE8: =AG8+AI8+AK8+AO8 | AF8: 0 | AG8: 0 | AH8: 0 | AI8: 0 | AJ8: 1 | AK8: 1 | AL8: 0 | AM8: 0 | AR8: =AT8+AV8+AX8+AZ8+BB8 | AS8: =AU8+AW8+BA8+BC8 | AT8: 1 | AU8: 1 | AV8: 1 | AW8: 0 | AX8: 0 | AY8: 0
A9: Реферал | D9: =SUM(P9,AD9,AR9,BH9,BT9,CF9) | E9: =SUM(Q9,AE9,AS9,BI9,BU9,CG9) | H9: =P9+AD9+AR9 | I9: =Q9+AE9+AS9 | L9: =BH9+BT9+CF9 | M9: =BI9+BU9+CG9 | P9: =R9+T9+V9+X9+Z9 | Q9: =S9+U9+W9+AA9 | AD9: =AF9+AH9+AJ9+AL9+AN9 | AE9: =AG9+AI9+AK9+AO9 | AF9: 0 | AG9: 0 | AH9: 0 | AI9: 0 | AJ9: 0 | AK9: 0 | AL9: 0 | AM9: 0 | AR9: =AT9+AV9+AX9+AZ9+BB9 | AS9: =AU9+AW9+BA9+BC9 | AT9: 0 | AU9: 0 | AV9: 0 | AW9: 0 | AX9: 0 | AY9: 0
A10: Внешние площадки | D10: =SUM(P10,AD10,AR10,BH10,BT10,CF10) | E10: =SUM(Q10,AE10,AS10,BI10,BU10,CG10) | H10: =P10+AD10+AR10 | I10: =Q10+AE10+AS10 | L10: =BH10+BT10+CF10 | M10: =BI10+BU10+CG10 | P10: =R10+T10+V10+X10+Z10 | Q10: =S10+U10+W10+AA10 | AD10: =AF10+AH10+AJ10+AL10+AN10 | AE10: =AG10+AI10+AK10+AO10 | AF10: 0 | AG10: 0 | AH10: 0 | AI10: 0 | AJ10: 0 | AK10: 0 | AL10: 0 | AM10: 0 | AR10: =AT10+AV10+AX10+AZ10+BB10 | AS10: =AU10+AW10+BA10+BC10 | AT10: 0 | AU10: 0 | AV10: 0 | AW10: 0 | AX10: 0 | AY10: 0
A11: Соцсети | D11: =SUM(P11,AD11,AR11,BH11,BT11,CF11) | E11: =SUM(Q11,AE11,AS11,BI11,BU11,CG11) | H11: =P11+AD11+AR11 | I11: =Q11+AE11+AS11 | L11: =BH11+BT11+CF11 | M11: =BI11+BU11+CG11 | P11: =R11+T11+V11+X11+Z11 | Q11: =S11+U11+W11+AA11 | AD11: =AF11+AH11+AJ11+AL11+AN11 | AE11: =AG11+AI11+AK11+AO11 | AF11: 0 | AG11: 0 | AH11: 1 | AI11: 1 | AJ11: 0 | AK11: 0 | AL11: 1 | AM11: 1 | AR11: =AT11+AV11+AX11+AZ11+BB11 | AS11: =AU11+AW11+BA11+BC11 | AT11: 0 | AU11: 0 | AV11: 3 | AW11: 3 | AX11: 3 | AY11: 3
A12: Прямые визиты | D12: =SUM(P12,AD12,AR12,BH12,BT12,CF12) | E12: =SUM(Q12,AE12,AS12,BI12,BU12,CG12) | H12: =P12+AD12+AR12 | I12: =Q12+AE12+AS12 | L12: =BH12+BT12+CF12 | M12: =BI12+BU12+CG12 | P12: =R12+T12+V12+X12+Z12 | Q12: =S12+U12+W12+AA12 | AD12: =AF12+AH12+AJ12+AL12+AN12 | AE12: =AG12+AI12+AK12+AO12 | AF12: 0 | AG12: 0 | AH12: 0 | AI12: 0 | AJ12: 0 | AK12: 0 | AL12: 0 | AM12: 0 | AR12: =AT12+AV12+AX12+AZ12+BB12 | AS12: =AU12+AW12+BA12+BC12 | AT12: 0 | AU12: 0 | AV12: 0 | AW12: 0 | AX12: 0 | AY12: 0
A13: VK Реклама | D13: =SUM(P13,AD13,AR13,BH13,BT13,CF13) | E13: =SUM(Q13,AE13,AS13,BI13,BU13,CG13) | H13: =P13+AD13+AR13 | I13: =Q13+AE13+AS13 | L13: =BH13+BT13+CF13 | M13: =BI13+BU13+CG13 | P13: =R13+T13+V13+X13+Z13 | Q13: =S13+U13+W13+AA13 | AD13: =AF13+AH13+AJ13+AL13+AN13 | AE13: =AG13+AI13+AK13+AO13 | AF13: 0 | AG13: 0 | AH13: 0 | AI13: 0 | AJ13: 0 | AK13: 0 | AL13: 0 | AM13: 0 | AR13: =AT13+AV13+AX13+AZ13+BB13 | AS13: =AU13+AW13+BA13+BC13 | AT13: 0 | AU13: 0 | AV13: 0 | AW13: 0 | AX13: 0 | AY13: 0
A14: Вебинары/Мероприятия | D14: =SUM(P14,AD14,AR14,BH14,BT14,CF14) | E14: =SUM(Q14,AE14,AS14,BI14,BU14,CG14) | H14: =P14+AD14+AR14 | I14: =Q14+AE14+AS14 | L14: =BH14+BT14+CF14 | M14: =BI14+BU14+CG14 | P14: =R14+T14+V14+X14+Z14 | Q14: =S14+U14+W14+AA14 | AD14: =AF14+AH14+AJ14+AL14+AN14 | AE14: =AG14+AI14+AK14+AO14 | AF14: 0 | AG14: 0 | AH14: 0 | AI14: 0 | AJ14: 0 | AK14: 0 | AL14: 0 | AM14: 0 | AR14: =AT14+AV14+AX14+AZ14+BB14 | AS14: =AU14+AW14+BA14+BC14 | AT14: 0 | AU14: 0 | AV14: 0 | AW14: 0 | AX14: 0 | AY14: 0
A15: Рассылки по нашей базе | D15: =SUM(P15,AD15,AR15,BH15,BT15,CF15) | E15: =SUM(Q15,AE15,AS15,BI15,BU15,CG15) | H15: =P15+AD15+AR15 | I15: =Q15+AE15+AS15 | L15: =BH15+BT15+CF15 | M15: =BI15+BU15+CG15 | P15: =R15+T15+V15+X15+Z15 | Q15: =S15+U15+W15+AA15 | AD15: =AF15+AH15+AJ15+AL15+AN15 | AE15: =AG15+AI15+AK15+AO15 | AF15: 0 | AG15: 0 | AH15: 0 | AI15: 0 | AJ15: 0 | AK15: 0 | AL15: 0 | AM15: 0 | AR15: =AT15+AV15+AX15+AZ15+BB15 | AS15: =AU15+AW15+BA15+BC15 | AT15: 5 | AU15: 5 | AV15: 3 | AW15: 3 | AX15: 1 | AY15: 0
A16: Рассылки по холодной базе | D16: =SUM(P16,AD16,AR16,BH16,BT16,CF16) | E16: =SUM(Q16,AE16,AS16,BI16,BU16,CG16) | H16: =P16+AD16+AR16 | I16: =Q16+AE16+AS16 | L16: =BH16+BT16+CF16 | M16: =BI16+BU16+CG16 | P16: =R16+T16+V16+X16+Z16 | Q16: =S16+U16+W16+AA16 | AD16: =AF16+AH16+AJ16+AL16+AN16 | AE16: =AG16+AI16+AK16+AO16 | AF16: 0 | AG16: 0 | AH16: 0 | AI16: 0 | AJ16: 0 | AK16: 0 | AL16: 0 | AM16: 0 | AR16: =AT16+AV16+AX16+AZ16+BB16 | AS16: =AU16+AW16+BA16+BC16 | AT16: 0 | AU16: 0 | AV16: 0 | AW16: 0 | AX16: 0 | AY16: 0
A17: Входящий звонок | D17: =SUM(P17,AD17,AR17,BH17,BT17,CF17) | E17: =SUM(Q17,AE17,AS17,BI17,BU17,CG17) | H17: =P17+AD17+AR17 | I17: =Q17+AE17+AS17 | L17: =BH17+BT17+CF17 | M17: =BI17+BU17+CG17 | P17: =R17+T17+V17+X17+Z17 | Q17: =S17+U17+W17+AA17 | AD17: =AF17+AH17+AJ17+AL17+AN17 | AE17: =AG17+AI17+AK17+AO17 | AF17: 0 | AG17: 0 | AH17: 0 | AI17: 0 | AJ17: 0 | AK17: 0 | AL17: 0 | AM17: 0 | AR17: =AT17+AV17+AX17+AZ17+BB17 | AS17: =AU17+AW17+BA17+BC17 | AT17: 0 | AU17: 0 | AV17: 0 | AW17: 0 | AX17: 0 | AY17: 0
A18: Входящая почта sales | D18: =SUM(P18,AD18,AR18,BH18,BT18,CF18) | E18: =SUM(Q18,AE18,AS18,BI18,BU18,CG18) | H18: =P18+AD18+AR18 | I18: =Q18+AE18+AS18 | L18: =BH18+BT18+CF18 | M18: =BI18+BU18+CG18 | P18: =R18+T18+V18+X18+Z18 | Q18: =S18+U18+W18+AA18 | AD18: =AF18+AH18+AJ18+AL18+AN18 | AE18: =AG18+AI18+AK18+AO18 | AF18: 0 | AG18: 0 | AH18: 0 | AI18: 0 | AJ18: 0 | AK18: 0 | AL18: 0 | AM18: 0 | AR18: =AT18+AV18+AX18+AZ18+BB18 | AS18: =AU18+AW18+BA18+BC18 | AT18: 0 | AU18: 0 | AV18: 0 | AW18: 0 | AX18: 0 | AY18: 0
... A20: Неизвестно | D20: =SUM(P20,AD20,AR20,BH20,BT20,CF20) | E20: =SUM(Q20,AE20,AS20,BI20,BU20,CG20) | H20: =P20+AD20+AR20 | I20: =Q20+AE20+AS20 | L20: =BH20+BT20+CF20 | M20: =BI20+BU20+CG20 | P20: =R20+T20+V20+X20+Z20 | Q20: =S20+U20+W20+AA20 | AD20: =AF20+AH20+AJ20+AL20+AN20 | AE20: =AG20+AI20+AK20+AO20 | AF20: 0 | AG20: 0 | AH20: 0 | AI20: 0 | AJ20: 0 | AK20: 0 | AL20: 0 | AM20: 0 | AR20: =AT20+AV20+AX20+AZ20+BB20 | AS20: =AU20+AW20+BA20+BC20 | AT20: 0 | AU20: 0 | AV20: 2 | AW20: 2 | AX20: 0 | AY20: 0
A22: Расходы | B22: Квота | D22: Факт | F22: Квота | H22: Факт | J22: Квота | L22: Факт | N22: Квота | P22: Факт | R22: 30.06 - 06.07 | T22: 07.07 - 13.07 | V22: 14.07 - 20.07 | X22: 21.07 - 27.07 | Z22: 28.07 - 03.08 | AB22: Квота | AD22: Факт | AF22: 04.08 - 10.08 | AH22: 11.08 - 17.08 | AJ22: 18.08 - 24.08 | AL22: 25.08 - 31.08 | AN22: 26.08 - 31.08 | AP22: Квота | AR22: Факт | AT22: 01-07.09 | AV22: 08.09 - 14.09 | AX22: 15.09 - 21.09 | AZ22: 22.09 - 28.09 | BB22: 29.09 - 05.10 | BD22: 45930 | BF22: Квота | BH22: Факт | BJ22: 06.10 - 12.10 | BL22: 13.10 - 19.10 | BN22: 20.10 - 26.10 | BP22: 27.10 - 02.11 | BR22: Квота | BT22: Факт | BV22: 03.11 - 09.11 | BX22: 10.11 - 16.11 | BZ22: 17.11 - 23.11 | CB22: 24.11 - 30.11 | CD22: Квота | CF22: Факт | CH22: 01.12 - 07.12 | CJ22: 08.12 - 14.12 | CL22: 15.12 - 21.12 | CN22: 22.12 - 28.12 | CP22: 29.12 - 30.12
A23: Всего на платное продвижение: | B23: ='Продукт 2'!Z11+'Продукт 3'!Z11 | D23: =SUM(Z23,AN23,BB23,BP23,CB23,CL23) | F23: =N23+AB23+AP23 | H23: =P23+AD23+AR23 | J23: =BF23+BR23+CD23 | L23: =BH23+BT23+CF23 | N23: 380000 | P23: =SUM(P26:Q36) | R23: =SUM(R33:S50) | T23: =SUM(T33:U50) | V23: =SUM(V33:W50) | X23: =SUM(X33:Y50) | Z23: =SUM(Z33:AA50) | AB23: 120000 | AD23: =SUM(AD26:AE36) | AF23: =SUM(AF33:AG50) | AH23: =SUM(AH33:AI50) | AJ23: =SUM(AJ33:AK50) | AL23: =SUM(AL33:AM50) | AN23: =SUM(AN33:AO50) | AP23: 380000 | AR23: =SUM(AR26:AS36) | AT23: =SUM(AT26:AU36) | AV23: =SUM(AV26:AW36) | AX23: =SUM(AX26:AY36) | AZ23: =SUM(AZ26:BA36) | BB23: =SUM(BB26:BC36) | BD23: =SUM(BD33:BE50) | BF23: 380000 | BH23: =SUM(BH26:BI36) | BJ23: =SUM(BJ33:BK50) | BL23: =SUM(BL33:BM50) | BN23: =SUM(BN33:BO50) | BP23: =SUM(BP33:BQ50) | BR23: 380000 | BT23: =SUM(BT26:BU36) | BV23: =SUM(BV33:BW50) | BX23: =SUM(BX33:BY50) | BZ23: =SUM(BZ33:CA50) | CB23: =SUM(CB33:CC50) | CD23: 380000 | CF23: =SUM(CF26:CG36)
A24: Всего на лидогенерацию: | B24: =B23*0.7 | D24: =SUM(D26:E36) | F24: =F23*0.7 | H24: =SUM(H26:I36) | J24: =J23*0.7 | L24: =SUM(L26:M36) | N24: =N23*0.7 | P24: =SUM(R24:AA24) | R24: =SUM(R26:S34) | T24: =SUM(T26:U34) | V24: =SUM(V26:W34) | X24: =SUM(X26:Y34) | Z24: =SUM(Z26:AA34) | AB24: =AB23*0.6 | AD24: =SUM(AF24:AO24) | AF24: =SUM(AF26:AG34) | AH24: =SUM(AH26:AI34) | AJ24: =SUM(AJ26:AK34) | AL24: =SUM(AL26:AM34) | AN24: =SUM(AN26:AO34) | AP24: =AP23*0.7 | AR24: =SUM(AT24:BC24) | BD24: =SUM(BD36,0,BD33,BD32,BD29,BD27,BD264,BD34,BD26) | BF24: =BF23*0.7 | BH24: =SUM(BH26:BI34) | BJ24: =SUM(BJ36,0,BJ33,BJ32,BJ29,BJ27,BJ264,BJ34,BJ26) | BL24: =SUM(BL36,0,BL33,BL32,BL29,BL27,BL264,BL34,BL26) | BN24: =SUM(BN36,0,BN33,BN32,BN29,BN27,BN264,BN34,BN26) | BP24: =SUM(BP36,0,BP33,BP32,BP29,BP27,BP264,BP34,BP26) | BR24: =BR23*0.7 | BT24: =SUM(BT26:BU34) | BV24: =SUM(BV36,0,BV33,BV32,BV29,BV27,BV264,BV34,BV26) | BX24: =SUM(BX36,0,BX33,BX32,BX29,BX27,BX264,BX34,BX26) | BZ24: =SUM(BZ36,0,BZ33,BZ32,BZ29,BZ27,BZ264,BZ34,BZ26) | CB24: =SUM(CB36,0,CB33,CB32,CB29,CB27,CB264,CB34,CB26) | CD24: =CD23*0.7 | CF24: =SUM(CF26:CG34)
A25: Всего на мероприятия: | B25: =B23*0.3 | D25: =SUM(Z25,AN25,BB25,BP25,CB25,CL25) | F25: =F23*0.3 | J25: =J23*0.3 | N25: =N23*0.3 | P25: =P36 | R25: =R36 | T25: =T36 | V25: =V36 | X25: =X36 | Z25: =Z36 | AB25: =AB23*0.2 | AD25: =AD36 | AF25: =AF36 | AH25: =AH36 | AJ25: =AJ36 | AL25: =AL36 | AN25: =AN36 | AP25: =AP23*0.3 | AR25: =AR36 | BF25: =BF23*0.3 | BH25: =BH36 | BR25: =BR23*0.3 | BT25: =BT36 | CD25: =CD23*0.3 | CF25: =CF36
A26: Яндекс Директ | D26: =SUM(P26,AD26,AR26,BH26,BT26,CF26) | H26: =P26+AD26+AR26 | J26: =BF26+BR26+CD26 | L26: =BH26+BT26+CF26 | P26: =SUM(R26:AA26) | Z26: 182.51 | AD26: =SUM(AF26:AO26) | AF26: 0 | AH26: 0 | AJ26: 15211.16 | AL26: 10998.74 | AT26: 12518 | AV26: 411.77 | AX26: 1232.49
A27: VK ADS | D27: =SUM(P27,AD27,AR27,BH27,BT27,CF27) | H27: =P27+AD27+AR27 | J27: =BF27+BR27+CD27 | L27: =BH27+BT27+CF27 | P27: =SUM(R27:AA27) | AD27: =SUM(AF27:AO27) | AF27: 0 | AH27: 0
A28: VK Adblogger | D28: =SUM(P28,AD28,AR28,BH28,BT28,CF28) | H28: =P28+AD28+AR28 | J28: =BF28+BR28+CD28 | L28: =BH28+BT28+CF28 | P28: =SUM(R28:AA28) | AD28: =SUM(AF28:AO28) | AF28: 0 | AH28: 0
A29: TG ADS | D29: =SUM(P29,AD29,AR29,BH29,BT29,CF29) | H29: =P29+AD29+AR29 | J29: =BF29+BR29+CD29 | L29: =BH29+BT29+CF29 | P29: =SUM(R29:AA29) | AD29: =SUM(AF29:AO29) | AF29: 0 | AH29: 0
A30: TG Посевы | D30: =SUM(P30,AD30,AR30,BH30,BT30,CF30) | H30: =P30+AD30+AR30 | J30: =BF30+BR30+CD30 | L30: =BH30+BT30+CF30 | P30: =SUM(R30:AA30) | AD30: =SUM(AF30:AO30) | AF30: 0 | AH30: 0 | AL30: 11188
A31: Теплые рассылки | D31: =SUM(P31,AD31,AR31,BH31,BT31,CF31) | H31: =P31+AD31+AR31 | J31: =BF31+BR31+CD31 | L31: =BH31+BT31+CF31 | P31: =SUM(R31:AA31) | AD31: =SUM(AF31:AO31) | AF31: 0 | AH31: 0
A32: Холодные рассылки | D32: =SUM(P32,AD32,AR32,BH32,BT32,CF32) | H32: =P32+AD32+AR32 | J32: =BF32+BR32+CD32 | L32: =BH32+BT32+CF32 | P32: =SUM(R32:AA32) | AD32: =SUM(AF32:AO32) | AF32: 0 | AH32: 0
A33: SEO | D33: =SUM(P33,AD33,AR33,BH33,BT33,CF33) | H33: =P33+AD33+AR33 | J33: =BF33+BR33+CD33 | L33: =BH33+BT33+CF33 | P33: =SUM(R33:AA33) | AD33: =SUM(AF33:AO33) | AF33: 0 | AH33: 0
A34: Анонсы, баннеры на сайтах | D34: =SUM(P34,AD34,AR34,BH34,BT34,CF34) | H34: =P34+AD34+AR34 | J34: =BF34+BR34+CD34 | L34: =BH34+BT34+CF34 | P34: =SUM(R34:AA34) | AD34: =SUM(AF34:AO34) | AF34: 0 | AH34: 0
A35: СМИ
A36: Мероприятия | D36: =SUM(P36,AD36,AR36,BH36,BT36,CF36) | H36: =P36+AD36+AR36 | J36: =BF36+BR36+CD36 | L36: =BH36+BT36+CF36 | P36: =SUM(R36:AA36) | X36: 0 | AD36: =SUM(AF36:AO36) | AF36: 0 | AH36: 0
B37: Квота | D37: Факт | F37: Квота | H37: Факт | J37: Квота | L37: Факт | N37: Квота | P37: Факт | R37: 30.06 - 06.07 | T37: 07.07 - 13.07 | V37: 14.07 - 20.07 | X37: 21.07 - 27.07 | Z37: 28.07 - 03.08 | AB37: Квота | AD37: Факт | AF37: 01.08 - 04.08 | AH37: 05.08 - 11.08 | AJ37: 12.08 - 18.08 | AL37: 19.08 - 25.08 | AN37: 26.08 - 31.08 | AP37: Квота | AR37: Факт | AT37: 45901 | AV37: 02.09 - 08.09 | AX37: 09.09 - 15.09 | AZ37: 16.09 - 22.09 | BB37: 23.09 - 29.09 | BD37: 45930 | BF37: Квота | BH37: Факт | BJ37: 01.10 - 06.10 | BL37: 07.10 - 13.10 | BN37: 14.10 - 20.10 | BP37: 21.10 - 27.10 | BR37: Квота | BT37: Факт | BV37: 01.11 - 03.11 | BX37: 04.11 - 10.11 | BZ37: 11.11 - 17.11 | CB37: 18.11 - 24.11 | CD37: Квота | CF37: Факт
A38: Всего на сервисные расходы: | B38: =SUM(B39:C49) | D38: =SUM(D39:E49) | F38: =N38+AB38+AP38 | H38: =P38+AD38+AR38 | J38: =BF38+BR38+CD38 | L38: =BH38+BT38+CF38 | N38: =('Продукт 2'!Z5+'Продукт 3'!Z5)*0.05 | P38: =SUM(P39:Q49) | Z38: =SUM(Z39:AA49) | AB38: =('Продукт 2'!Z6+'Продукт 3'!Z6)*0.05 | AD38: =SUM(AD39:AE49) | AF38: =SUM(AF39:AG49) | AH38: =SUM(AH39:AI49) | AJ38: =SUM(AJ39:AK49) | AL38: =SUM(AL39:AM49) | AN38: =SUM(AN39:AO49) | AP38: =('Продукт 2'!Z7+'Продукт 3'!Z7)*0.05 | AR38: =SUM(AR39:AS49) | AT38: =SUM(AT39:AU49) | AV38: =SUM(AV39:AW49) | AX38: =SUM(AX39:AY49) | AZ38: =SUM(AZ39:BA49) | BB38: =SUM(BB39:BC49) | BD38: =SUM(BD39:BE49) | BF38: =('Продукт 2'!Z8+'Продукт 3'!Z8)*0.05 | BH38: =SUM(BH39:BI49) | BJ38: =SUM(BJ39:BK49) | BL38: =SUM(BL39:BM49) | BN38: =SUM(BN39:BO49) | BP38: =SUM(BP39:BQ49) | BR38: =SUM(BR39:BS49) | BT38: =SUM(BT39:BU49) | BV38: =SUM(BV39:BW49) | BX38: =SUM(BX39:BY49) | BZ38: =SUM(BZ39:CA49) | CB38: =SUM(CB39:CC49) | CD38: =SUM(CD39:CE49) | CF38: =SUM(CF39:CG49)
A39: Топвизор | B39: =SUM(N39,AB39,AP39,BF39,BR39,CD39) | D39: =SUM(P39,AD39,AR39,BH39,BT39,CF39) | F39: =N39+AB39+AP39 | H39: =P39+AD39+AR39 | J39: =BF39+BR39+CD39 | L39: =BH39+BT39+CF39 | N39: 0 | P39: =SUM(R39:AA39) | AB39: 0 | AD39: 0 | AP39: 0 | AR39: 0 | BF39: 0 | BH39: 0 | BR39: 0 | BT39: 0 | CD39: 0 | CF39: 0
A40: Писец | B40: =SUM(N40,AB40,AP40,BF40,BR40,CD40) | D40: =SUM(P40,AD40,AR40,BH40,BT40,CF40) | F40: =N40+AB40+AP40 | H40: =P40+AD40+AR40 | J40: =BF40+BR40+CD40 | L40: =BH40+BT40+CF40 | N40: 0 | P40: =SUM(R40:AA40) | AB40: 0 | AD40: 0 | AP40: 0 | AR40: 0 | BF40: 0 | BH40: 0 | BR40: 0 | BT40: 0 | CD40: 0 | CF40: 0
A41: Calltouch | B41: =SUM(N41,AB41,AP41,BF41,BR41,CD41) | D41: =SUM(P41,AD41,AR41,BH41,BT41,CF41) | F41: =N41+AB41+AP41 | H41: =P41+AD41+AR41 | J41: =BF41+BR41+CD41 | L41: =BH41+BT41+CF41 | N41: 0 | P41: =SUM(R41:AA41) | AB41: 0 | AD41: 0 | AP41: 0 | AR41: 0 | BF41: 0 | BH41: 0 | BR41: 0 | BT41: 0 | CD41: 0 | CF41: 0
A42: Контент-рассылка | B42: =SUM(N42,AB42,AP42,BF42,BR42,CD42) | D42: =SUM(P42,AD42,AR42,BH42,BT42,CF42) | F42: =N42+AB42+AP42 | H42: =P42+AD42+AR42 | J42: =BF42+BR42+CD42 | L42: =BH42+BT42+CF42 | N42: 0 | P42: =SUM(R42:AA42) | AB42: 0 | AD42: 0 | AP42: 0 | AR42: 0 | BF42: 0 | BH42: 0 | BR42: 0 | BT42: 0 | CD42: 0 | CF42: 0
A43: Sendsay | B43: =SUM(N43,AB43,AP43,BF43,BR43,CD43) | D43: =SUM(P43,AD43,AR43,BH43,BT43,CF43) | F43: =N43+AB43+AP43 | H43: =P43+AD43+AR43 | J43: =BF43+BR43+CD43 | L43: =BH43+BT43+CF43 | N43: 0 | P43: =SUM(R43:AA43) | AB43: 0 | AD43: 0 | AP43: 0 | AR43: 0 | BF43: 0 | BH43: 0 | BR43: 0 | BT43: 0 | CD43: 0 | CF43: 0
A44: Marquiz | B44: =SUM(N44,AB44,AP44,BF44,BR44,CD44) | D44: =SUM(P44,AD44,AR44,BH44,BT44,CF44) | F44: =N44+AB44+AP44 | H44: =P44+AD44+AR44 | J44: =BF44+BR44+CD44 | L44: =BH44+BT44+CF44 | N44: 0 | P44: =SUM(R44:AA44) | AB44: 0 | AD44: 0 | AP44: 0 | AR44: 0 | BF44: 0 | BH44: 0 | BR44: 0 | BT44: 0 | CD44: 0 | CF44: 0
A45: Telegram Premium | B45: =SUM(N45,AB45,AP45,BF45,BR45,CD45) | D45: =SUM(P45,AD45,AR45,BH45,BT45,CF45) | F45: =N45+AB45+AP45 | H45: =P45+AD45+AR45 | J45: =BF45+BR45+CD45 | L45: =BH45+BT45+CF45 | N45: 0 | P45: =SUM(R45:AA45) | AB45: 0 | AD45: 0 | AP45: 0 | AR45: 0 | BF45: 0 | BH45: 0 | BR45: 0 | BT45: 0 | CD45: 0 | CF45: 0
A46: Stripo | B46: =SUM(N46,AB46,AP46,BF46,BR46,CD46) | D46: =SUM(P46,AD46,AR46,BH46,BT46,CF46) | N46: 0 | P46: =SUM(R46:AA46) | AB46: 0 | AD46: 0 | AP46: 0 | AR46: 0 | BF46: 0 | BH46: 0 | BR46: 0 | BT46: 0 | CD46: 0 | CF46: 0
A47: Tilda | B47: =SUM(N47,AB47,AP47,BF47,BR47,CD47) | D47: =SUM(P47,AD47,AR47,BH47,BT47,CF47) | F47: =N47+AB47+AP47 | H47: =P47+AD47+AR47 | J47: =BF47+BR47+CD47 | L47: =BH47+BT47+CF47 | N47: 0 | P47: =SUM(R47:AA47) | AB47: 0 | AD47: 0 | AP47: 0 | AR47: 0 | BF47: 0 | BH47: 0 | BR47: 0 | BT47: 0 | CD47: 0 | CF47: 0
A48: Вебинар | B48: =SUM(N48,AB48,AP48,BF48,BR48,CD48) | D48: =SUM(P48,AD48,AR48,BH48,BT48,CF48) | F48: =N48+AB48+AP48 | H48: =P48+AD48+AR48 | J48: =BF48+BR48+CD48 | L48: =BH48+BT48+CF48 | N48: 2300 | P48: =SUM(R48:AA48)
A49: Tadviser | B49: =SUM(N49,AB49,AP49,BF49,BR49,CD49) | D49: =SUM(P49,AD49,AR49,BH49,BT49,CF49) | F49: =N49+AB49+AP49 | H49: =P49+AD49+AR49 | J49: =BF49+BR49+CD49 | L49: =BH49+BT49+CF49 | N49: 0 | P49: =SUM(R49:AA49) | AB49: 0 | AD49: 0 | AP49: 0 | AR49: 0 | BF49: 0 | BH49: 0 | BR49: 0 | BT49: 0 | CD49: 0 | CF49: 0
B50: Квота | D50: Факт | F50: Квота | H50: Факт | J50: Квота | L50: Факт | N50: Квота | P50: Факт | R50: 30.06 - 06.07 | T50: 07.07 - 13.07 | V50: 14.07 - 20.07 | X50: 21.07 - 27.07 | Z50: 28.07 - 03.08 | AB50: Квота | AD50: Факт | AF50: 01.08 - 04.08 | AH50: 05.08 - 11.08 | AJ50: 12.08 - 18.08 | AL50: 19.08 - 25.08 | AN50: 26.08 - 31.08 | AP50: Квота | AR50: Факт | AT50: 45901 | AV50: 02.09 - 08.09 | AX50: 09.09 - 15.09 | AZ50: 16.09 - 22.09 | BB50: 23.09 - 29.09 | BD50: 45930 | BF50: Квота | BH50: Факт | BJ50: 01.10 - 06.10 | BL50: 07.10 - 13.10 | BN50: 14.10 - 20.10 | BP50: 21.10 - 27.10 | BR50: Квота | BT50: Факт | BV50: 01.11 - 03.11 | BX50: 04.11 - 10.11 | BZ50: 11.11 - 17.11 | CB50: 18.11 - 24.11 | CD50: Квота | CF50: Факт
A51: Всего на ФОТ: | B51: =SUM(B52:C53) | D51: =D53+D52 | F51: =F53+F52 | H51: =H53+H52 | J51: =J53+J52 | L51: =L53+L52 | N51: =N53+N52 | P51: =P53+P52 | R51: =R53+R52 | T51: =T53+T52 | V51: =V53+V52 | X51: =X53+X52 | Z51: =Z53+Z52 | AB51: =AB53+AB52 | AD51: =AD53+AD52 | AF51: =AF53+AF52 | AH51: =AH53+AH52 | AJ51: =AJ53+AJ52 | AL51: =AL53+AL52 | AN51: =AN53+AN52 | AP51: =AP53+AP52 | AR51: =AR53+AR52 | AT51: =AT53+AT52 | AV51: =AV53+AV52 | AX51: =AX53+AX52 | AZ51: =AZ53+AZ52 | BB51: =BB53+BB52 | BD51: =BD53+BD52 | BF51: =BF53+BF52 | BH51: =BH53+BH52 | BJ51: =BJ53+BJ52 | BL51: =BL53+BL52 | BN51: =BN53+BN52 | BP51: =BP53+BP52 | BR51: =BR53+BR52 | BT51: =BT53+BT52 | BV51: =BV53+BV52 | BX51: =BX53+BX52 | BZ51: =BZ53+BZ52 | CB51: =CB53+CB52 | CD51: =CD53+CD52 | CF51: =CF53+CF52
A52: Фикс | B52: =SUM(N52,AB52,AP52,BF52,BR52,CD52) | D52: =SUM(P52,AD52,AR52,BH52,BT52,CF52) | F52: =N52+AB52+AP52 | J52: =BF52+BR52+CD52 | N52: 520000 | P52: 520000 | AB52: 520000 | AP52: 520000 | BF52: 520000 | BR52: 520000 | CD52: 520000
A53: KPI | B53: =SUM(N53,AB53,AP53,BF53,BR53,CD53) | D53: =SUM(P53,AD53,AR53,BH53,BT53,CF53) | F53: =N53+AB53+AP53 | H53: =P53+AD53+AR53 | J53: =BF53+BR53+CD53 | L53: =BH53+BT53+CF53 | N53: 0 | P53: 0 | R53: 0 | T53: 0 | V53: 0 | X53: 0 | Z53: 0 | AB53: 0 | AD53: 0 | AF53: 0 | AH53: 0 | AJ53: 0 | AL53: 0 | AN53: 0 | AP53: 0 | AR53: 0 | AT53: 0 | AV53: 0 | AX53: 0 | AZ53: 0 | BB53: 0 | BD53: 0 | BF53: 0 | BH53: 0 | BR53: 0 | BT53: 0 | CD53: 0 | CF53: 0
A55: Расходы на персонал: | B55: =SUM(B56:C56) | D55: =SUM(D56:E56) | F55: =N55+AB55+AP55 | H55: =P55+AD55+AR55 | J55: =BF55+BR55+CD55 | L55: =BH55+BT55+CF55 | N55: =SUM(N56:O56) | P55: =SUM(P56:Q56) | R55: =SUM(R56:S56) | T55: =SUM(T56:U56) | V55: =SUM(V56:W56) | X55: =SUM(X56:Y56) | Z55: =SUM(Z56:AA56) | AB55: =SUM(AB56:AC56) | AD55: =SUM(AD56:AE56) | AF55: =SUM(AF56:AG56) | AH55: =SUM(AH56:AI56) | AJ55: =SUM(AJ56:AK56) | AL55: =SUM(AL56:AM56) | AN55: =SUM(AN56:AO56) | AP55: =SUM(AP56:AQ56) | AR55: =SUM(AR56:AS56) | AT55: =SUM(AT56:AU56) | AV55: =SUM(AV56:AW56) | AX55: =SUM(AX56:AY56) | AZ55: =SUM(AZ56:BA56) | BB55: =SUM(BB56:BC56) | BD55: =SUM(BD56:BE56) | BF55: =SUM(BF56:BG56) | BH55: =SUM(BH56:BI56) | BJ55: =SUM(BJ56:BK56) | BL55: =SUM(BL56:BM56) | BN55: =SUM(BN56:BO56) | BP55: =SUM(BP56:BQ56) | BR55: =SUM(BR56:BS56) | BT55: =SUM(BT56:BU56) | BV55: =SUM(BV56:BW56) | BX55: =SUM(BX56:BY56) | BZ55: =SUM(BZ56:CA56) | CB55: =SUM(CB56:CC56) | CD55: =SUM(CD56:CE56) | CF55: =SUM(CF56:CG56)
B57: Квота | D57: Факт | F57: Квота | H57: Факт | J57: Квота | L57: Факт | N57: Квота | P57: Факт | R57: 30.06 - 06.07 | T57: 07.07 - 13.07 | V57: 14.07 - 20.07 | X57: 21.07 - 27.07 | Z57: 28.07 - 03.08 | AB57: Квота | AD57: Факт | AF57: 01.08 - 04.08 | AH57: 05.08 - 11.08 | AJ57: 12.08 - 18.08 | AL57: 19.08 - 25.08 | AN57: 26.08 - 31.08 | AP57: Квота | AR57: Факт | AT57: 45901 | AV57: 02.09 - 08.09 | AX57: 09.09 - 15.09 | AZ57: 16.09 - 22.09 | BB57: 23.09 - 29.09 | BD57: 45930 | BF57: Квота | BH57: Факт | BJ57: 01.10 - 06.10 | BL57: 07.10 - 13.10 | BN57: 14.10 - 20.10 | BP57: 21.10 - 27.10 | BR57: Квота | BT57: Факт | BV57: 01.11 - 03.11 | BX57: 04.11 - 10.11 | BZ57: 11.11 - 17.11 | CB57: 18.11 - 24.11 | CD57: Квота | CF57: Факт
A58: Без ФОТа все расходы | B58: =B55+0+0+0+B38+B23 | D58: =D55+0+0+0+D38+D23 | F58: =F55+0+0+0+0+F38+F23 | H58: =H55+0+0+0+0+H38+H23 | J58: =J55+0+0+0+0+J38+J23 | L58: =L55+0+0+0+0+L38+L23 | N58: =N55+0+0+0+N38+N23 | P58: =P55+0+0+P38+P23 | AB58: =AB55+0+0+0+AB38+AB23 | AD58: =AD55+0+0+0+AD38+AD23 | AP58: =AP55+0+0+0+AP38+AP23 | AR58: =AR55+0+0+0+AR38+AR23 | BF58: =BF55+0+0+0+BF38+BF23 | BH58: =BH55+0+0+0+BH38+BH23 | BR58: =BR55+0+0+0+BR38+BR23 | BT58: =BT55+0+0+0+BT38+BT23 | CD58: =CD55+0+0+0+CD38+CD23 | CF58: =CF55+0+0+0+CF38+CF23
A59: ВСЕГО расходов из фонда Маркетинга: | B59: =B55+B51+0+0+0+B38+B23 | D59: =D55+0+0+0+D38+D23+D51 | F59: =F55+0+0+0+0+F38+F23+F51 | H59: =H55+0+0+0+0+H38+H23+H51 | J59: =J55+0+0+0+0+J38+J23+J51 | L59: =L55+0+0+0+0+L38+L23+L51 | N59: =N55+0+0+0+N38+N23+N51 | P59: =P55+0+0+P38+P23+P51 | AB59: =AB55+0+0+0+AB38+AB23+AB51 | AD59: =AD55+0+0+0+AD38+AD23+AD51 | AP59: =AP55+0+0+0+AP38+AP23+AP51 | AR59: =AR55+0+0+0+AR38+AR23+AR51 | BF59: =BF55+0+0+0+BF38+BF23+BF51 | BH59: =BH55+0+0+0+BH38+BH23+BH51 | BR59: =BR55+0+0+0+BR38+BR23+BR51 | BT59: =BT55+0+0+0+BT38+BT23+BT51 | CD59: =CD55+0+0+0+CD38+CD23+CD51 | CF59: =CF55+0+0+0+CF38+CF23+CF51
B61: 2026 | F61: 3Q2025 | J61: 4Q2025 | N61: Июль | AB61: Август | AP61: Сентябрь | BF61: Октябрь | BR61: Ноябрь | CD61: Декабрь
A62: CPL (paid) | B62: Квота | D62: Факт | F62: Квота | H62: Факт | J62: Квота | L62: Факт | N62: Квота | P62: Факт | R62: 30.06 - 06.07 | T62: 07.07 - 13.07 | V62: 14.07 - 20.07 | X62: 21.07 - 27.07 | Z62: 28.07 - 03.08 | AB62: Квота | AD62: Факт | AF62: 01.08 - 04.08 | AH62: 05.08 - 11.08 | AJ62: 12.08 - 18.08 | AL62: 19.08 - 25.08 | AN62: 26.08 - 31.08 | AP62: Квота | AR62: Факт | AT62: 45901 | AV62: 02.09 - 08.09 | AX62: 09.09 - 15.09 | AZ62: 16.09 - 22.09 | BB62: 23.09 - 29.09 | BD62: 45930 | BF62: Квота | BH62: Факт | BJ62: 01.10 - 06.10 | BL62: 07.10 - 13.10 | BN62: 14.10 - 20.10 | BP62: 21.10 - 27.10 | BR62: Квота | BT62: Факт | BV62: 01.11 - 03.11 | BX62: 04.11 - 10.11 | BZ62: 11.11 - 17.11 | CB62: 18.11 - 24.11 | CD62: Квота | CF62: Факт | CH62: 02.12 - 08.12 | CJ62: 09.12 - 15.12 | CL62: 16.12 - 22.12 | CN62: 23.12 - 29.12 | CP62: 30.12 - 31.12
A63: Cost per | B63: MQL | C63: SQL | D63: MQL | E63: SQL | F63: MQL | G63: SQL | H63: MQL | I63: SQL | J63: MQL | K63: SQL | L63: MQL | M63: SQL | N63: MQL | O63: SQL | P63: MQL | Q63: SQL | R63: MQL | S63: SQL | T63: MQL | U63: SQL | V63: MQL | W63: SQL | X63: MQL | Y63: SQL | Z63: MQL | AA63: SQL | AB63: MQL | AC63: SQL | AD63: MQL | AE63: SQL | AF63: MQL | AG63: SQL | AH63: MQL | AI63: SQL | AJ63: MQL | AK63: SQL | AL63: MQL | AM63: SQL | AN63: MQL | AO63: SQL | AP63: MQL | AQ63: SQL | AR63: MQL | AS63: SQL | AT63: MQL | AU63: SQL | AV63: MQL | AW63: SQL | AX63: MQL | AY63: SQL | AZ63: MQL | BA63: SQL | BB63: MQL | BC63: SQL | BD63: MQL | BE63: SQL | BF63: MQL | BG63: SQL | BH63: MQL | BI63: SQL | BJ63: MQL | BK63: SQL | BL63: MQL | BM63: SQL | BN63: MQL | BO63: SQL | BP63: MQL | BQ63: SQL | BR63: MQL | BS63: SQL | BT63: MQL | BU63: SQL | BV63: MQL | BW63: SQL | BX63: MQL | BY63: SQL | BZ63: MQL | CA63: SQL | CB63: MQL | CC63: SQL | CD63: MQL | CE63: SQL | CF63: MQL | CG63: SQL | CH63: MQL | CI63: SQL | CJ63: MQL | CK63: SQL | CL63: MQL | CM63: SQL | CN63: MQL | CO63: SQL | CP63: MQL | CQ63: SQL
A64: Всего | B64: =IFERROR(B59/B5,0) | C64: =IFERROR(B59/C5,0) | D64: =IFERROR(D59/D5,0) | E64: =IFERROR(D59/E5,0) | F64: =IFERROR(F59/F5,0) | G64: =IFERROR(F59/G5,0) | H64: =IFERROR(H59/H5,0) | I64: =IFERROR(H59/I5,0) | J64: =IFERROR(J59/J5,0) | K64: =IFERROR(J59/K5,0) | L64: =IFERROR(L59/L5,0) | M64: =IFERROR(L59/M5,0) | N64: =IFERROR(N59/N5,0) | O64: =IFERROR(N59/O5,0) | P64: =IFERROR(P59/P5,0) | Q64: =IFERROR(P59/Q5,0) | X64: =IFERROR(X24/X5,0) | Y64: =IFERROR(X24/Y5,0) | AB64: =IFERROR(AB59/AB5,0) | AC64: =IFERROR(AB59/AC5,0) | AD64: =IFERROR(AD59/AD5,0) | AE64: =IFERROR(AD59/AE5,0) | AP64: =IFERROR(AP59/AP5,0) | AQ64: =IFERROR(AP59/AQ5,0) | AR64: =IFERROR(AR59/AR5,0) | AS64: =IFERROR(AR59/AS5,0) | BF64: =IFERROR(BF59/BF5,0) | BG64: =IFERROR(BF59/BG5,0) | BH64: =IFERROR(BH59/BH5,0) | BI64: =IFERROR(BH59/BI5,0) | BR64: =IFERROR(BR59/BR5,0) | BS64: =IFERROR(BR59/BS5,0) | BT64: =IFERROR(BT59/BT5,0) | BU64: =IFERROR(BT59/BU5,0) | CD64: =IFERROR(CD59/CD5,0) | CE64: =IFERROR(CD59/CE5,0) | CF64: =IFERROR(CF59/CF5,0) | CG64: =IFERROR(CF59/CG5,0)
A65: Без ФОТа | B65: =IFERROR(B58/B5,0) | C65: =IFERROR(B23/C5,0) | D65: =0 | E65: =IFERROR(D58/E5,0) | F65: =0 | G65: =IFERROR(F58/G5,0) | H65: =IFERROR(H58/H5,0) | I65: =IFERROR(H58/I5,0) | J65: =0 | K65: =IFERROR(J58/K5,0) | L65: =IFERROR(L58/L5,0) | M65: =IFERROR(L58/M5,0) | N65: =0 | O65: =IFERROR(N58/O5,0) | P65: =IFERROR(P58/P5,0) | Q65: =IFERROR(P58/Q5,0) | AB65: =0 | AC65: =IFERROR(AB58/AC5,0) | AD65: =IFERROR(AD58/AD5,0) | AE65: =IFERROR(AD58/AE5,0) | AP65: =0 | AQ65: =IFERROR(AP58/AQ5,0) | AR65: =0 | AS65: =IFERROR(AR58/AS5,0) | BF65: =0 | BG65: =IFERROR(BF58/BG5,0) | BH65: =0 | BI65: =IFERROR(BH58/BI5,0) | BR65: =0 | BS65: =IFERROR(BR58/BS5,0) | BT65: =0 | BU65: =IFERROR(BT58/BU5,0) | CD65: =0 | CE65: =IFERROR(CD58/CE5,0) | CF65: =0 | CG65: =IFERROR(CF58/CG5,0)
A66: CPL платное продвижение | B66: =IFERROR(B23/B5,0) | D66: =IFERROR(D23/D5,0) | E66: =IFERROR(D23/E5,0) | F66: =0 | G66: =0 | H66: =0 | I66: =0 | J66: =0 | K66: =0 | L66: =0 | M66: =0 | ... O66: =0 | P66: =IFERROR(P23/P5,0) | Q66: =IFERROR(P23/Q5,0) | AB66: =0 | AC66: =0 | AD66: =IFERROR(AD23/AD5,0) | AE66: =IFERROR(AD23/AE5,0) | AP66: =0 | AQ66: =0 | AR66: =0 | AS66: =0 | BF66: =0 | BG66: =0 | BH66: =0 | BI66: =0 | BR66: =0 | BS66: =0 | BT66: =0 | BU66: =0 | CD66: =0 | CE66: =0 | CF66: =0 | CG66: =0
A67: SEO | B67: =IFERROR(B33/B7,0) | C67: =IFERROR(B33/C7,0) | D67: =IFERROR(D33/D7,0) | E67: =IFERROR(D33/E7,0) | F67: =IFERROR(F33/F7,0) | G67: =IFERROR(F33/G7,0) | H67: =IFERROR(H33/H7,0) | I67: =IFERROR(H33/I7,0) | J67: =IFERROR(J33/J7,0) | K67: =IFERROR(J33/K7,0) | L67: =IFERROR(L33/L7,0) | M67: =IFERROR(L33/M7,0) | N67: =0 | AE67: =0 | AP67: =0 | AS67: =0 | BF67: =0 | BI67: #DIV/0! | BR67: =0 | BU67: =0 | CD67: =0
A68: Яндекс.Директ | B68: =IFERROR(B26/B8,0) | C68: =IFERROR(B26/C8,0) | D68: =IFERROR(D26/D8,0) | E68: =IFERROR(D26/E8,0) | F68: =IFERROR(F26/F8,0) | G68: =IFERROR(F26/G8,0) | H68: =IFERROR(H26/H8,0) | I68: =IFERROR(H26/I8,0) | J68: =IFERROR(J26/J8,0) | K68: =IFERROR(J26/K8,0) | L68: =IFERROR(L26/L8,0) | M68: =IFERROR(L26/M8,0) | N68: =0 | AE68: 0 | AP68: =0 | AS68: 0 | BF68: =0 | BI68: 0 | BR68: =0 | BU68: 0 | CD68: =0
A69: VK ADS | B69: =0 | C69: =0 | D69: =0 | E69: =0 | F69: =0 | G69: =0 | H69: =0 | I69: =0 | ... M69: =0 | N69: =IFERROR(N34/N12,0) | AE69: 0 | AP69: =IFERROR(AP34/AP12,0) | AS69: =0 | BF69: =IFERROR(BF34/BF12,0) | BI69: =IFERROR(BH34/BI16,0) | BR69: =IFERROR(BR34/BR12,0) | BU69: =IFERROR(BT34/BU16,0) | CD69: =IFERROR(CD34/CD12,0)
A70: Рассылки по холодной базе | B70: =0 | C70: =0 | D70: =0 | E70: =0 | F70: =0 | G70: =0 | H70: =0 | I70: =0 | ... N70: =0 | AE70: 0 | AP70: =0 | AS70: 0 | BF70: =0 | BI70: 0 | BR70: =0 | BU70: 0 | CD70: =0

Sheet Продукт 1
A1: 2026
B2: MQL, план | C2: MQL->SQL, план | D2: SQL, план | E2: CPL SQL план | F2: SQL->Встреча, план | G2: Встреча, план | H2: Встреча->покупка, план | I2: Количество покупателей, план | J2: Количество покупок, план | K2: Доход, план с платящего пользователя Buyers | L2: Ср. чек, план | M2: Маржа с 1 сделки за 2025 г. | N2: Коэффициент повторных покупок (по данным из CRM = кол-во всех заказов/кол-во покупателей, за период)) | O2: Стоимость заказа (продажи) | P2: Стоимость заявки (RUR) | Q2: Стоимость квалифицированной заявки (RUR) | R2: Доход с пользователя | S2: Прибыль | T2: Выручка | U2: План по выручке | V2: Валовая прибыль | W2: Всего расходов | X2: Фикс. расходы на зарплату, команду | Y2: Расходы на сервисы (RUR) | Z2: Расходы на привлечение (RUR) | AA2: Расходы на мероприятия (RUR) | AB2: Расходы на СМИ (RUR) | AC2: Расходы на полиграфию , мерч, подарки (RUR) | AD2: Расходы прочее(командировочные, обучение и т.д.)(RUR)
B3: MQL | C3: СR1 | D3: SQL | F3: CR2 | H3: CR3 | I3: Buyers | J3: Orders | K3: ARPPU | L3: AvPrice | N3: Retention | O3: CPO | P3: CPMQL | Q3: CPSQL | R3: ARPU | S3: Profit | T3: Revenue | V3: Gross Profit | W3: Total Costs | X3: Fix Costs | Y3: Servises Costs | Z3: Acquisition Costs | AA3: Events Cost | AB3: Media Cost | AC3: Merch Cost | AD3: Other
C4: 0.4 | D4: =B4*C4
A5: Июль | B5: 40 | C5: 0.35 | D5: =B5*C5 | E5: 9000 | F5: 0.75 | G5: =D5*F5 | H5: 0.4 | I5: =G5*H5 | J5: =I5*N5 | K5: =IFERROR(T5/I5,0) | L5: 180000 | N5: 1 | T5: =J5*L5 | W5: =SUM(X5:AA5) | X5: 45000 | Y5: 8000 | Z5: 90000 | AA5: 0
A6: Август | B6: 43 | C6: 0.35 | D6: =B6*C6 | E6: 9000 | F6: 0.75 | G6: =D6*F6 | H6: 0.4 | I6: =G6*H6 | J6: =I6*N6 | K6: =IFERROR(T6/I6,0) | L6: 180000 | N6: 1 | T6: =J6*L6 | W6: =SUM(X6:AA6) | X6: 45000 | Y6: 8000 | Z6: 95000 | AA6: 0
A7: Сентябрь | B7: 46 | C7: 0.35 | D7: =B7*C7 | E7: 9000 | F7: 0.75 | G7: =D7*F7 | H7: 0.4 | I7: =G7*H7 | J7: =I7*N7 | K7: =IFERROR(T7/I7,0) | L7: 180000 | N7: 1 | T7: =J7*L7 | W7: =SUM(X7:AA7) | X7: 45000 | Y7: 8000 | Z7: 100000 | AA7: 0
A8: Октябрь | B8: 49 | C8: 0.35 | D8: =B8*C8 | E8: 9000 | F8: 0.75 | G8: =D8*F8 | H8: 0.4 | I8: =G8*H8 | J8: =I8*N8 | K8: =IFERROR(T8/I8,0) | L8: 180000 | N8: 1 | T8: =J8*L8 | W8: =SUM(X8:AA8) | X8: 45000 | Y8: 8000 | Z8: 105000 | AA8: 0
A9: Ноябрь | B9: 52 | C9: 0.35 | D9: =B9*C9 | E9: 9000 | F9: 0.75 | G9: =D9*F9 | H9: 0.4 | I9: =G9*H9 | J9: =I9*N9 | K9: =IFERROR(T9/I9,0) | L9: 180000 | N9: 1 | T9: =J9*L9 | W9: =SUM(X9:AA9) | X9: 45000 | Y9: 8000 | Z9: 110000 | AA9: 0
A10: Декабрь | B10: 55 | C10: 0.35 | D10: =B10*C10 | E10: 9000 | F10: 0.75 | G10: =D10*F10 | H10: 0.4 | I10: =G10*H10 | J10: =I10*N10 | K10: =IFERROR(T10/I10,0) | L10: 180000 | N10: 1 | T10: =J10*L10 | W10: =SUM(X10:AA10) | X10: 45000 | Y10: 8000 | Z10: 115000 | AA10: 0
A11: ИТОГО: | B11: =SUM(B5:B10) | C11: 0.4 | D11: =B11*C11 | E11: 5500 | F11: 0.82 | G11: =D11*F11 | H11: 0.3 | I11: =G11*H11 | J11: =I11*N11 | K11: =IFERROR(T11/I11,0) | L11: 180000 | M11: 438520 | N11: 1 | O11: =IFERROR(W11/J11,"") | P11: =IFERROR(W11/B11,0) | Q11: =IFERROR(W11/D11,0) | R11: =IFERROR(T11/B11,0) | S11: =T11-W11 | T11: =J11*L11 | U11: пример выручки | W11: =SUM(W5:W10) | X11: =SUM(X5:X10) | Y11: =SUM(Y5:Y10) | Z11: =SUM(Z5:Z10) | AA11: =SUM(AA5:AA10) | AB11: =SUM(AB5:AB10) | AC11: =SUM(AC5:AC10) | AD11: =SUM(AD5:AD10)

Sheet Бюджет
B1: Рубли | C1: % | F1: Рубли | G1: % | J1: Рубли | K1: % | N1: Рубли | O1: %
A2: Всего бюджет на 3 направления в месяц | B2: 450000 | C2: 100 | E2: Всего бюджет на продукт №1 в месяц | F2: =IFERROR(B2/3,0) | G2: 100 | I2: Всего бюджет на продукт №2 в месяц | J2: =IFERROR(B2/3,0) | K2: 100 | M2: Всего бюджет на продукт №3 в месяц | N2: =IFERROR(B2/3,0) | O2: 100
A4: paid | B4: =B2*0.6 | C4: 60 | E4: paid | F4: =F2*0.6 | G4: 60 | I4: paid | J4: =J2*0.6 | K4: 60 | M4: paid | N4: =N2*0.6 | O4: 60
A5: мероприятия+СМИ | B5: =B2*0.2 | C5: 20 | E5: мероприятия+СМИ | F5: =F2*0.2 | G5: 20 | I5: мероприятия+СМИ | J5: =J2*0.2 | K5: 20 | M5: мероприятия+СМИ | N5: =N2*0.2 | O5: 20
A6: итого привлечение | B6: =SUM(B4:B5) | E6: итого привлечение | F6: =SUM(F4:F5) | I6: итого привлечение | J6: =SUM(J4:J5) | M6: итого привлечение | N6: =SUM(N4:N5)
A8: сервисы | B8: =B2*0.05 | C8: 5 | E8: сервисы | F8: =F2*0.05 | G8: 5 | I8: сервисы | J8: =J2*0.05 | K8: 5 | M8: сервисы | N8: =N2*0.05 | O8: 5
A9: аутсорс | B9: =B2*0.15 | C9: 15 | E9: аутсорс | F9: =F2*0.15 | G9: 15 | I9: аутсорс | J9: =J2*0.15 | K9: 15 | M9: аутсорс | N9: =N2*0.15 | O9: 15
A10: итого прочее | B10: =B9+B8 | E10: итого прочее | F10: =F9+F8 | I10: итого прочее | J10: =J9+J8 | M10: итого прочее | N10: =N9+N8
A12: итого распределенные | B12: =B6+B10 | C12: =SUM(C4:C9) | E12: итого распределенные | F12: =F6+F10 | G12: =SUM(G4:G9) | I12: итого распределенные | J12: =J6+J10 | K12: =SUM(K4:K9) | M12: итого распределенные | N12: =N6+N10 | O12: =SUM(O4:O9)

Sheet План месяца
A1: Месяц | B1: Позиции | C1: Бюджет | D1: Планируемые действия
A2: Сентябрь | C2: Плановый бюджет месяца — 420 000 ₽. Из них: | D2: 1. Усилить PR и увеличить органический трафик на сайты, от него рост яд,seo и прямых заходов
B3: Запас в фонд маркетинга | C3: 100 000 р. | D3: 2. Запуск ретаргета в ЯД и на круглый стол в декабре.
B5: Яндекс Директ (поиск+РСЯ) | C5: 280000 | D5: 3. Увеличение рекламы на подписчиков в тг канал, от него рост подписчиков и заявок.
B6: ВК (контент+лидген) | C6: 50000 | D6: 4. Анонсы на тематических площадках круглого стола. в т.ч. 1С - сайт, канал ТГ
B7: ТГ ЭДС (канал+лидген) | C7: 50000 | D7: 5. Две холодные рассылки в неделю на посадочную продукта. Следить за индексом страницы.
B8: Запас в рекламу, тестовые | C8: 100000 | D8: 6. Запуск на сайтах нового ЛМ, 25 кейсов внедрения
D9: 7. Усилить SEO, контентная часть.
B10: Итого бюджет | C10: =SUM(C5:C8) | D10: 8. Пересбор welcome цепочек
D11: 9. E-mail рассылки по платным базам
B12: CPSQL | C12: 13800 | D12: 10.
B13: Платный трафик, SQL | C13: 24 | D13: 11.
B14: Органический трафик, SQL | C14: 20 | D14: 12. Выкладка на РБК материалов. У Насти Ефимовой есть материалы.
D15: 13. Linked IN
B16: Кол-во рабочих дней | C16: 22
B17: План SQL | C17: 44
B18: План SQL в день | C18: 2
B20: Встреч | C20: 36
B21: CR SQL - Встреча | C21: 0.85
B22: SQL min | C22: 42

Sheet Директ и SEO
A1: Месяц | B1: Позиции | C1: Бюджет | D1: Планируемые действия
A2: Сентябрь | C2: Плановый бюджет месяца — 420 000 ₽. Из них: | D2: 1. Усилить PR и увеличить органический трафик на сайты, от него рост яд,seo и прямых заходов | F2: План снижения CPSQL ЯД до 30 к. | H2: SEO План работ, лидов и стоимость | I2: https://drive.google.com/file/d/12YjyKSd_YD5-zsH2qJYEOjoAT1JxIeds/view?usp=drive_link
B3: Запас в фонд маркетинга | C3: 100 000 р. | D3: 2. Запуск ретаргета в ЯД и на круглый стол в декабре. | F3: Начиная с 1 июня
B4: Яндекс Директ (поиск+РСЯ) | C4: 280000 | D4: 3. Увеличение рекламы на подписчиков в тг канал, от него рост подписчиков и заявок. Надо вырасти до 860 подписчиков. (на 04.09 - 760 подписчиков). | F4: 1. | G4: Детальный план снижения CPSQL ЯД
B5: ВК (контент+лидген) | C5: 50000 | D5: 4. Анонсы на тематических площадках круглого стола. 1С - сайт, канал ТГ | F5: 2. | G5: Объединение 5 текущих рк в 2 рк. 1 рк на поиск, 1 рк на рся.
B6: ТГ ЭДС (канал+лидген) | C6: 50000 | D6: 5. Увеличить холодные рассылки с 2 до 4 в неделю. Вести на посадочную продукта. | F6: 3. | G6: Определение микроконверсий для каждого лендинга, куда идет трафик. (встреча и экскурсия).
B7: Запас на рекламу | C7: 100000 | F7: 4. | G7: Обучение на макро конверсии.
B9: Итого бюджет | C9: =SUM(C4:C7) | F9: 5. | G9: Запуск на воронку экскурсия и встреча с экспертом, как наиболее конверсионные воронки. Аудит, вебинар и демодоступ по рассылкам, для прогрева.
B11: CPSQL | C11: 13800
B12: Платный трафик, SQL | C12: 35
B13: Органический трафик, SQL | C13: 30 | F13: Пополнение теплой базы для рассылок и добегающие SQL
F14: 1. | G14: За 1Q с ЯД в базу пришло 96 MQL
B15: Кол-во рабочих дней | C15: 22 | F15: 2. | G15: Рассылки по базе пошли с 25.03. В апреле SQL по рассылкам - 8, в мае - 4.
B16: План SQL | C16: 65
B17: План SQL в день | C17: =IFERROR(C16/C15,0)
F19: Влияние яндекса на SEO
F20: 1. | G20: Реклама в Яндекс.Директ не оказывает прямого влияния на SEO-продвижение, но способна значительно ускорить и усилить его косвенно за счёт улучшения поведенческих факторов, роста брендового трафика и быстрой индексации страниц.
F21: 2. | G21: Платная реклама приводит на сайт заинтересованных пользователей, которые дольше остаются на страницах, совершают больше целевых действий и реже уходят сразу. Эти улучшенные поведенческие метрики (время на сайте, глубина просмотра, низкий показатель отказов) Яндекс учитывает при ранжировании, что способствует росту позиций.
F22: 3. | G22: Рост брендового трафика Реклама по брендовым запросам увеличивает узнаваемость компании и количество поисковых запросов с названием бренда. Это положительно сказывается на доверии поисковых систем и может способствовать продвижению сайта
F23: 4. | G23: Быстрая индексация новых страниц Директ помогает ускорить индексацию новых или обновлённых страниц, так как приток пользователей сигнализирует поисковым роботам о важности и актуальности контента
F24: Вывод | G24: Яндекс.Директ — мощный вспомогательный инструмент для SEO, но не его замена. Реклама ускоряет и усиливает продвижение за счёт улучшения поведенческих факторов и роста узнаваемости, однако сама по себе не гарантирует рост позиций в органике. Эффективнее всего использовать Директ в связке с SEO, особенно на старте продвижения или в конкурентных тематиках.
F26: Прочее | G26: Если перестать закупать трафик, у конкурентов снизится стоимость лидов

Sheet Распределение
A1: Дата | B1: Канал трафа | C1: Расход | D1: Вес канала MQL | E1: MQL | F1: Вес канала SQL | G1: SQL | H1: СR MQL-SQL | I1: CPMQL | J1: ФОТ | K1: CPSQL | L1: CPSQL ФОТ | M1: СR MQL - SQL | N1: Комментарии
A2: 01-31.01.25 | B2: SEO | C2: 9000 | D2: =IFERROR(E2/$E$13,0) | E2: 27 | F2: =IFERROR(G2/$G$13,0) | G2: 11 | H2: =IFERROR(G2/E2,0) | I2: =IFERROR(C2/E2,0) | K2: =IFERROR(C2/G2,0) | M2: =IFERROR(G2/E2,0)
A3: 01-31.01.25 | B3: Яндекс.Директ | C3: 358155 | D3: =IFERROR(E3/$E$13,0) | E3: 39 | F3: =IFERROR(G3/$G$13,0) | G3: 9 | H3: =IFERROR(G3/E3,0) | I3: =IFERROR(C3/E3,0) | K3: =IFERROR(C3/G3,0) | M3: =IFERROR(G3/E3,0)
A4: 01-31.01.25 | B4: Наши площадки | C4: 0 | D4: =IFERROR(E4/$E$13,0) | E4: 0 | F4: =IFERROR(G4/$G$13,0) | G4: 0 | H4: =IFERROR(G4/E4,0) | I4: =IFERROR(C4/E4,0) | K4: =IFERROR(C4/G4,0) | M4: =IFERROR(G4/E4,0)
A5: 01-31.01.25 | B5: Внешние площадки | C5: 0 | D5: =IFERROR(E5/$E$13,0) | E5: 9 | F5: =IFERROR(G5/$G$13,0) | G5: 4 | H5: =IFERROR(G5/E5,0) | I5: =IFERROR(C5/E5,0) | K5: =IFERROR(C5/G5,0) | M5: =IFERROR(G5/E5,0)
A6: 01-31.01.25 | B6: Соц.сети | C6: 0 | D6: =IFERROR(E6/$E$13,0) | E6: 1 | F6: =IFERROR(G6/$G$13,0) | G6: 0 | H6: =IFERROR(G6/E6,0) | I6: =IFERROR(C6/E6,0) | K6: =IFERROR(C6/G6,0) | M6: =IFERROR(G6/E6,0)
A7: 01-31.01.25 | B7: Прямые визиты | C7: 0 | D7: =IFERROR(E7/$E$13,0) | E7: 10 | F7: =IFERROR(G7/$G$13,0) | G7: 2 | H7: =IFERROR(G7/E7,0) | I7: =IFERROR(C7/E7,0) | K7: =IFERROR(C7/G7,0) | M7: =IFERROR(G7/E7,0)
A8: 01-31.01.25 | B8: Вебинары/Мероприятия | C8: 0 | D8: =IFERROR(E8/$E$13,0) | E8: 0 | F8: =IFERROR(G8/$G$13,0) | G8: 0 | H8: =IFERROR(G8/E8,0) | I8: =IFERROR(C8/E8,0) | K8: =IFERROR(C8/G8,0) | M8: =IFERROR(G8/E8,0)
A9: 01-31.01.25 | B9: Рассылки по нашей базе | C9: 0 | D9: =IFERROR(E9/$E$13,0) | E9: 0 | F9: =IFERROR(G9/$G$13,0) | G9: 0 | H9: =IFERROR(G9/E9,0) | I9: =IFERROR(C9/E9,0) | K9: =IFERROR(C9/G9,0) | M9: =IFERROR(G9/E9,0)
A10: 01-31.01.25 | B10: Рассылки по холодной базе | C10: 0 | D10: =IFERROR(E10/$E$13,0) | E10: 0 | F10: =IFERROR(G10/$G$13,0) | G10: 0 | H10: =IFERROR(G10/E10,0) | I10: =IFERROR(C10/E10,0) | K10: =IFERROR(C10/G10,0) | M10: =IFERROR(G10/E10,0)
A11: 01-31.01.25 | B11: Рекомендации | C11: 0 | D11: =IFERROR(E11/$E$13,0) | E11: 0 | F11: =IFERROR(G11/$G$13,0) | G11: 0 | H11: =IFERROR(G11/E11,0) | I11: =IFERROR(C11/E11,0) | K11: =IFERROR(C11/G11,0) | M11: =IFERROR(G11/E11,0)
A12: 01-31.01.25 | B12: Неизвестно | C12: 0 | D12: =IFERROR(E12/$E$13,0) | E12: 2 | F12: =IFERROR(G12/$G$13,0) | G12: 0 | H12: =IFERROR(G12/E12,0) | I12: =IFERROR(C12/E12,0) | K12: =IFERROR(C12/G12,0) | M12: =IFERROR(G12/E12,0)
A13: TOTAL Январь | C13: =SUM(C2:C12) | E13: =SUM(E2:E12) | G13: =SUM(G2:G12) | H13: =IFERROR(G13/E13,0) | I13: =IFERROR(C13/E13,0) | J13: 790241 | K13: =IFERROR(C13/G13,0) | L13: =IFERROR((J13+C13)/G13,0) | M13: =IFERROR(G13/E13,0)
A14: 01-28.02.25 | B14: SEO | C14: 9000 | D14: =IFERROR(E14/$E$25,0) | E14: 27 | F14: =IFERROR(G14/$G$25,0) | G14: 11 | H14: =IFERROR(G14/E14,0) | I14: =IFERROR(C14/E14,0) | K14: =IFERROR(C14/G14,0) | M14: =IFERROR(G14/E14,0)
A15: 01-28.02.25 | B15: Яндекс.Директ | C15: 351400 | D15: =IFERROR(E15/$E$25,0) | E15: 33 | F15: =IFERROR(G15/$G$25,0) | G15: 5 | H15: =IFERROR(G15/E15,0) | I15: =IFERROR(C15/E15,0) | K15: =IFERROR(C15/G15,0) | M15: =IFERROR(G15/E15,0)
A16: 01-28.02.25 | B16: Наши площадки | C16: 0 | D16: =IFERROR(E16/$E$25,0) | E16: 0 | F16: =IFERROR(G16/$G$25,0) | G16: 0 | H16: =IFERROR(G16/E16,0) | I16: =IFERROR(C16/E16,0) | K16: =IFERROR(C16/G16,0) | M16: =IFERROR(G16/E16,0)
A17: 01-28.02.25 | B17: Внешние площадки | C17: 0 | D17: =IFERROR(E17/$E$25,0) | E17: 7 | F17: =IFERROR(G17/$G$25,0) | G17: 3 | H17: =IFERROR(G17/E17,0) | I17: =IFERROR(C17/E17,0) | K17: =IFERROR(C17/G17,0) | M17: =IFERROR(G17/E17,0)
A18: 01-28.02.25 | B18: ВК лидген | C18: 96000 | D18: =IFERROR(E18/$E$25,0) | E18: 8 | F18: =IFERROR(G18/$G$25,0) | G18: 0 | H18: =IFERROR(G18/E18,0) | I18: =IFERROR(C18/E18,0) | K18: =IFERROR(C18/G18,0) | M18: =IFERROR(G18/E18,0)
A19: 01-28.02.25 | B19: Прямые визиты | C19: 0 | D19: =IFERROR(E19/$E$25,0) | E19: 6 | F19: =IFERROR(G19/$G$25,0) | G19: 2 | H19: =IFERROR(G19/E19,0) | I19: =IFERROR(C19/E19,0) | K19: =IFERROR(C19/G19,0) | M19: =IFERROR(G19/E19,0)
A20: 01-28.02.25 | B20: Вебинары/Мероприятия | C20: 52000 | D20: =IFERROR(E20/$E$25,0) | E20: 2 | F20: =IFERROR(G20/$G$25,0) | G20: 0 | H20: =IFERROR(G20/E20,0) | I20: =IFERROR(C20/E20,0) | K20: =IFERROR(C20/G20,0) | M20: =IFERROR(G20/E20,0)
A21: 01-28.02.25 | B21: Рассылки по нашей базе | C21: 0 | D21: =IFERROR(E21/$E$25,0) | E21: 2 | F21: =IFERROR(G21/$G$25,0) | G21: 0 | H21: =IFERROR(G21/E21,0) | I21: =IFERROR(C21/E21,0) | K21: =IFERROR(C21/G21,0) | M21: =IFERROR(G21/E21,0)
A22: 01-28.02.25 | B22: Рассылки по холодной базе | C22: 10800 | D22: =IFERROR(E22/$E$25,0) | E22: 0 | F22: =IFERROR(G22/$G$25,0) | G22: 0 | H22: =IFERROR(G22/E22,0) | I22: =IFERROR(C22/E22,0) | K22: =IFERROR(C22/G22,0) | M22: =IFERROR(G22/E22,0)
A23: 01-28.02.25 | B23: Рекомендации | C23: 0 | D23: =IFERROR(E23/$E$25,0) | E23: 1 | F23: =IFERROR(G23/$G$25,0) | G23: 1 | H23: =IFERROR(G23/E23,0) | I23: =IFERROR(C23/E23,0) | K23: =IFERROR(C23/G23,0) | M23: =IFERROR(G23/E23,0)
A24: 01-28.02.25 | B24: Неизвестно | C24: 0 | D24: =IFERROR(E24/$E$25,0) | E24: 3 | F24: =IFERROR(G24/$G$25,0) | G24: 1 | H24: =IFERROR(G24/E24,0) | I24: =IFERROR(C24/E24,0) | K24: =IFERROR(C24/G24,0) | M24: =IFERROR(G24/E24,0)
A25: TOTAL Февраль | C25: =SUM(C14:C24) | E25: =SUM(E14:E24) | G25: =SUM(G14:G24) | H25: =IFERROR(G25/E25,0) | I25: =IFERROR(C25/E25,0) | J25: 987580 | K25: =IFERROR(C25/G25,0) | L25: =IFERROR((C25+J25)/G25,0) | M25: =IFERROR(G25/E25,0)
A26: 01-31.03.25 | B26: SEO | C26: 18000 | D26: =IFERROR(E26/$E$38,0) | E26: 27 | F26: =IFERROR(G26/$G$38,0) | G26: 9 | H26: =IFERROR(G26/E26,0) | I26: =IFERROR(C26/E26,0) | K26: =IFERROR(C26/G26,0) | M26: =IFERROR(G26/E26,0)
A27: 01-31.03.25 | B27: Яндекс.Директ | C27: 468697 | D27: =IFERROR(E27/$E$38,0) | E27: 24 | F27: =IFERROR(G27/$G$38,0) | G27: 9 | H27: =IFERROR(G27/E27,0) | I27: =IFERROR(C27/E27,0) | K27: =IFERROR(C27/G27,0) | M27: =IFERROR(G27/E27,0)
A28: 01-31.03.25 | B28: Наши площадки | C28: 0 | D28: =IFERROR(E28/$E$38,0) | E28: 0 | F28: =IFERROR(G28/$G$38,0) | G28: 0 | H28: =IFERROR(G28/E28,0) | I28: =IFERROR(C28/E28,0) | K28: =IFERROR(C28/G28,0) | M28: =IFERROR(G28/E28,0)
A29: 01-31.03.25 | B29: Внешние площадки | C29: 0 | D29: =IFERROR(E29/$E$38,0) | E29: 9 | F29: =IFERROR(G29/$G$38,0) | G29: 3 | H29: =IFERROR(G29/E29,0) | I29: =IFERROR(C29/E29,0) | K29: =IFERROR(C29/G29,0) | M29: =IFERROR(G29/E29,0)
A30: 01-31.03.25 | B30: ВК контент | C30: 212000 | D30: =IFERROR(E30/$E$38,0) | F30: =IFERROR(G30/$G$38,0) | H30: =IFERROR(G30/E30,0) | I30: =IFERROR(C30/E30,0) | K30: =IFERROR(C30/G30,0) | M30: =IFERROR(G30/E30,0)
A31: 01-31.03.25 | B31: ВК лидген | C31: 11000 | D31: =IFERROR(E31/$E$38,0) | E31: 22 | F31: =IFERROR(G31/$G$38,0) | G31: 1 | H31: =IFERROR(G31/E31,0) | I31: =IFERROR(C31/E31,0) | K31: =IFERROR(C31/G31,0) | M31: =IFERROR(G31/E31,0)
A32: 01-31.03.25 | B32: Прямые визиты | C32: 0 | D32: =IFERROR(E32/$E$38,0) | E32: 8 | F32: =IFERROR(G32/$G$38,0) | G32: 3 | H32: =IFERROR(G32/E32,0) | I32: =IFERROR(C32/E32,0) | K32: =IFERROR(C32/G32,0) | M32: =IFERROR(G32/E32,0)
A33: 01-31.03.25 | B33: Вебинары/Мероприятия | C33: 0 | D33: =IFERROR(E33/$E$38,0) | E33: 2 | F33: =IFERROR(G33/$G$38,0) | G33: 0 | H33: =IFERROR(G33/E33,0) | I33: =IFERROR(C33/E33,0) | K33: =IFERROR(C33/G33,0) | M33: =IFERROR(G33/E33,0)
A34: 01-31.03.25 | B34: Рассылки по нашей базе | C34: 6800 | D34: =IFERROR(E34/$E$38,0) | E34: 5 | F34: =IFERROR(G34/$G$38,0) | G34: 0 | H34: =IFERROR(G34/E34,0) | I34: =IFERROR(C34/E34,0) | K34: =IFERROR(C34/G34,0) | M34: =IFERROR(G34/E34,0)
A35: 01-31.03.25 | B35: Рассылки по холодной базе | C35: 29318 | D35: =IFERROR(E35/$E$38,0) | E35: 3 | F35: =IFERROR(G35/$G$38,0) | G35: 0 | H35: =IFERROR(G35/E35,0) | I35: =IFERROR(C35/E35,0) | K35: =IFERROR(C35/G35,0) | M35: =IFERROR(G35/E35,0)
A36: 01-31.03.25 | B36: Рекомендации | C36: 0 | D36: =IFERROR(E36/$E$38,0) | E36: 1 | F36: =IFERROR(G36/$G$38,0) | G36: 1 | H36: =IFERROR(G36/E36,0) | I36: =IFERROR(C36/E36,0) | K36: =IFERROR(C36/G36,0) | M36: =IFERROR(G36/E36,0)
A37: 01-31.03.25 | B37: Неизвестно | C37: 0 | D37: =IFERROR(E37/$E$38,0) | E37: 1 | F37: =IFERROR(G37/$G$38,0) | G37: 0 | H37: =IFERROR(G37/E37,0) | I37: =IFERROR(C37/E37,0) | K37: =IFERROR(C37/G37,0) | M37: =IFERROR(G37/E37,0)
A38: TOTAL Март | C38: =SUM(C26:C37) | E38: =SUM(E26:E37) | G38: =SUM(G26:G37) | H38: =IFERROR(G38/E38,0) | I38: =IFERROR(C38/E38,0) | J38: 1045635 | K38: =IFERROR(C38/G38,0) | L38: =IFERROR((C38+J38)/G38,0) | M38: =IFERROR(G38/E38,0)
A40: 1Q | B40: SEO | C40: =C2+C14+C26 | D40: =IFERROR(E40/$E$52,0) | E40: =E2+E14+E26 | F40: =IFERROR(G40/$G$52,0) | G40: =G2+G14+G26 | H40: =IFERROR(G40/E40,0) | I40: =IFERROR(C40/E40,0) | K40: =IFERROR(C40/G40,0) | M40: =IFERROR(G40/E40,0)
A41: 1Q | B41: Яндекс.Директ | C41: =C3+C15+C27 | D41: =IFERROR(E41/$E$52,0) | E41: =E3+E15+E27 | F41: =IFERROR(G41/$G$52,0) | G41: =G3+G15+G27 | H41: =IFERROR(G41/E41,0) | I41: =IFERROR(C41/E41,0) | K41: =IFERROR(C41/G41,0) | M41: =IFERROR(G41/E41,0)
A42: 1Q | B42: Наши площадки | C42: =C4+C16+C28 | D42: =IFERROR(E42/$E$52,0) | E42: =E4+E16+E28 | F42: =IFERROR(G42/$G$52,0) | G42: =G4+G16+G28 | H42: =IFERROR(G42/E42,0) | I42: =IFERROR(C42/E42,0) | K42: =IFERROR(C42/G42,0) | M42: =IFERROR(G42/E42,0)
A43: 1Q | B43: Внешние площадки | C43: =C5+C17+C29 | D43: =IFERROR(E43/$E$52,0) | E43: =E5+E17+E29 | F43: =IFERROR(G43/$G$52,0) | G43: =G5+G17+G29 | H43: =IFERROR(G43/E43,0) | I43: =IFERROR(C43/E43,0) | K43: =IFERROR(C43/G43,0) | M43: =IFERROR(G43/E43,0)
A44: 1Q | B44: ВК контент | C44: =C6+C18+C30 | D44: =IFERROR(E44/$E$52,0) | E44: =E6+E30 | F44: =IFERROR(G44/$G$52,0) | G44: 0 | H44: =IFERROR(G44/E44,0) | I44: =IFERROR(C44/E44,0) | K44: =IFERROR(C44/G44,0) | M44: =IFERROR(G44/E44,0)
A45: 1Q | B45: ВК лидген | C45: =C6+C18+C31 | D45: =IFERROR(E45/$E$52,0) | E45: =E31+E18+E6 | F45: =IFERROR(G45/$G$52,0) | G45: =G6+G18+G31 | H45: =IFERROR(G45/E45,0) | I45: =IFERROR(C45/E45,0) | K45: =IFERROR(C45/G45,0) | M45: =IFERROR(G45/E45,0)
A46: 1Q | B46: Прямые визиты | C46: 0 | D46: =IFERROR(E46/$E$52,0) | E46: =E7+E19+E32 | F46: =IFERROR(G46/$G$52,0) | G46: =G7+G19+G32 | H46: =IFERROR(G46/E46,0) | I46: =IFERROR(C46/E46,0) | K46: =IFERROR(C46/G46,0) | M46: =IFERROR(G46/E46,0)
A47: 1Q | B47: Вебинары/Мероприятия | C47: =C8+C20+C33 | D47: =IFERROR(E47/$E$52,0) | E47: =E8+E20+E33 | F47: =IFERROR(G47/$G$52,0) | G47: =G8+G20+G33 | H47: =IFERROR(G47/E47,0) | I47: =IFERROR(C47/E47,0) | K47: =IFERROR(C47/G47,0) | M47: =IFERROR(G47/E47,0)
A48: 1Q | B48: Рассылки по нашей базе | C48: =C10+C22+C34 | D48: =IFERROR(E48/$E$52,0) | E48: =E9+E21+E34 | F48: =IFERROR(G48/$G$52,0) | G48: =G9+G21+G34 | H48: =IFERROR(G48/E48,0) | I48: =IFERROR(C48/E48,0) | K48: =IFERROR(C48/G48,0) | M48: =IFERROR(G48/E48,0)
A49: 1Q | B49: Рассылки по холодной базе | C49: =C11+C23+C35 | D49: =IFERROR(E49/$E$52,0) | E49: =E10+E22+E35 | F49: =IFERROR(G49/$G$52,0) | G49: =G10+G22+G35 | H49: =IFERROR(G49/E49,0) | I49: =IFERROR(C49/E49,0) | K49: =IFERROR(C49/G49,0) | M49: =IFERROR(G49/E49,0)
A50: 1Q | B50: Рекомендации | C50: =C12+C24+C36 | D50: =IFERROR(E50/$E$52,0) | E50: =E11+E23+E36 | F50: =IFERROR(G50/$G$52,0) | G50: =G11+G23+G36 | H50: =IFERROR(G50/E50,0) | I50: =IFERROR(C50/E50,0) | K50: =IFERROR(C50/G50,0) | M50: =IFERROR(G50/E50,0)
A51: 1Q | B51: Неизвестно | C51: =0 | D51: =IFERROR(E51/$E$52,0) | E51: =E12+E24+E37 | F51: =IFERROR(G51/$G$52,0) | G51: =G12+G24+G37 | H51: =IFERROR(G51/E51,0) | I51: =IFERROR(C51/E51,0) | K51: =IFERROR(C51/G51,0) | M51: =IFERROR(G51/E51,0)
A52: TOTAL 1Q | C52: =C38+C25+C13 | E52: =E38+E25+E13 | G52: =G38+G25+G13 | H52: =IFERROR(G52/E52,0) | I52: =IFERROR(C52/E52,0) | K52: =IFERROR(C52/G52,0) | M52: =IFERROR(G52/E52,0)
A54: 01-30.04.25 | B54: SEO | C54: 0 | D54: =IFERROR(E54/$E$66,0) | E54: 26 | F54: =IFERROR(G54/$G$66,0) | G54: 13 | H54: =IFERROR(G54/E54,0) | I54: =IFERROR(C54/E54,0) | K54: =IFERROR(C54/G54,0) | M54: =IFERROR(G54/E54,0)
A55: 01-30.04.25 | B55: Яндекс.Директ | C55: 473641 | D55: =IFERROR(E55/$E$66,0) | E55: 38 | F55: =IFERROR(G55/$G$66,0) | G55: 10 | H55: =IFERROR(G55/E55,0) | I55: =IFERROR(C55/E55,0) | K55: =IFERROR(C55/G55,0) | M55: =IFERROR(G55/E55,0)
A56: 01-30.04.25 | B56: Наши площадки | C56: 0 | D56: =IFERROR(E56/$E$66,0) | E56: 0 | F56: =IFERROR(G56/$G$66,0) | G56: 0 | H56: =IFERROR(G56/E56,0) | I56: =IFERROR(C56/E56,0) | K56: =IFERROR(C56/G56,0) | M56: =IFERROR(G56/E56,0)
A57: 01-30.04.25 | B57: Внешние площадки | C57: 0 | D57: =IFERROR(E57/$E$66,0) | E57: 9 | F57: =IFERROR(G57/$G$66,0) | G57: 4 | H57: =IFERROR(G57/E57,0) | I57: =IFERROR(C57/E57,0) | K57: =IFERROR(C57/G57,0) | M57: =IFERROR(G57/E57,0)
A58: 01-30.04.25 | B58: ВК контент | C58: 68300 | D58: =IFERROR(E58/$E$66,0) | F58: =IFERROR(G58/$G$66,0) | H58: =IFERROR(G58/E58,0) | I58: =IFERROR(C58/E58,0) | K58: =IFERROR(C58/G58,0) | M58: =IFERROR(G58/E58,0)
A59: 01-30.04.25 | B59: ВК лидген | C59: =150000-C58 | D59: =IFERROR(E59/$E$66,0) | E59: 9 | F59: =IFERROR(G59/$G$66,0) | G59: 0 | H59: =IFERROR(G59/E59,0) | I59: =IFERROR(C59/E59,0) | K59: =IFERROR(C59/G59,0) | M59: =IFERROR(G59/E59,0)
A60: 01-30.04.25 | B60: Прямые визиты | C60: 0 | D60: =IFERROR(E60/$E$66,0) | E60: 20 | F60: =IFERROR(G60/$G$66,0) | G60: 11 | H60: =IFERROR(G60/E60,0) | I60: =IFERROR(C60/E60,0) | K60: =IFERROR(C60/G60,0) | M60: =IFERROR(G60/E60,0)
A61: 01-30.04.25 | B61: Вебинары/Мероприятия | C61: 0 | D61: =IFERROR(E61/$E$66,0) | E61: 2 | F61: =IFERROR(G61/$G$66,0) | G61: 2 | H61: =IFERROR(G61/E61,0) | I61: =IFERROR(C61/E61,0) | K61: =IFERROR(C61/G61,0) | M61: =IFERROR(G61/E61,0)
A62: 01-30.04.25 | B62: Рассылки по нашей базе | C62: 6800 | D62: =IFERROR(E62/$E$66,0) | E62: 33 | F62: =IFERROR(G62/$G$66,0) | G62: 8 | H62: =IFERROR(G62/E62,0) | I62: =IFERROR(C62/E62,0) | K62: =IFERROR(C62/G62,0) | M62: =IFERROR(G62/E62,0)
A63: 01-30.04.25 | B63: Рассылки по холодной базе | C63: 8100 | D63: =IFERROR(E63/$E$66,0) | E63: 0 | F63: =IFERROR(G63/$G$66,0) | G63: 0 | H63: =IFERROR(G63/E63,0) | I63: =IFERROR(C63/E63,0) | K63: =IFERROR(C63/G63,0) | M63: =IFERROR(G63/E63,0)
A64: 01-30.04.25 | B64: Рекомендации | C64: 0 | D64: =IFERROR(E64/$E$66,0) | E64: 3 | F64: =IFERROR(G64/$G$66,0) | G64: 3 | H64: =IFERROR(G64/E64,0) | I64: =IFERROR(C64/E64,0) | K64: =IFERROR(C64/G64,0) | M64: =IFERROR(G64/E64,0)
A65: 01-30.04.25 | B65: Неизвестно | C65: 0 | D65: =IFERROR(E65/$E$66,0) | E65: 1 | F65: =IFERROR(G65/$G$66,0) | G65: 0 | H65: =IFERROR(G65/E65,0) | I65: =IFERROR(C65/E65,0) | K65: =IFERROR(C65/G65,0) | M65: =IFERROR(G65/E65,0)
A66: TOTAL Апрель | C66: =SUM(C54:C65) | E66: =SUM(E54:E65) | G66: =SUM(G54:G65) | H66: =IFERROR(G66/E66,0) | I66: =IFERROR(C66/E66,0) | J66: 1025393 | K66: =IFERROR(C66/G66,0) | L66: =IFERROR((C66+J66)/G66,0) | M66: =IFERROR(G66/E66,0)
A67: 01-30.05.25 | B67: SEO | C67: 0 | D67: =IFERROR(E67/$E$80,0) | E67: 7 | F67: =IFERROR(G67/$G$105,0) | G67: 2 | H67: =IFERROR(G67/E67,0) | I67: =IFERROR(C67/E67,0) | K67: =IFERROR(C67/G67,0) | M67: =IFERROR(G67/E67,0)
A68: 01-30.05.25 | B68: Яндекс.Директ | C68: 374904 | D68: =IFERROR(E68/$E$80,0) | E68: 51 | F68: =IFERROR(G68/$G$105,0) | G68: 8 | H68: =IFERROR(G68/E68,0) | I68: =IFERROR(C68/E68,0) | K68: =IFERROR(C68/G68,0) | M68: =IFERROR(G68/E68,0)
A69: 01-30.05.25 | B69: Наши площадки | C69: 0 | D69: =IFERROR(E69/$E$80,0) | E69: 0 | F69: =IFERROR(G69/$G$105,0) | G69: 0 | H69: =IFERROR(G69/E69,0) | I69: =IFERROR(C69/E69,0) | K69: =IFERROR(C69/G69,0) | M69: =IFERROR(G69/E69,0)
A70: 01-30.05.25 | B70: Внешние площадки | C70: 0 | D70: =IFERROR(E70/$E$80,0) | E70: 4 | F70: =IFERROR(G70/$G$105,0) | G70: 4 | H70: =IFERROR(G70/E70,0) | I70: =IFERROR(C70/E70,0) | K70: =IFERROR(C70/G70,0) | M70: =IFERROR(G70/E70,0)
A71: 01-30.05.25 | B71: ВК контент | C71: 42967 | D71: =IFERROR(E71/$E$80,0) | E71: 1 | F71: =IFERROR(G71/$G$105,0) | G71: 0 | H71: =IFERROR(G71/E71,0) | I71: =IFERROR(C71/E71,0) | K71: =IFERROR(C71/G71,0) | M71: =IFERROR(G71/E71,0)
A72: 01-30.05.25 | B72: ВК лидген | C72: 12141 | D72: =IFERROR(E72/$E$80,0) | E72: 0 | F72: =IFERROR(G72/$G$105,0) | G72: 0 | H72: =IFERROR(G72/E72,0) | I72: =IFERROR(C72/E72,0) | K72: =IFERROR(C72/G72,0) | M72: =IFERROR(G72/E72,0)
A73: 01-30.05.25 | B73: Прямые визиты | C73: 0 | D73: =IFERROR(E73/$E$80,0) | E73: 1 | F73: =IFERROR(G73/$G$105,0) | G73: 1 | H73: =IFERROR(G73/E73,0) | I73: =IFERROR(C73/E73,0) | K73: =IFERROR(C73/G73,0) | M73: =IFERROR(G73/E73,0)
A74: 01-30.05.25 | B74: Вебинары/Мероприятия | C74: 0 | D74: =IFERROR(E74/$E$80,0) | E74: 4 | F74: =IFERROR(G74/$G$105,0) | G74: 0 | H74: =IFERROR(G74/E74,0) | I74: =IFERROR(C74/E74,0) | K74: =IFERROR(C74/G74,0) | M74: =IFERROR(G74/E74,0)
A75: 01-30.05.25 | B75: Рассылки по нашей базе | C75: 0 | D75: =IFERROR(E75/$E$80,0) | E75: 15 | F75: =IFERROR(G75/$G$105,0) | G75: 4 | H75: =IFERROR(G75/E75,0) | I75: =IFERROR(C75/E75,0) | K75: =IFERROR(C75/G75,0) | M75: =IFERROR(G75/E75,0)
A76: 01-30.05.25 | B76: Рассылки по холодной базе | C76: 0 | D76: =IFERROR(E76/$E$80,0) | E76: 0 | F76: =IFERROR(G76/$G$105,0) | G76: 0 | H76: =IFERROR(G76/E76,0) | I76: =IFERROR(C76/E76,0) | K76: =IFERROR(C76/G76,0) | M76: =IFERROR(G76/E76,0)
A77: 01-30.05.25 | B77: Рекомендации | C77: 0 | D77: =IFERROR(E77/$E$80,0) | E77: 0 | F77: =IFERROR(G77/$G$105,0) | G77: 0 | H77: =IFERROR(G77/E77,0) | I77: =IFERROR(C77/E77,0) | K77: =IFERROR(C77/G77,0) | M77: =IFERROR(G77/E77,0)
A78: 01-30.05.25 | B78: Видео продвижение | D78: =IFERROR(E78/$E$80,0) | F78: =IFERROR(G78/$G$105,0) | H78: =IFERROR(G78/E78,0) | I78: =IFERROR(C78/E78,0) | K78: =IFERROR(C78/G78,0) | M78: =IFERROR(G78/E78,0)
A79: 01-30.05.25 | B79: Неизвестно | C79: 0 | D79: =IFERROR(E79/$E$80,0) | E79: 4 | F79: =IFERROR(G79/$G$105,0) | G79: 1 | H79: =IFERROR(G79/E79,0) | I79: =IFERROR(C79/E79,0) | K79: =IFERROR(C79/G79,0) | M79: =IFERROR(G79/E79,0)
A80: TOTAL Май | C80: =SUM(C67:C79) | E80: 129 | G80: 39 | H80: =IFERROR(G80/E80,0) | I80: =IFERROR(C80/E80,0) | J80: 1006729 | K80: =IFERROR(C80/G80,0) | L80: =IFERROR((J80+C80)/G80,0) | M80: =IFERROR(G80/E80,0)
A82: TOTAL МАЙ 1-31 | C82: =328273+42967+1800+80000 | E82: 143 | G82: 38 | H82: =IFERROR(G82/E82,0) | I82: =IFERROR(C82/E82,0) | K82: =IFERROR(C82/G82,0) | M82: =IFERROR(G82/E82,0)
A84: TOTAL 2Q | C84: =C80+C66 | E84: =E80+E66 | G84: =G80+G66 | H84: =IFERROR(G84/E84,0) | I84: =IFERROR(C84/E84,0) | K84: =IFERROR(C84/G84,0) | M84: =IFERROR(G84/E84,0)
A92: 01.02-31.03.25 | B92: ЯД | C92: =820132-84501 | D92: =IFERROR(E92/$E$105,0) | E92: 57 | F92: =IFERROR(G92/$G$105,0) | G92: 7 | H92: =IFERROR(G92/E92,0) | I92: =IFERROR(C92/E92,0) | K92: =IFERROR(C92/G92,0) | M92: =IFERROR(G92/E92,0)
B93: SEO | D93: =IFERROR(E93/$E$105,0) | E93: 55 | F93: =IFERROR(G93/$G$105,0) | G93: 19 | H93: =IFERROR(G93/E93,0) | I93: =IFERROR(C93/E93,0) | K93: =IFERROR(C93/G93,0) | M93: =IFERROR(G93/E93,0)
B94: ВК лидген | C94: =(96000+222000)-14000 | D94: =IFERROR(E94/$E$105,0) | E94: 15 | F94: =IFERROR(G94/$G$105,0) | G94: 1 | H94: =IFERROR(G94/E94,0) | I94: =IFERROR(C94/E94,0) | K94: =IFERROR(C94/G94,0) | M94: =IFERROR(G94/E94,0)
B95: ВК контент | C95: 14000 | D95: =IFERROR(E95/$E$105,0) | E95: 0 | F95: =IFERROR(G95/$G$105,0) | G95: 0 | H95: =IFERROR(G95/E95,0) | I95: =IFERROR(C95/E95,0) | K95: =IFERROR(C95/G95,0) | M95: =IFERROR(G95/E95,0)
B96: ТГ | C96: 84501 | D96: =IFERROR(E96/$E$105,0) | E96: 14 | F96: =IFERROR(G96/$G$105,0) | G96: 0 | H96: =IFERROR(G96/E96,0) | I96: =IFERROR(C96/E96,0) | K96: =IFERROR(C96/G96,0) | M96: =IFERROR(G96/E96,0)
B97: Прямые визиты | C97: 0 | D97: =IFERROR(E97/$E$105,0) | E97: 6 | F97: =IFERROR(G97/$G$105,0) | G97: 3 | H97: =IFERROR(G97/E97,0) | I97: =IFERROR(C97/E97,0) | K97: =IFERROR(C97/G97,0) | M97: =IFERROR(G97/E97,0)
B98: Наши площадки | C98: 0 | D98: =IFERROR(E98/$E$105,0) | E98: 9 | F98: =IFERROR(G98/$G$105,0) | G98: 5 | H98: =IFERROR(G98/E98,0) | I98: =IFERROR(C98/E98,0) | K98: =IFERROR(C98/G98,0) | M98: =IFERROR(G98/E98,0)
B99: Внешние площадки | C99: 0 | D99: =IFERROR(E99/$E$105,0) | E99: 15 | F99: =IFERROR(G99/$G$105,0) | G99: 7 | H99: =IFERROR(G99/E99,0) | I99: =IFERROR(C99/E99,0) | K99: =IFERROR(C99/G99,0) | M99: =IFERROR(G99/E99,0)
B100: Вебинары, мероприятия | C100: 0 | D100: =IFERROR(E100/$E$105,0) | E100: 4 | F100: =IFERROR(G100/$G$105,0) | G100: 0 | H100: =IFERROR(G100/E100,0) | I100: =IFERROR(C100/E100,0) | K100: =IFERROR(C100/G100,0) | M100: =IFERROR(G100/E100,0)
B101: Рассылки теплые | C101: 0 | D101: =IFERROR(E101/$E$105,0) | E101: 5 | F101: =IFERROR(G101/$G$105,0) | G101: 0 | H101: =IFERROR(G101/E101,0) | I101: =IFERROR(C101/E101,0) | K101: =IFERROR(C101/G101,0) | M101: =IFERROR(G101/E101,0)
B102: Рассылки холод | C102: 115000 | D102: =IFERROR(E102/$E$105,0) | E102: 3 | F102: =IFERROR(G102/$G$105,0) | G102: 0 | H102: =IFERROR(G102/E102,0) | I102: =IFERROR(C102/E102,0) | K102: =IFERROR(C102/G102,0) | M102: =IFERROR(G102/E102,0)
B103: Рекомендации | C103: 0 | D103: =IFERROR(E103/$E$105,0) | E103: 5 | F103: =IFERROR(G103/$G$105,0) | G103: 3 | H103: =IFERROR(G103/E103,0) | I103: =IFERROR(C103/E103,0) | K103: =IFERROR(C103/G103,0) | M103: =IFERROR(G103/E103,0)
B104: Неизвестно | C104: 0 | D104: =IFERROR(E104/$E$105,0) | E104: 6 | F104: =IFERROR(G104/$G$105,0) | G104: 2 | H104: =IFERROR(G104/E104,0) | I104: =IFERROR(C104/E104,0) | K104: =IFERROR(C104/G104,0) | M104: =IFERROR(G104/E104,0)
A105: ТОТАЛ Фервль-Март | C105: =SUM(C92:C104) | E105: =SUM(E92:E104) | G105: =SUM(G92:G104) | H105: =IFERROR(G105/E105,0) | I105: =IFERROR(C105/E105,0) | K105: =IFERROR(C105/G105,0) | M105: =IFERROR(G105/E105,0)
A106: 01-23.04 | B106: ЯД | C106: =370000-40000 | D106: =IFERROR(E106/$E$120,0) | E106: 24 | F106: =IFERROR(G106/$G$120,0) | G106: 7 | H106: =IFERROR(G106/E106,0) | I106: =IFERROR(C106/E106,0) | K106: =IFERROR(C106/G106,0) | M106: =IFERROR(G106/E106,0)
B107: SEO | D107: =IFERROR(E107/$E$120,0) | E107: 22 | F107: =IFERROR(G107/$G$120,0) | G107: 11 | H107: =IFERROR(G107/E107,0) | I107: =IFERROR(C107/E107,0) | K107: =IFERROR(C107/G107,0) | M107: =IFERROR(G107/E107,0)
B108: ВК лидген | C108: =150000-75900 | D108: =IFERROR(E108/$E$120,0) | E108: 2 | F108: =IFERROR(G108/$G$120,0) | G108: 0 | H108: =IFERROR(G108/E108,0) | I108: =IFERROR(C108/E108,0) | K108: =IFERROR(C108/G108,0) | M108: =IFERROR(G108/E108,0)
B109: ВК контент | C109: 75900 | D109: =IFERROR(E109/$E$120,0) | E109: 0 | F109: =IFERROR(G109/$G$120,0) | G109: 0 | H109: =IFERROR(G109/E109,0) | I109: =IFERROR(C109/E109,0) | K109: =IFERROR(C109/G109,0) | M109: =IFERROR(G109/E109,0) | N109: 4. Учитывать кол-во подписчиков по продвижению контента
B110: ТГ | C110: 40000 | D110: =IFERROR(E110/$E$120,0) | E110: 3 | F110: =IFERROR(G110/$G$120,0) | G110: 0 | H110: =IFERROR(G110/E110,0) | I110: =IFERROR(C110/E110,0) | K110: =IFERROR(C110/G110,0) | M110: =IFERROR(G110/E110,0)
B111: Прямые визиты | C111: 0 | D111: =IFERROR(E111/$E$120,0) | E111: 12 | F111: =IFERROR(G111/$G$120,0) | G111: 7 | H111: =IFERROR(G111/E111,0) | I111: =IFERROR(C111/E111,0) | K111: =IFERROR(C111/G111,0) | M111: =IFERROR(G111/E111,0)
...

Sheet План по каналам
A1: План бюджета по каналам, 2026
A4: Media | B4: Январь | C4: Февраль | D4: Март | E4: Апрель | F4: Май | G4: Июнь | H4: Июль | I4: Август | J4: Сентябрь | K4: Октябрь | L4: Ноябрь | M4: Декабрь | N4: Total
A5: SEO | B5: 0 | C5: 0 | D5: 0 | E5: 36250 | F5: 0 | G5: 110000 | H5: 110000 | I5: 110000 | J5: 110000 | K5: 110000 | L5: 110000 | M5: 110000 | N5: =SUM(B5:M5)
A6: Яндекс.Директ | B6: 358155 | C6: 351400 | D6: 468697 | E6: 473641 | F6: 350000 | G6: 270000 | H6: 270000 | I6: 270000 | J6: 270000 | K6: 270000 | L6: 270000 | M6: 270000 | N6: =SUM(B6:M6)
A7: Наши площадки | B7: 0 | C7: 0 | D7: 0 | E7: 0 | F7: 0 | G7: 0 | H7: 0 | I7: 0 | J7: 0 | K7: 0 | L7: 0 | M7: 0 | N7: =SUM(B7:M7)
A8: Внешние площадки | B8: 0 | C8: 0 | D8: 0 | E8: 0 | F8: 0 | G8: 0 | H8: 0 | I8: 0 | J8: 0 | K8: 0 | L8: 0 | M8: 0 | N8: =SUM(B8:M8)
A9: ВК лидген | B9: 0 | C9: 96000 | D9: 222000 | E9: 12000 | F9: 20000 | G9: 20000 | H9: 20000 | I9: 20000 | J9: 20000 | K9: 20000 | L9: 20000 | M9: 20000 | N9: =SUM(B9:M9)
A10: ВК контент | B10: 0 | C10: 0 | D10: 0 | E10: 212000 | F10: 50000 | G10: 30000 | H10: 30000 | I10: 30000 | J10: 30000 | K10: 30000 | L10: 30000 | M10: 30000 | N10: =SUM(B10:M10)
A11: Тестовые каналы | B11: 0 | C11: 0 | D11: 0 | E11: 0 | F11: 50000 | G11: 50000 | H11: 50000 | I11: 50000 | J11: 50000 | K11: 50000 | L11: 50000 | M11: 50000 | N11: =SUM(B11:M11)
A12: Вебинары/Мероприятия | B12: 92000 | C12: 92000 | D12: 92000 | E12: 92000 | F12: 92000 | G12: 92000 | H12: 92000 | I12: 92000 | J12: 92000 | K12: 92000 | L12: 92000 | M12: 92000 | N12: =SUM(B12:M12)
A13: Рассылки теплые | B13: 6800 | C13: 6800 | D13: 6800 | E13: 6800 | F13: 6800 | G13: 6800 | H13: 6800 | I13: 6800 | J13: 6800 | K13: 6800 | L13: 6800 | M13: 6800 | N13: =SUM(B13:M13)
A14: Рассылки холодные | B14: 0 | C14: 10800 | D14: 29318 | E14: 8100 | F14: 0 | G14: 10000 | H14: 10000 | I14: 10000 | J14: 10000 | K14: 10000 | L14: 10000 | M14: 10000 | N14: =SUM(B14:M14)
B15: 0 | C15: 0 | D15: 0 | E15: 0 | F15: 0 | G15: 0 | H15: 0 | I15: 0 | J15: 0 | K15: 0 | L15: 0 | M15: 0 | N15: =SUM(B15:M15)
A16: ТГ посевы + адс. Рост канала | B16: 0 | C16: 0 | D16: 0 | E16: 0 | F16: 30000 | G16: 50000 | H16: 50000 | I16: 50000 | J16: 50000 | K16: 50000 | L16: 50000 | M16: 50000 | N16: =SUM(B16:M16)
B17: 0 | C17: 0 | D17: 0 | E17: 0 | F17: 0 | G17: 0 | H17: 0 | I17: 0 | J17: 0 | K17: 0 | L17: 0 | M17: 0 | N17: =SUM(B17:M17)
A18: Ad cost, exc VAT | B18: =SUM(B5:B17) | C18: =SUM(C5:C17) | D18: =SUM(D5:D17) | E18: =SUM(E5:E17) | F18: =SUM(F5:F17) | G18: =SUM(G5:G17) | H18: =SUM(H5:H17) | I18: =SUM(I5:I17) | ... M18: =SUM(M5:M17) | N18: =SUM(B18:M18)
A19: VAT 20% | B19: =(B6+B8)*20% | C19: =(C6+C8+C9+C14)*20% | D19: =(D6+D8+D9+D14)*20% | E19: =(E6+E8+E9+E14)*20% | F19: =(F6+F8+F9+F14)*20% | G19: =(G6+G8+G9+G14)*20% | H19: =(H6+H8+H9+H14)*20% | I19: =(I6+I8+I9+I14)*20% | J19: =(J6+J8+J9+J14)*20% | ... M19: =(M6+M8+M9+M14)*20% | N19: =SUM(B19:M19)
A20: VAT 3% | B20: =(B5+B10)*5% | C20: =(C5+C10)*5% | D20: =(D5+D10)*5% | E20: =(E5+E10)*5% | F20: =(F5+F10)*5% | G20: =(G5+G10)*5% | H20: =(H5+H10)*5% | I20: =(I5+I10)*5% | ... M20: =(M5+M10)*5% | N20: =SUM(B20:M20)
A21: Total media budget 2025 | B21: =SUM(B18:B20) | C21: =SUM(C18:C20) | D21: =SUM(D18:D20) | E21: =SUM(E18:E20) | F21: =SUM(F18:F20) | G21: =SUM(G18:G20) | H21: =SUM(H18:H20) | I21: =SUM(I18:I20) | ... M21: =SUM(M18:M20) | N21: =SUM(B21:M21)
A23: Media | B23: 1HY2025 | C23: 2HY2025
B24: =SUM(B21:G21)

Sheet Медиаплан
A1: # | B1: Channel | C1: Phase | D1: Tool | E1: Type of devices | F1: Subcontractor | G1: Site | H1: Specification of the formats | I1: Targeting | J1: GEO | K1: Type of placement | L1: Start of placement | M1: End of placement | N1: Buying unit, NET | O1: Price per unit, NET | P1: Extra charge for targeting | Q1: Coefficient of seasonality | R1: Discount % | S1: Price per unit incl. extra charges, NET | T1: Number of buying units | U1: Total price, exc VAT | V1: VAT | W1: Total price, inc VAT | X1: Impressions forecast | Y1: Frequency forecast | Z1: Technical reach forecast | AA1: Unique Reach | AB1: CPM forecast | AC1: CTR, % forecast | AD1: Clicks forecast | AE1: CPC forecast | AF1: CR | AG1: MQL, forecast | AH1: CPMQL, forecast | AI1: MQL->SQL | AJ1: SQL, forecast | AK1: CPSQL, forecast | AL1: 01.01-07.01 | AM1: 08.01-14.01 | AN1: 15.01-21.01 | AO1: 22.01-28.01 | AP1: 29.01-04.02 | AQ1: 05.02-11.02 | AR1: 12.02-18.02 | AS1: 19.02-25.02 | AT1: 26.02-03.03 | AU1: 04.03-10.03 | AV1: 11.03-17.03 | AW1: 18.03-24.03 | AX1: 25.03-31.04 | AY1: 01.04-07.04 | AZ1: 08.04-14.04 | BA1: 15.04-21.04 | BB1: 22.04-28.05 | BC1: 29.04-05.05 | BD1: 06.05-12.05 | BE1: 13.05-19.05 | BF1: 20.05-26.05 | BG1: 27.05-02.06 | BH1: 03.06-09.06 | BI1: 10.06-16.06 | BJ1: 17.06-23.06 | BK1: 24.06-30.06
A2: 1 | B2: SEO | C2: Interest | D2: SEO | E2: Desktop+Mobile | F2: (?) | G2: - | H2: - | I2: - | J2: - | K2: - | L2: 45689 | M2: 45838 | N2: 1 unit | O2: 100000 | P2: 1 | Q2: 1 | R2: 0 | S2: =O2*P2*Q2-R2 | T2: 6 | U2: =S2*T2 | V2: =U2*20% | W2: =SUM(U2:V2) | X2: - | Y2: - | Z2: - | AA2: - | AB2: - | AC2: - | AD2: =IFERROR(AG2/AF2,0) | AE2: =IFERROR(U2/AD2,0) | AF2: 0.017 | AG2: 45 | AH2: =IFERROR(U2/AG2,0) | AI2: 0.4 | AJ2: =AG2*AI2 | AK2: =IFERROR(U2/AJ2,0)
A3: 2 | B3: SEM | C3: Interest | D3: Yandex Search CPC | E3: Desktop+Mobile | F3: Yandex | G3: Yandex Direct | H3: Text keywords | I3: Keywords | J3: RF | K3: Auction | L3: 45658 | M3: 45838 | N3: 1 click | O3: 225 | P3: 1 | Q3: 1 | R3: 0 | S3: =O3*P3*Q3-R3 | T3: 2800 | U3: =S3*T3 | V3: =U3*20% | W3: =SUM(U3:V3) | X3: =IFERROR(T3/AC3,0) | Y3: - | Z3: - | AA3: - | AB3: =IFERROR(U3/X3*1000,0) | AC3: 0.07 | AD3: =T3 | AE3: =O3 | AF3: 0.032 | AG3: =ROUND(AF3*AD3,0) | AH3: =IFERROR(U3/AG3,0) | AI3: 0.4 | AJ3: =AG3*AI3 | AK3: =IFERROR(U3/AJ3,0)
A4: 3 | B4: SEM | C4: Interest | D4: Yandex Network CPC | E4: Desktop+Mobile | F4: Yandex | G4: Yandex Direct | H4: TGB keywords | I4: Keywords | J4: RF | K4: Auction | L4: 45658 | M4: 45838 | N4: 1 click | O4: 5 | P4: 1 | Q4: 1 | R4: 0 | S4: =O4*P4*Q4-R4 | T4: 9000 | U4: =S4*T4 | V4: =U4*20% | W4: =SUM(U4:V4) | X4: =IFERROR(T4/AC4,0) | Y4: - | Z4: - | AA4: - | AB4: =IFERROR(U4/X4*1000,0) | AC4: 0.005 | AD4: =T4 | AE4: =O4 | AF4: 0.002 | AG4: =ROUND(AF4*AD4,0) | AH4: =IFERROR(U4/AG4,0) | AI4: 0.4 | AJ4: =AG4*AI4 | AK4: =IFERROR(U4/AJ4,0)
A5: 4 | B5: SEM | C5: Consideration | D5: Yandex Network CPC | E5: Desktop+Mobile | F5: Yandex | G5: Yandex Direct | H5: TGB Retargeting | I5: Retargeting | J5: RF | K5: Auction | L5: 45658 | M5: 45838 | N5: 1 click | O5: 85 | P5: 1 | Q5: 1 | R5: 0 | S5: =O5*P5*Q5-R5 | T5: 9000 | U5: =S5*T5 | V5: =U5*20% | W5: =SUM(U5:V5) | X5: =IFERROR(T5/AC5,0) | Y5: - | Z5: - | AA5: - | AB5: =IFERROR(U5/X5*1000,0) | AC5: 0.005 | AD5: =T5 | AE5: =O5 | AF5: 0.003 | AG5: =ROUND(AF5*AD5,0) | AH5: =IFERROR(U5/AG5,0) | AI5: 0.4 | AJ5: =AG5*AI5 | AK5: =IFERROR(U5/AJ5,0)
A6: 5 | B6: SEM | C6: Interest | D6: Yandex Search CPC | E6: Desktop+Mobile | F6: Yandex | G6: Yandex Direct | H6: Text Conference | I6: Keywords | J6: RF+KZ | K6: Auction | L6: 45658 | M6: 45742 | N6: 1 click | O6: 250 | P6: 1 | Q6: 1 | R6: 0 | S6: =O6*P6*Q6-R6 | T6: 1800 | U6: =S6*T6 | V6: =U6*20% | W6: =SUM(U6:V6) | X6: =IFERROR(T6/AC6,0) | Y6: - | Z6: - | AA6: - | AB6: =IFERROR(U6/X6*1000,0) | AC6: 0.07 | AD6: =T6 | AE6: =O6 | AF6: 0.032 | AG6: =ROUND(AF6*AD6,0) | AH6: =IFERROR(U6/AG6,0) | AI6: 0.4 | AJ6: =AG6*AI6 | AK6: =IFERROR(U6/AJ6,0)
A7: 6 | B7: SEM | C7: Interest | D7: Yandex Network CPC | E7: Desktop+Mobile | F7: Yandex | G7: Yandex Direct | H7: TGB Conference | I7: Keywords | J7: RF+KZ | K7: Auction | L7: 45658 | M7: 45742 | N7: 1 click | O7: 10 | P7: 1 | Q7: 1 | R7: 0 | S7: =O7*P7*Q7-R7 | T7: 11000 | U7: =S7*T7 | V7: =U7*20% | W7: =SUM(U7:V7) | X7: =IFERROR(T7/AC7,0) | Y7: - | Z7: - | AA7: - | AB7: =IFERROR(U7/X7*1000,0) | AC7: 0.005 | AD7: =T7 | AE7: =O7 | AF7: 0.0025 | AG7: =ROUND(AF7*AD7,0) | AH7: =IFERROR(U7/AG7,0) | AI7: 0.4 | AJ7: =AG7*AI7 | AK7: =IFERROR(U7/AJ7,0)
A8: 7 | B8: SM Promo | C8: Consideration | D8: VK Реклама | E8: Desktop+Mobile | F8: ELama | G8: VK | H8: TGB | I8: Retargeting | J8: RF+RB+KZ | K8: Auction | L8: 45689 | M8: 45838 | N8: 1 action | O8: 1300 | P8: 1 | Q8: 1 | R8: 0 | S8: =O8*P8*Q8-R8 | T8: 100 | U8: =S8*T8 | V8: =U8*20% | W8: =SUM(U8:V8) | X8: =IFERROR(ROUNDUP(AD8/AC8,0),0) | AB8: =IFERROR(U8/X8*1000,0) | AC8: 0.003 | AD8: =IFERROR(AG8/AF8,0) | AE8: =IFERROR(U8/AD8,0) | AF8: 0.05 | AG8: =T8 | AH8: =IFERROR(U8/AG8,0) | AI8: 0.4 | AJ8: =AG8*AI8 | AK8: =IFERROR(U8/AJ8,0)
A9: 8 | B9: SM Promo | C9: Consideration | D9: VK Реклама | E9: Desktop+Mobile | F9: ELama | G9: VK | H9: TGB Conference | I9: Retargeting | J9: RF+RB+KZ | K9: Auction | L9: 45689 | M9: 45838 | N9: 1 action | O9: 1300 | P9: 1 | Q9: 1 | R9: 0 | S9: =O9*P9*Q9-R9 | T9: 60 | U9: =S9*T9 | V9: =U9*20% | W9: =SUM(U9:V9) | X9: =IFERROR(ROUNDUP(AD9/AC9,0),0) | AB9: =IFERROR(U9/X9*1000,0) | AC9: 0.003 | AD9: =IFERROR(AG9/AF9,0) | AE9: =IFERROR(U9/AD9,0) | AF9: 0.05 | AG9: =T9 | AH9: =IFERROR(U9/AG9,0) | AI9: 0.4 | AJ9: =AG9*AI9 | AK9: =IFERROR(U9/AJ9,0)
A10: 9 | B10: SM Promo | C10: Consideration | D10: VK Реклама | E10: Desktop+Mobile | F10: ELama | G10: VK | H10: TGB | I10: Interests | J10: RF+RB+KZ | K10: Auction | L10: 45689 | M10: 45838 | N10: 1 action | O10: 1000 | P10: 1 | Q10: 1 | R10: 0 | S10: =O10*P10*Q10-R10 | T10: 50 | U10: =S10*T10 | V10: =U10*20% | W10: =SUM(U10:V10) | X10: =IFERROR(ROUNDUP(AD10/AC10,0),0) | AB10: =IFERROR(U10/X10*1000,0) | AC10: 0.0025 | AD10: =IFERROR(AG10/AF10,0) | AE10: =IFERROR(U10/AD10,0) | AF10: 0.025 | AG10: =T10 | AH10: =IFERROR(U10/AG10,0) | AI10: 0.4 | AJ10: =AG10*AI10 | AK10: =IFERROR(U10/AJ10,0)
A11: 10 | B11: SM Promo | C11: Consideration | D11: VK Реклама | E11: Desktop+Mobile | F11: ELama | G11: VK | H11: TGB Conference | I11: Interests | J11: RF+RB+KZ | K11: Auction | L11: 45689 | M11: 45838 | N11: 1 action | O11: 1000 | P11: 1 | Q11: 1 | R11: 0 | S11: =O11*P11*Q11-R11 | T11: 50 | U11: =S11*T11 | V11: =U11*20% | W11: =SUM(U11:V11) | X11: =IFERROR(ROUNDUP(AD11/AC11,0),0) | AB11: =IFERROR(U11/X11*1000,0) | AC11: 0.0025 | AD11: =IFERROR(AG11/AF11,0) | AE11: =IFERROR(U11/AD11,0) | AF11: 0.025 | AG11: =T11 | AH11: =IFERROR(U11/AG11,0) | AI11: 0.4 | AJ11: =AG11*AI11 | AK11: =IFERROR(U11/AJ11,0)
A12: 11 | B12: SM Promo | C12: Consideration | D12: VK Реклама | E12: Desktop+Mobile | F12: ELama | G12: VK | H12: Post | I12: Interests | J12: RF+RB+KZ | K12: Auction | L12: 45689 | M12: 45838 | N12: 1000 imp | O12: 1000 | P12: 1 | Q12: 1 | R12: 0 | S12: =O12*P12*Q12-R12 | T12: 50 | U12: =S12*T12 | V12: =U12*20% | W12: =SUM(U12:V12) | X12: =T12*1000 | AB12: =IFERROR(U12/X12*1000,0) | AC12: 0.005 | AD12: =X12*AC12 | AE12: =IFERROR(U12/AD12,0) | AF12: 0.005 | AG12: =ROUND(AF12*AD12,0) | AH12: =IFERROR(U12/AG12,0) | AI12: 0.4 | AJ12: =AG12*AI12 | AK12: =IFERROR(U12/AJ12,0)
A13: 12 | B13: SM Promo | C13: Consideration | D13: TG Ads | E13: Desktop+Mobile | F13: ELama | G13: Telegram | H13: TGB Site | I13: Channels themes+list | J13: RF+KZ | K13: Auction | L13: 45689 | M13: 45838 | N13: 1000 imp | O13: 320 | P13: 1 | Q13: 1 | R13: 0 | S13: =O13*P13*Q13-R13 | T13: 500 | U13: =S13*T13 | V13: =U13*5% | W13: =SUM(U13:V13) | X13: =1000*T13 | AB13: =IFERROR(U13/X13*1000,0) | AC13: 0.0011 | AD13: =X13*AC13 | AE13: =IFERROR(U13/AD13,0) | AF13: 0.017 | AG13: =ROUND(AF13*AD13,0) | AH13: =IFERROR(U13/AG13,0) | AI13: 0.4 | AJ13: =AG13*AI13 | AK13: =IFERROR(U13/AJ13,0)
A14: 13 | B14: SM Promo | C14: Consideration | D14: TG Ads | E14: Desktop+Mobile | F14: ELama | G14: Telegram | H14: TGB Conference | I14: Channels themes+list | J14: RF+KZ | K14: Auction | L14: 45689 | M14: 45838 | N14: 1000 imp | O14: 320 | P14: 1 | Q14: 1 | R14: 0 | S14: =O14*P14*Q14-R14 | T14: 500 | U14: =S14*T14 | V14: =U14*5% | W14: =SUM(U14:V14) | X14: =1000*T14 | AB14: =IFERROR(U14/X14*1000,0) | AC14: 0.0011 | AD14: =X14*AC14 | AE14: =IFERROR(U14/AD14,0) | AF14: 0.017 | AG14: =ROUND(AF14*AD14,0) | AH14: =IFERROR(U14/AG14,0) | AI14: 0.4 | AJ14: =AG14*AI14 | AK14: =IFERROR(U14/AJ14,0)
A15: 14 | B15: Direct Marketing | C15: Interest | D15: MTS Marketologist | E15: Mobile | F15: MTS | G15: SMS | H15: Text | I15: Competitors | J15: RF | K15: Direct | L15: 45689 | M15: 45742 | N15: 1 unit | O15: 5 | P15: 1.6 | Q15: 1 | R15: 0 | S15: =O15*P15*Q15-R15 | T15: 500 | U15: =S15*T15 | V15: =U15*20% | W15: =SUM(U15:V15) | X15: =T15 | AB15: =IFERROR(U15/X15*1000,0) | AC15: 0.02 | AD15: =X15*AC15 | AE15: 600 | AF15: 0.005 | AG15: =ROUND(AF15*AD15,0) | AH15: =IFERROR(U15/AG15,0) | AI15: 0.4 | AJ15: =AG15*AI15 | AK15: =IFERROR(U15/AJ15,0)
A16: 14 | B16: Direct Marketing | C16: Interest | D16: MTS Marketologist | E16: Mobile | F16: MTS | G16: SMS | H16: Text | I16: Conferences | J16: RF | K16: Direct | L16: 45689 | M16: 45742 | N16: 1 unit | O16: 5 | P16: 2.1 | Q16: 1 | R16: 0 | S16: =O16*P16*Q16-R16 | T16: 1650 | U16: =S16*T16 | V16: =U16*20% | W16: =SUM(U16:V16) | X16: =T16 | AB16: =IFERROR(U16/X16*1000,0) | AC16: 0.02 | AD16: =X16*AC16 | AE16: 600 | AF16: 0.005 | AG16: =ROUND(AF16*AD16,0) | AH16: =IFERROR(U16/AG16,0) | AI16: 0.4 | AJ16: =AG16*AI16 | AK16: =IFERROR(U16/AJ16,0)
A17: 15 | B17: Influense | C17: Interest | D17: TG Seeding | E17: Desktop+Mobile | F17: Timofeev | G17: Telegram | H17: Channels | I17: Channels | J17: WW | K17: - | L17: 45689 | M17: 45838 | N17: 1 unit | O17: 30000 | P17: 1 | Q17: 1 | R17: 0 | S17: =O17*P17*Q17-R17 | T17: 10 | U17: =S17*T17 | V17: =U17*20% | W17: =SUM(U17:V17) | X17: 100000 | Y17: - | Z17: - | AA17: - | AB17: =IFERROR(U17/X17*1000,0) | AC17: 0.005 | AD17: =X17*AC17 | AE17: =IFERROR(U17/AD17,0) | AF17: 0.01 | AG17: =ROUND(AF17*AD17,0) | AH17: =IFERROR(U17/AG17,0) | AI17: 0.4 | AJ17: =AG17*AI17 | AK17: =IFERROR(U17/AJ17,0)
A22: Total placement cost Net including production and Ad Serving | U22: 6 686 332,55 ₽ | V22: 1 218 466,70 ₽ | W22: 7 310 800,20 ₽ | X22: 28 190 000 | Y22: 4.29 | Z22: 6 577 667 | AA22: 4 552 967 | AD22: 111881

Sheet Канал 2024
A1: Месяц | B1: Расход | C1: MQL | D1: CPMQL | E1: SQL | F1: CPSQL | G1: CR MQL->SQL
A2: Январь | B2: н.д. | C2: 0 | D2: =IFERROR(B2/C2,0) | E2: 0 | F2: =IFERROR(B2/E2,0) | G2: =IFERROR(E2/C2,0)
A3: Февраль | B3: н.д. | D3: =IFERROR(B3/C3,0) | E3: 0 | F3: =IFERROR(B3/E3,0) | G3: =IFERROR(E3/C3,0)
A4: Март | B4: 157554 | D4: =IFERROR(B4/C4,0) | E4: 0 | F4: =IFERROR(B4/E4,0) | G4: =IFERROR(E4/C4,0)
A5: TOTAL 1Q | B5: =SUM(B2:B4) | D5: =IFERROR(B5/C5,0) | F5: =IFERROR(B5/E5,0)
A6: Апрель | B6: 131891
A7: Май | B7: 182908
A8: Июнь | B8: 287006
A9: TOTAL 2Q | B9: =SUM(B6:B8) | C9: 48 | D9: =IFERROR(B9/C9,0) | E9: 21 | F9: =IFERROR(B9/E9,0) | G9: =IFERROR(E9/C9,0)
A10: Июль | B10: 327506 | D10: =IFERROR(B10/C10,0) | F10: =IFERROR(B10/E10,0) | G10: =IFERROR(E10/C10,0)
A11: Август | B11: 337100 | D11: =IFERROR(B11/C11,0) | F11: =IFERROR(B11/E11,0) | G11: =IFERROR(E11/C11,0)
A12: Сентябрь | B12: 364194 | D12: =IFERROR(B12/C12,0) | F12: =IFERROR(B12/E12,0) | G12: =IFERROR(E12/C12,0)
A13: TOTAL 3Q | B13: =SUM(B10:B12) | C13: 126 | D13: =IFERROR(B13/C13,0) | E13: 30 | F13: =IFERROR(B13/E13,0) | G13: =IFERROR(E13/C13,0)
A14: Октябрь | B14: 366072 | D14: =IFERROR(B14/C14,0) | F14: =IFERROR(B14/E14,0) | G14: =IFERROR(E14/C14,0)
A15: Ноябрь | B15: 305921 | D15: =IFERROR(B15/C15,0) | F15: =IFERROR(B15/E15,0) | G15: =IFERROR(E15/C15,0)
A16: Декабрь | B16: 349382 | D16: =IFERROR(B16/C16,0) | F16: =IFERROR(B16/E16,0) | G16: =IFERROR(E16/C16,0)
A17: TOTAL 4Q | B17: =SUM(B14:B16) | C17: 73 | D17: =IFERROR(B17/C17,0) | E17: 14 | F17: =IFERROR(B17/E17,0) | G17: =IFERROR(E17/C17,0)
A19: TOTAL | B19: =B17+B13+B9 | C19: =C17+C13+C9 | D19: =IFERROR(B19/C19,0) | E19: =E17+E13+E9 | F19: =IFERROR(B19/E19,0) | G19: =IFERROR(E19/C19,0)
B21: =IFERROR(B19/10,0)

Sheet Продукт 2
A1: 2026
B2: MQL, план | C2: MQL->SQL, план | D2: SQL, план | E2: CPL SQL план | F2: SQL->Встреча, план | G2: Встреча, план | H2: Встреча->покупка, план | I2: Количество покупателей, план | J2: Количество покупок, план | K2: Доход, план с платящего пользователя Buyers | L2: Ср. чек, план | M2: Маржа с 1 сделки за 2025 г. | N2: Коэффициент повторных покупок (по данным из CRM = кол-во всех заказов/кол-во покупателей, за период)) | O2: Стоимость заказа (продажи) | P2: Стоимость заявки (RUR) | Q2: Стоимость квалифицированной заявки (RUR) | R2: Доход с пользователя | S2: Прибыль | T2: Выручка | U2: План по выручке | V2: Валовая прибыль | W2: Всего расходов | X2: Фикс. расходы на зарплату, команду | Y2: Расходы на сервисы (RUR) | Z2: Расходы на привлечение (RUR) | AA2: Расходы на мероприятия (RUR) | AB2: Расходы на СМИ (RUR) | AC2: Расходы на полиграфию , мерч, подарки (RUR) | AD2: Расходы прочее(командировочные, обучение и т.д.)(RUR)
B3: MQL | C3: СR1 | D3: SQL | F3: CR2 | H3: CR3 | I3: Buyers | J3: Orders | K3: ARPPU | L3: AvPrice | N3: Retention | O3: CPO | P3: CPMQL | Q3: CPSQL | R3: ARPU | S3: Profit | T3: Revenue | V3: Gross Profit | W3: Total Costs | X3: Fix Costs | Y3: Servises Costs | Z3: Acquisition Costs | AA3: Events Cost | AB3: Media Cost | AC3: Merch Cost | AD3: Other
C4: 0.4 | D4: =B4*C4
A5: Июль | B5: 35 | C5: 0.35 | D5: =B5*C5 | E5: 9000 | F5: 0.75 | G5: =D5*F5 | H5: 0.4 | I5: =G5*H5 | J5: =I5*N5 | K5: =IFERROR(T5/I5,0) | L5: 180000 | N5: 1 | T5: =J5*L5 | W5: =SUM(X5:AA5) | X5: 45000 | Y5: 8000 | Z5: 80000 | AA5: 0
A6: Август | B6: 38 | C6: 0.35 | D6: =B6*C6 | E6: 9000 | F6: 0.75 | G6: =D6*F6 | H6: 0.4 | I6: =G6*H6 | J6: =I6*N6 | K6: =IFERROR(T6/I6,0) | L6: 180000 | N6: 1 | T6: =J6*L6 | W6: =SUM(X6:AA6) | X6: 45000 | Y6: 8000 | Z6: 85000 | AA6: 0
A7: Сентябрь | B7: 41 | C7: 0.35 | D7: =B7*C7 | E7: 9000 | F7: 0.75 | G7: =D7*F7 | H7: 0.4 | I7: =G7*H7 | J7: =I7*N7 | K7: =IFERROR(T7/I7,0) | L7: 180000 | N7: 1 | T7: =J7*L7 | W7: =SUM(X7:AA7) | X7: 45000 | Y7: 8000 | Z7: 90000 | AA7: 0
A8: Октябрь | B8: 44 | C8: 0.35 | D8: =B8*C8 | E8: 9000 | F8: 0.75 | G8: =D8*F8 | H8: 0.4 | I8: =G8*H8 | J8: =I8*N8 | K8: =IFERROR(T8/I8,0) | L8: 180000 | N8: 1 | T8: =J8*L8 | W8: =SUM(X8:AA8) | X8: 45000 | Y8: 8000 | Z8: 95000 | AA8: 0
A9: Ноябрь | B9: 47 | C9: 0.35 | D9: =B9*C9 | E9: 9000 | F9: 0.75 | G9: =D9*F9 | H9: 0.4 | I9: =G9*H9 | J9: =I9*N9 | K9: =IFERROR(T9/I9,0) | L9: 180000 | N9: 1 | T9: =J9*L9 | W9: =SUM(X9:AA9) | X9: 45000 | Y9: 8000 | Z9: 100000 | AA9: 0
A10: Декабрь | B10: 50 | C10: 0.35 | D10: =B10*C10 | E10: 9000 | F10: 0.75 | G10: =D10*F10 | H10: 0.4 | I10: =G10*H10 | J10: =I10*N10 | K10: =IFERROR(T10/I10,0) | L10: 180000 | N10: 1 | T10: =J10*L10 | W10: =SUM(X10:AA10) | X10: 45000 | Y10: 8000 | Z10: 105000 | AA10: 0
A11: ИТОГО: | B11: =SUM(B5:B10) | C11: 0.4 | D11: =B11*C11 | E11: 5500 | F11: 0.82 | G11: =D11*F11 | H11: 0.3 | I11: =G11*H11 | J11: =I11*N11 | K11: =IFERROR(T11/I11,0) | L11: 180000 | M11: 438520 | N11: 1 | O11: =IFERROR(W11/J11,"") | P11: =IFERROR(W11/B11,0) | Q11: =IFERROR(W11/D11,0) | R11: =IFERROR(T11/B11,0) | S11: =T11-W11 | T11: =J11*L11 | U11: пример выручки | W11: =SUM(W5:W10) | X11: =SUM(X5:X10) | Y11: =SUM(Y5:Y10) | Z11: =SUM(Z5:Z10) | AA11: =SUM(AA5:AA10) | AB11: =SUM(AB5:AB10) | AC11: =SUM(AC5:AC10) | AD11: =SUM(AD5:AD10)

Sheet Продукт 3
A1: 2026
B2: MQL, план | C2: MQL->SQL, план | D2: SQL, план | E2: CPL SQL план | F2: SQL->Встреча, план | G2: Встреча, план | H2: Встреча->покупка, план | I2: Количество покупателей, план | J2: Количество покупок, план | K2: Доход, план с платящего пользователя Buyers | L2: Ср. чек, план | M2: Маржа с 1 сделки за 2025 г. | N2: Коэффициент повторных покупок (по данным из CRM = кол-во всех заказов/кол-во покупателей, за период)) | O2: Стоимость заказа (продажи) | P2: Стоимость заявки (RUR) | Q2: Стоимость квалифицированной заявки (RUR) | R2: Доход с пользователя | S2: Прибыль | T2: Выручка | U2: План по выручке | V2: Валовая прибыль | W2: Всего расходов | X2: Фикс. расходы на зарплату, команду | Y2: Расходы на сервисы (RUR) | Z2: Расходы на привлечение (RUR) | AA2: Расходы на мероприятия (RUR) | AB2: Расходы на СМИ (RUR) | AC2: Расходы на полиграфию , мерч, подарки (RUR) | AD2: Расходы прочее(командировочные, обучение и т.д.)(RUR)
B3: MQL | C3: СR1 | D3: SQL | F3: CR2 | H3: CR3 | I3: Buyers | J3: Orders | K3: ARPPU | L3: AvPrice | N3: Retention | O3: CPO | P3: CPMQL | Q3: CPSQL | R3: ARPU | S3: Profit | T3: Revenue | V3: Gross Profit | W3: Total Costs | X3: Fix Costs | Y3: Servises Costs | Z3: Acquisition Costs | AA3: Events Cost | AB3: Media Cost | AC3: Merch Cost | AD3: Other
C4: 0.4 | D4: =B4*C4
A5: Июль | B5: 30 | C5: 0.35 | D5: =B5*C5 | E5: 9000 | F5: 0.75 | G5: =D5*F5 | H5: 0.4 | I5: =G5*H5 | J5: =I5*N5 | K5: =IFERROR(T5/I5,0) | L5: 180000 | N5: 1 | T5: =J5*L5 | W5: =SUM(X5:AA5) | X5: 45000 | Y5: 8000 | Z5: 70000 | AA5: 0
A6: Август | B6: 33 | C6: 0.35 | D6: =B6*C6 | E6: 9000 | F6: 0.75 | G6: =D6*F6 | H6: 0.4 | I6: =G6*H6 | J6: =I6*N6 | K6: =IFERROR(T6/I6,0) | L6: 180000 | N6: 1 | T6: =J6*L6 | W6: =SUM(X6:AA6) | X6: 45000 | Y6: 8000 | Z6: 75000 | AA6: 0
A7: Сентябрь | B7: 36 | C7: 0.35 | D7: =B7*C7 | E7: 9000 | F7: 0.75 | G7: =D7*F7 | H7: 0.4 | I7: =G7*H7 | J7: =I7*N7 | K7: =IFERROR(T7/I7,0) | L7: 180000 | N7: 1 | T7: =J7*L7 | W7: =SUM(X7:AA7) | X7: 45000 | Y7: 8000 | Z7: 80000 | AA7: 0
A8: Октябрь | B8: 39 | C8: 0.35 | D8: =B8*C8 | E8: 9000 | F8: 0.75 | G8: =D8*F8 | H8: 0.4 | I8: =G8*H8 | J8: =I8*N8 | K8: =IFERROR(T8/I8,0) | L8: 180000 | N8: 1 | T8: =J8*L8 | W8: =SUM(X8:AA8) | X8: 45000 | Y8: 8000 | Z8: 85000 | AA8: 0
A9: Ноябрь | B9: 42 | C9: 0.35 | D9: =B9*C9 | E9: 9000 | F9: 0.75 | G9: =D9*F9 | H9: 0.4 | I9: =G9*H9 | J9: =I9*N9 | K9: =IFERROR(T9/I9,0) | L9: 180000 | N9: 1 | T9: =J9*L9 | W9: =SUM(X9:AA9) | X9: 45000 | Y9: 8000 | Z9: 90000 | AA9: 0
A10: Декабрь | B10: 45 | C10: 0.35 | D10: =B10*C10 | E10: 9000 | F10: 0.75 | G10: =D10*F10 | H10: 0.4 | I10: =G10*H10 | J10: =I10*N10 | K10: =IFERROR(T10/I10,0) | L10: 180000 | N10: 1 | T10: =J10*L10 | W10: =SUM(X10:AA10) | X10: 45000 | Y10: 8000 | Z10: 95000 | AA10: 0
A11: ИТОГО: | B11: =SUM(B5:B10) | C11: 0.4 | D11: =B11*C11 | E11: 5500 | F11: 0.82 | G11: =D11*F11 | H11: 0.3 | I11: =G11*H11 | J11: =I11*N11 | K11: =IFERROR(T11/I11,0) | L11: 180000 | M11: 438520 | N11: 1 | O11: =IFERROR(W11/J11,"") | P11: =IFERROR(W11/B11,0) | Q11: =IFERROR(W11/D11,0) | R11: =IFERROR(T11/B11,0) | S11: =T11-W11 | T11: =J11*L11 | U11: пример выручки | W11: =SUM(W5:W10) | X11: =SUM(X5:X10) | Y11: =SUM(Y5:Y10) | Z11: =SUM(Z5:Z10) | AA11: =SUM(AA5:AA10) | AB11: =SUM(AB5:AB10) | AC11: =SUM(AC5:AC10) | AD11: =SUM(AD5:AD10)

Sheet Каналы продукт 2
B2: 2026 | F2: 3Q2025 | J2: 4Q2025 | N2: Июль | AB2: Август | AP2: Сентябрь | BF2: Октябрь | BR2: Ноябрь | CD2: Декабрь
B3: Квота | D3: Факт | F3: Квота | H3: Факт | J3: Квота | L3: Факт | N3: Квота | P3: Факт | R3: 30.06 - 06.07 | T3: 07.07 - 13.07 | V3: 14.07 - 20.07 | X3: 21.07 - 27.07 | Z3: 28.07 - 03.08 | AB3: Квота | AD3: Факт | AF3: 04.08 - 10.08 | AH3: 11.08 - 17.08 | AJ3: 18.08 - 24.08 | AL3: 25.08 - 31.08 | AN3: 26.08 - 31.08 | AP3: Квота | AR3: Факт | AT3: 01-07.09 | AV3: 08.09 - 14.09 | AX3: 15.09 - 21.09 | AZ3: 22.09 - 28.09 | BB3: 29.09 - 05.10 | BD3: 45930 | BF3: Квота | BH3: Факт | BJ3: 06.10 - 12.10 | BL3: 13.10 - 19.10 | BN3: 20.10 - 26.10 | BP3: 27.10 - 02.11 | BR3: Квота | BT3: Факт | BV3: 03.11 - 09.11 | BX3: 10.11 - 16.11 | BZ3: 17.11 - 23.11 | CB3: 24.11 - 30.11 | CD3: Квота | CF3: Факт | CH3: 01.12 - 07.12 | CJ3: 08.12 - 14.12 | CL3: 15.12 - 21.12 | CN3: 22.12 - 28.12 | CP3: 29.12 - 30.12
B4: MQL | C4: SQL | D4: MQL | E4: SQL | F4: MQL | G4: SQL | H4: MQL | I4: SQL | J4: MQL | K4: SQL | L4: MQL | M4: SQL | N4: MQL | O4: SQL | P4: MQL | Q4: SQL | R4: MQL | S4: SQL | T4: MQL | U4: SQL | V4: MQL | W4: SQL | X4: MQL | Y4: SQL | Z4: MQL | AA4: SQL | AB4: MQL | AC4: SQL | AD4: MQL | AE4: SQL | AF4: MQL | AG4: SQL | AH4: MQL | AI4: SQL | AJ4: MQL | AK4: SQL | AL4: MQL | AM4: SQL | AN4: MQL | AO4: SQL | AP4: MQL | AQ4: SQL | AR4: MQL | AS4: SQL | AT4: MQL | AU4: SQL | AV4: MQL | AW4: SQL | AX4: MQL | AY4: SQL | AZ4: MQL | BA4: SQL | BB4: MQL | BC4: SQL | BD4: MQL | BE4: SQL | BF4: MQL | BG4: SQL | BH4: MQL | BI4: SQL | BJ4: MQL | BK4: SQL | BL4: MQL | BM4: SQL | BN4: MQL | BO4: SQL | BP4: MQL | BQ4: SQL | BR4: MQL | BS4: SQL | BT4: MQL | BU4: SQL | BV4: MQL | BW4: SQL | BX4: MQL | BY4: SQL | BZ4: MQL | CA4: SQL | CB4: MQL | CC4: SQL | CD4: MQL | CE4: SQL | CF4: MQL | CG4: SQL | CH4: MQL | CI4: SQL | CJ4: MQL | CK4: SQL | CL4: MQL | CM4: SQL | CN4: MQL | CO4: SQL | CP4: MQL | CQ4: SQL
A5: Лиды | B5: ='Продукт 3'!B11 | C5: ='Продукт 3'!D11 | D5: =SUM(P5,AD5,AR5,BH5,BT5,CF5) | E5: =SUM(Q5,AE5,AS5,BI5,BU5,CG5) | F5: ='Продукт 2'!B6+'Продукт 2'!B7+'Продукт 2'!B8+'Продукт 3'!B6+'Продукт 3'!B7+'Продукт 3'!B8 | G5: ='Продукт 2'!D6+'Продукт 2'!D7+'Продукт 2'!D8 | H5: =AD5+AR5+BH5 | I5: =AE5+AS5+BI5 | J5: ='Продукт 2'!B8+'Продукт 2'!B9+'Продукт 2'!B10+'Продукт 3'!B8+'Продукт 3'!B9+'Продукт 3'!B10 | K5: ='Продукт 2'!D8+'Продукт 2'!D9+'Продукт 2'!D10+'Продукт 3'!D8+'Продукт 3'!D9+'Продукт 3'!D10 | L5: =BH5+BT5+CF5 | M5: =BI5+BU5+CG5 | N5: =SUM(N7:N20) | O5: =SUM(O7:O20) | P5: =SUM(P7:P20) | Q5: =SUM(Q7:Q20) | R5: =SUM(R7:R20) | S5: =SUM(S7:S20) | T5: =SUM(T7:T20) | U5: =SUM(U7:U20) | ... AA5: =SUM(AA7:AA20) | AB5: ='Продукт 3'!B6 | AC5: ='Продукт 3'!D6 | AD5: =SUM(AD7:AD20) | AE5: =SUM(AE7:AE20) | AF5: =SUM(AF7:AF20) | AG5: =SUM(AG7:AG20) | AH5: =SUM(AH7:AH20) | AI5: =SUM(AI7:AI20) | AJ5: =SUM(AJ7:AJ20) | AK5: =SUM(AK7:AK20) | ... AO5: =SUM(AO7:AO20) | AP5: ='Продукт 2'!B7+'Продукт 3'!B7 | AQ5: ='Продукт 3'!D7 | AR5: =SUM(AR7:AR20) | AS5: =SUM(AS7:AS20) | AT5: =SUM(AT7:AT20) | AU5: =SUM(AU7:AU20) | AV5: =SUM(AV7:AV20) | AW5: =SUM(AW7:AW20) | AX5: =SUM(AX7:AX20) | AY5: =SUM(AY7:AY20) | ... BE5: =SUM(BE7:BE20) | BF5: ='Продукт 2'!B8+'Продукт 3'!B8 | BG5: ='Продукт 2'!D8+'Продукт 3'!D8 | BH5: =SUM(BH7:BH20) | BI5: =SUM(BI7:BI20) | BJ5: =SUM(BJ7:BJ20) | BK5: =SUM(BK7:BK20) | BL5: =SUM(BL7:BL20) | BM5: =SUM(BM7:BM20) | BN5: =SUM(BN7:BN20) | BO5: =SUM(BO7:BO20) | ... BQ5: =SUM(BQ7:BQ20) | BR5: ='Продукт 2'!B9+'Продукт 3'!B9 | BS5: ='Продукт 2'!D9+'Продукт 3'!D9 | BT5: =SUM(BT7:BT20) | BU5: =SUM(BU7:BU20) | BV5: =SUM(BV7:BV20) | BW5: =SUM(BW7:BW20) | BX5: =SUM(BX7:BX20) | BY5: =SUM(BY7:BY20) | BZ5: =SUM(BZ7:BZ20) | CA5: =SUM(CA7:CA20) | ... CC5: =SUM(CC7:CC20) | CD5: ='Продукт 2'!B10+'Продукт 3'!B10 | CE5: ='Продукт 2'!D10+'Продукт 3'!D10 | CF5: =SUM(CF7:CF20) | CG5: =SUM(CG7:CG20) | CH5: =SUM(CH7:CH20) | CI5: =SUM(CI7:CI20) | CJ5: =SUM(CJ7:CJ20) | CK5: =SUM(CK7:CK20) | CL5: =SUM(CL7:CL20) | CM5: =SUM(CM7:CM20) | ... CQ5: =SUM(CQ7:CQ20)
A6: MQL->SQL | B6: 0.4 | D6: =IFERROR(E5/D5,0) | F6: =IFERROR(G5/F5,0) | H6: =IFERROR(I5/H5,0) | J6: =IFERROR(K5/J5,0) | L6: =IFERROR(M5/L5,0) | N6: 0.4 | P6: =IFERROR(Q5/P5,0) | R6: =IFERROR(S5/R5,0) | T6: =IFERROR(U5/T5,0) | V6: =IFERROR(W5/V5,0) | X6: =IFERROR(Y5/X5,0) | Z6: =IFERROR(AA5/Z5,0) | AB6: =IFERROR(AC5/AB5,0) | AD6: =IFERROR(AE5/AD5,0) | AF6: =IFERROR(AG5/AF5,0) | AH6: =IFERROR(AI5/AH5,0) | AJ6: =IFERROR(AK5/AJ5,0) | AL6: =IFERROR(AM5/AL5,0) | AN6: =IFERROR(AO5/AN5,0) | AP6: =IFERROR(AQ5/AP5,0) | AR6: =IFERROR(AS5/AR5,0) | AT6: =IFERROR(AU5/AT5,0) | AV6: =IFERROR(AW5/AV5,0) | AX6: =IFERROR(AY5/AX5,0) | AZ6: =IFERROR(BA5/AZ5,0) | BB6: =IFERROR(BC5/BB5,0) | BD6: =IFERROR(BE5/BD5,0) | BF6: =IFERROR(BG5/BF5,0) | BH6: =IFERROR(BI5/BH5,0) | BJ6: =IFERROR(BK5/BJ5,0) | BL6: =IFERROR(BM5/BL5,0) | BN6: =IFERROR(BO5/BN5,0) | BP6: =IFERROR(BQ5/BP5,0) | BR6: =IFERROR(BS5/BR5,0) | BT6: =IFERROR(BU5/BT5,0) | BV6: =IFERROR(BW5/BV5,0) | BX6: =IFERROR(BY5/BX5,0) | BZ6: =IFERROR(CA5/BZ5,0) | CB6: =IFERROR(CC5/CB5,0) | CD6: =IFERROR(CE5/CD5,0) | CF6: =IFERROR(CG5/CF5,0) | CH6: =IFERROR(CI5/CH5,0) | CJ6: =IFERROR(CK5/CJ5,0) | CL6: =IFERROR(CM5/CL5,0) | CN6: =IFERROR(CO5/CN5,0) | CP6: =IFERROR(CQ5/CP5,0)
A7: SEO | D7: =SUM(P7,AD7,AR7,BH7,BT7,CF7) | E7: =SUM(Q7,AE7,AS7,BI7,BU7,CG7) | H7: =P7+AD7+AR7 | I7: =Q7+AE7+AS7 | L7: =BH7+BT7+CF7 | M7: =BI7+BU7+CG7 | P7: =R7+T7+V7+X7+Z7 | Q7: =S7+U7+W7+AA7 | AD7: =AF7+AH7+AJ7+AL7+AN7 | AE7: =AG7+AI7+AK7+AO7 | AF7: 0 | AG7: 0 | AH7: 0 | AI7: 0 | AJ7: 0 | AK7: 0 | AL7: 0 | AM7: 0 | AR7: =AT7+AV7+AX7+AZ7+BB7 | AS7: =AU7+AW7+BA7+BC7 | AT7: 1 | AU7: 1 | AV7: 0 | AW7: 0 | AX7: 0 | AY7: 0
A8: Яндекс.Директ | D8: =SUM(P8,AD8,AR8,BH8,BT8,CF8) | E8: =SUM(Q8,AE8,AS8,BI8,BU8,CG8) | H8: =P8+AD8+AR8 | I8: =Q8+AE8+AS8 | L8: =BH8+BT8+CF8 | M8: =BI8+BU8+CG8 | P8: =R8+T8+V8+X8+Z8 | Q8: =S8+U8+W8+AA8 | AD8: =AF8+AH8+AJ8+AL8+AN8 | AE8: =AG8+AI8+AK8+AO8 | AF8: 0 | AG8: 0 | AH8: 0 | AI8: 0 | AJ8: 1 | AK8: 1 | AL8: 0 | AM8: 0 | AR8: =AT8+AV8+AX8+AZ8+BB8 | AS8: =AU8+AW8+BA8+BC8 | AT8: 1 | AU8: 1 | AV8: 1 | AW8: 0 | AX8: 0 | AY8: 0
A9: Реферал | D9: =SUM(P9,AD9,AR9,BH9,BT9,CF9) | E9: =SUM(Q9,AE9,AS9,BI9,BU9,CG9) | H9: =P9+AD9+AR9 | I9: =Q9+AE9+AS9 | L9: =BH9+BT9+CF9 | M9: =BI9+BU9+CG9 | P9: =R9+T9+V9+X9+Z9 | Q9: =S9+U9+W9+AA9 | AD9: =AF9+AH9+AJ9+AL9+AN9 | AE9: =AG9+AI9+AK9+AO9 | AF9: 0 | AG9: 0 | AH9: 0 | AI9: 0 | AJ9: 0 | AK9: 0 | AL9: 0 | AM9: 0 | AR9: =AT9+AV9+AX9+AZ9+BB9 | AS9: =AU9+AW9+BA9+BC9 | AT9: 0 | AU9: 0 | AV9: 0 | AW9: 0 | AX9: 0 | AY9: 0
A10: Внешние площадки | D10: =SUM(P10,AD10,AR10,BH10,BT10,CF10) | E10: =SUM(Q10,AE10,AS10,BI10,BU10,CG10) | H10: =P10+AD10+AR10 | I10: =Q10+AE10+AS10 | L10: =BH10+BT10+CF10 | M10: =BI10+BU10+CG10 | P10: =R10+T10+V10+X10+Z10 | Q10: =S10+U10+W10+AA10 | AD10: =AF10+AH10+AJ10+AL10+AN10 | AE10: =AG10+AI10+AK10+AO10 | AF10: 0 | AG10: 0 | AH10: 0 | AI10: 0 | AJ10: 0 | AK10: 0 | AL10: 0 | AM10: 0 | AR10: =AT10+AV10+AX10+AZ10+BB10 | AS10: =AU10+AW10+BA10+BC10 | AT10: 0 | AU10: 0 | AV10: 0 | AW10: 0 | AX10: 0 | AY10: 0
A11: Соцсети | D11: =SUM(P11,AD11,AR11,BH11,BT11,CF11) | E11: =SUM(Q11,AE11,AS11,BI11,BU11,CG11) | H11: =P11+AD11+AR11 | I11: =Q11+AE11+AS11 | L11: =BH11+BT11+CF11 | M11: =BI11+BU11+CG11 | P11: =R11+T11+V11+X11+Z11 | Q11: =S11+U11+W11+AA11 | AD11: =AF11+AH11+AJ11+AL11+AN11 | AE11: =AG11+AI11+AK11+AO11 | AF11: 0 | AG11: 0 | AH11: 1 | AI11: 1 | AJ11: 0 | AK11: 0 | AL11: 1 | AM11: 1 | AR11: =AT11+AV11+AX11+AZ11+BB11 | AS11: =AU11+AW11+BA11+BC11 | AT11: 0 | AU11: 0 | AV11: 3 | AW11: 3 | AX11: 3 | AY11: 3
A12: Прямые визиты | D12: =SUM(P12,AD12,AR12,BH12,BT12,CF12) | E12: =SUM(Q12,AE12,AS12,BI12,BU12,CG12) | H12: =P12+AD12+AR12 | I12: =Q12+AE12+AS12 | L12: =BH12+BT12+CF12 | M12: =BI12+BU12+CG12 | P12: =R12+T12+V12+X12+Z12 | Q12: =S12+U12+W12+AA12 | AD12: =AF12+AH12+AJ12+AL12+AN12 | AE12: =AG12+AI12+AK12+AO12 | AF12: 0 | AG12: 0 | AH12: 0 | AI12: 0 | AJ12: 0 | AK12: 0 | AL12: 0 | AM12: 0 | AR12: =AT12+AV12+AX12+AZ12+BB12 | AS12: =AU12+AW12+BA12+BC12 | AT12: 0 | AU12: 0 | AV12: 0 | AW12: 0 | AX12: 0 | AY12: 0
A13: VK Реклама | D13: =SUM(P13,AD13,AR13,BH13,BT13,CF13) | E13: =SUM(Q13,AE13,AS13,BI13,BU13,CG13) | H13: =P13+AD13+AR13 | I13: =Q13+AE13+AS13 | L13: =BH13+BT13+CF13 | M13: =BI13+BU13+CG13 | P13: =R13+T13+V13+X13+Z13 | Q13: =S13+U13+W13+AA13 | AD13: =AF13+AH13+AJ13+AL13+AN13 | AE13: =AG13+AI13+AK13+AO13 | AF13: 0 | AG13: 0 | AH13: 0 | AI13: 0 | AJ13: 0 | AK13: 0 | AL13: 0 | AM13: 0 | AR13: =AT13+AV13+AX13+AZ13+BB13 | AS13: =AU13+AW13+BA13+BC13 | AT13: 0 | AU13: 0 | AV13: 0 | AW13: 0 | AX13: 0 | AY13: 0
A14: Вебинары/Мероприятия | D14: =SUM(P14,AD14,AR14,BH14,BT14,CF14) | E14: =SUM(Q14,AE14,AS14,BI14,BU14,CG14) | H14: =P14+AD14+AR14 | I14: =Q14+AE14+AS14 | L14: =BH14+BT14+CF14 | M14: =BI14+BU14+CG14 | P14: =R14+T14+V14+X14+Z14 | Q14: =S14+U14+W14+AA14 | AD14: =AF14+AH14+AJ14+AL14+AN14 | AE14: =AG14+AI14+AK14+AO14 | AF14: 0 | AG14: 0 | AH14: 0 | AI14: 0 | AJ14: 0 | AK14: 0 | AL14: 0 | AM14: 0 | AR14: =AT14+AV14+AX14+AZ14+BB14 | AS14: =AU14+AW14+BA14+BC14 | AT14: 0 | AU14: 0 | AV14: 0 | AW14: 0 | AX14: 0 | AY14: 0
A15: Рассылки по нашей базе | D15: =SUM(P15,AD15,AR15,BH15,BT15,CF15) | E15: =SUM(Q15,AE15,AS15,BI15,BU15,CG15) | H15: =P15+AD15+AR15 | I15: =Q15+AE15+AS15 | L15: =BH15+BT15+CF15 | M15: =BI15+BU15+CG15 | P15: =R15+T15+V15+X15+Z15 | Q15: =S15+U15+W15+AA15 | AD15: =AF15+AH15+AJ15+AL15+AN15 | AE15: =AG15+AI15+AK15+AO15 | AF15: 0 | AG15: 0 | AH15: 0 | AI15: 0 | AJ15: 0 | AK15: 0 | AL15: 0 | AM15: 0 | AR15: =AT15+AV15+AX15+AZ15+BB15 | AS15: =AU15+AW15+BA15+BC15 | AT15: 5 | AU15: 5 | AV15: 3 | AW15: 3 | AX15: 1 | AY15: 0
A16: Рассылки по холодной базе | D16: =SUM(P16,AD16,AR16,BH16,BT16,CF16) | E16: =SUM(Q16,AE16,AS16,BI16,BU16,CG16) | H16: =P16+AD16+AR16 | I16: =Q16+AE16+AS16 | L16: =BH16+BT16+CF16 | M16: =BI16+BU16+CG16 | P16: =R16+T16+V16+X16+Z16 | Q16: =S16+U16+W16+AA16 | AD16: =AF16+AH16+AJ16+AL16+AN16 | AE16: =AG16+AI16+AK16+AO16 | AF16: 0 | AG16: 0 | AH16: 0 | AI16: 0 | AJ16: 0 | AK16: 0 | AL16: 0 | AM16: 0 | AR16: =AT16+AV16+AX16+AZ16+BB16 | AS16: =AU16+AW16+BA16+BC16 | AT16: 0 | AU16: 0 | AV16: 0 | AW16: 0 | AX16: 0 | AY16: 0
A17: Входящий звонок | D17: =SUM(P17,AD17,AR17,BH17,BT17,CF17) | E17: =SUM(Q17,AE17,AS17,BI17,BU17,CG17) | H17: =P17+AD17+AR17 | I17: =Q17+AE17+AS17 | L17: =BH17+BT17+CF17 | M17: =BI17+BU17+CG17 | P17: =R17+T17+V17+X17+Z17 | Q17: =S17+U17+W17+AA17 | AD17: =AF17+AH17+AJ17+AL17+AN17 | AE17: =AG17+AI17+AK17+AO17 | AF17: 0 | AG17: 0 | AH17: 0 | AI17: 0 | AJ17: 0 | AK17: 0 | AL17: 0 | AM17: 0 | AR17: =AT17+AV17+AX17+AZ17+BB17 | AS17: =AU17+AW17+BA17+BC17 | AT17: 0 | AU17: 0 | AV17: 0 | AW17: 0 | AX17: 0 | AY17: 0
A18: Входящая почта sales | D18: =SUM(P18,AD18,AR18,BH18,BT18,CF18) | E18: =SUM(Q18,AE18,AS18,BI18,BU18,CG18) | H18: =P18+AD18+AR18 | I18: =Q18+AE18+AS18 | L18: =BH18+BT18+CF18 | M18: =BI18+BU18+CG18 | P18: =R18+T18+V18+X18+Z18 | Q18: =S18+U18+W18+AA18 | AD18: =AF18+AH18+AJ18+AL18+AN18 | AE18: =AG18+AI18+AK18+AO18 | AF18: 0 | AG18: 0 | AH18: 0 | AI18: 0 | AJ18: 0 | AK18: 0 | AL18: 0 | AM18: 0 | AR18: =AT18+AV18+AX18+AZ18+BB18 | AS18: =AU18+AW18+BA18+BC18 | AT18: 0 | AU18: 0 | AV18: 0 | AW18: 0 | AX18: 0 | AY18: 0
... A20: Неизвестно | D20: =SUM(P20,AD20,AR20,BH20,BT20,CF20) | E20: =SUM(Q20,AE20,AS20,BI20,BU20,CG20) | H20: =P20+AD20+AR20 | I20: =Q20+AE20+AS20 | L20: =BH20+BT20+CF20 | M20: =BI20+BU20+CG20 | P20: =R20+T20+V20+X20+Z20 | Q20: =S20+U20+W20+AA20 | AD20: =AF20+AH20+AJ20+AL20+AN20 | AE20: =AG20+AI20+AK20+AO20 | AF20: 0 | AG20: 0 | AH20: 0 | AI20: 0 | AJ20: 0 | AK20: 0 | AL20: 0 | AM20: 0 | AR20: =AT20+AV20+AX20+AZ20+BB20 | AS20: =AU20+AW20+BA20+BC20 | AT20: 0 | AU20: 0 | AV20: 2 | AW20: 2 | AX20: 0 | AY20: 0
A22: Расходы | B22: Квота | D22: Факт | F22: Квота | H22: Факт | J22: Квота | L22: Факт | N22: Квота | P22: Факт | R22: 30.06 - 06.07 | T22: 07.07 - 13.07 | V22: 14.07 - 20.07 | X22: 21.07 - 27.07 | Z22: 28.07 - 03.08 | AB22: Квота | AD22: Факт | AF22: 04.08 - 10.08 | AH22: 11.08 - 17.08 | AJ22: 18.08 - 24.08 | AL22: 25.08 - 31.08 | AN22: 26.08 - 31.08 | AP22: Квота | AR22: Факт | AT22: 01-07.09 | AV22: 08.09 - 14.09 | AX22: 15.09 - 21.09 | AZ22: 22.09 - 28.09 | BB22: 29.09 - 05.10 | BD22: 45930 | BF22: Квота | BH22: Факт | BJ22: 06.10 - 12.10 | BL22: 13.10 - 19.10 | BN22: 20.10 - 26.10 | BP22: 27.10 - 02.11 | BR22: Квота | BT22: Факт | BV22: 03.11 - 09.11 | BX22: 10.11 - 16.11 | BZ22: 17.11 - 23.11 | CB22: 24.11 - 30.11 | CD22: Квота | CF22: Факт | CH22: 01.12 - 07.12 | CJ22: 08.12 - 14.12 | CL22: 15.12 - 21.12 | CN22: 22.12 - 28.12 | CP22: 29.12 - 30.12
A23: Всего на платное продвижение: | B23: ='Продукт 2'!Z11+'Продукт 3'!Z11 | D23: =SUM(Z23,AN23,BB23,BP23,CB23,CL23) | F23: =N23+AB23+AP23 | H23: =P23+AD23+AR23 | J23: =BF23+BR23+CD23 | L23: =BH23+BT23+CF23 | N23: 380000 | P23: =SUM(P26:Q36) | R23: =SUM(R33:S50) | T23: =SUM(T33:U50) | V23: =SUM(V33:W50) | X23: =SUM(X33:Y50) | Z23: =SUM(Z33:AA50) | AB23: 120000 | AD23: =SUM(AD26:AE36) | AF23: =SUM(AF33:AG50) | AH23: =SUM(AH33:AI50) | AJ23: =SUM(AJ33:AK50) | AL23: =SUM(AL33:AM50) | AN23: =SUM(AN33:AO50) | AP23: 380000 | AR23: =SUM(AR26:AS36) | AT23: =SUM(AT26:AU36) | AV23: =SUM(AV26:AW36) | AX23: =SUM(AX26:AY36) | AZ23: =SUM(AZ26:BA36) | BB23: =SUM(BB26:BC36) | BD23: =SUM(BD33:BE50) | BF23: 380000 | BH23: =SUM(BH26:BI36) | BJ23: =SUM(BJ33:BK50) | BL23: =SUM(BL33:BM50) | BN23: =SUM(BN33:BO50) | BP23: =SUM(BP33:BQ50) | BR23: 380000 | BT23: =SUM(BT26:BU36) | BV23: =SUM(BV33:BW50) | BX23: =SUM(BX33:BY50) | BZ23: =SUM(BZ33:CA50) | CB23: =SUM(CB33:CC50) | CD23: 380000 | CF23: =SUM(CF26:CG36)
A24: Всего на лидогенерацию: | B24: =B23*0.7 | D24: =SUM(D26:E36) | F24: =F23*0.7 | H24: =SUM(H26:I36) | J24: =J23*0.7 | L24: =SUM(L26:M36) | N24: =N23*0.7 | P24: =SUM(R24:AA24) | R24: =SUM(R26:S34) | T24: =SUM(T26:U34) | V24: =SUM(V26:W34) | X24: =SUM(X26:Y34) | Z24: =SUM(Z26:AA34) | AB24: =AB23*0.6 | AD24: =SUM(AF24:AO24) | AF24: =SUM(AF26:AG34) | AH24: =SUM(AH26:AI34) | AJ24: =SUM(AJ26:AK34) | AL24: =SUM(AL26:AM34) | AN24: =SUM(AN26:AO34) | AP24: =AP23*0.7 | AR24: =SUM(AT24:BC24) | BD24: =SUM(BD36,0,BD33,BD32,BD29,BD27,BD264,BD34,BD26) | BF24: =BF23*0.7 | BH24: =SUM(BH26:BI34) | BJ24: =SUM(BJ36,0,BJ33,BJ32,BJ29,BJ27,BJ264,BJ34,BJ26) | BL24: =SUM(BL36,0,BL33,BL32,BL29,BL27,BL264,BL34,BL26) | BN24: =SUM(BN36,0,BN33,BN32,BN29,BN27,BN264,BN34,BN26) | BP24: =SUM(BP36,0,BP33,BP32,BP29,BP27,BP264,BP34,BP26) | BR24: =BR23*0.7 | BT24: =SUM(BT26:BU34) | BV24: =SUM(BV36,0,BV33,BV32,BV29,BV27,BV264,BV34,BV26) | BX24: =SUM(BX36,0,BX33,BX32,BX29,BX27,BX264,BX34,BX26) | BZ24: =SUM(BZ36,0,BZ33,BZ32,BZ29,BZ27,BZ264,BZ34,BZ26) | CB24: =SUM(CB36,0,CB33,CB32,CB29,CB27,CB264,CB34,CB26) | CD24: =CD23*0.7 | CF24: =SUM(CF26:CG34)
A25: Всего на мероприятия: | B25: =B23*0.3 | D25: =SUM(Z25,AN25,BB25,BP25,CB25,CL25) | F25: =F23*0.3 | J25: =J23*0.3 | N25: =N23*0.3 | P25: =P36 | R25: =R36 | T25: =T36 | V25: =V36 | X25: =X36 | Z25: =Z36 | AB25: =AB23*0.2 | AD25: =AD36 | AF25: =AF36 | AH25: =AH36 | AJ25: =AJ36 | AL25: =AL36 | AN25: =AN36 | AP25: =AP23*0.3 | AR25: =AR36 | BF25: =BF23*0.3 | BH25: =BH36 | BR25: =BR23*0.3 | BT25: =BT36 | CD25: =CD23*0.3 | CF25: =CF36
A26: Яндекс Директ | D26: =SUM(P26,AD26,AR26,BH26,BT26,CF26) | H26: =P26+AD26+AR26 | J26: =BF26+BR26+CD26 | L26: =BH26+BT26+CF26 | P26: =SUM(R26:AA26) | Z26: 182.51 | AD26: =SUM(AF26:AO26) | AF26: 0 | AH26: 0 | AJ26: 15211.16 | AL26: 10998.74 | AT26: 12518 | AV26: 411.77 | AX26: 1232.49
A27: VK ADS | D27: =SUM(P27,AD27,AR27,BH27,BT27,CF27) | H27: =P27+AD27+AR27 | J27: =BF27+BR27+CD27 | L27: =BH27+BT27+CF27 | P27: =SUM(R27:AA27) | AD27: =SUM(AF27:AO27) | AF27: 0 | AH27: 0
A28: VK Adblogger | D28: =SUM(P28,AD28,AR28,BH28,BT28,CF28) | H28: =P28+AD28+AR28 | J28: =BF28+BR28+CD28 | L28: =BH28+BT28+CF28 | P28: =SUM(R28:AA28) | AD28: =SUM(AF28:AO28) | AF28: 0 | AH28: 0
A29: TG ADS | D29: =SUM(P29,AD29,AR29,BH29,BT29,CF29) | H29: =P29+AD29+AR29 | J29: =BF29+BR29+CD29 | L29: =BH29+BT29+CF29 | P29: =SUM(R29:AA29) | AD29: =SUM(AF29:AO29) | AF29: 0 | AH29: 0
A30: TG Посевы | D30: =SUM(P30,AD30,AR30,BH30,BT30,CF30) | H30: =P30+AD30+AR30 | J30: =BF30+BR30+CD30 | L30: =BH30+BT30+CF30 | P30: =SUM(R30:AA30) | AD30: =SUM(AF30:AO30) | AF30: 0 | AH30: 0 | AL30: 11188
A31: Теплые рассылки | D31: =SUM(P31,AD31,AR31,BH31,BT31,CF31) | H31: =P31+AD31+AR31 | J31: =BF31+BR31+CD31 | L31: =BH31+BT31+CF31 | P31: =SUM(R31:AA31) | AD31: =SUM(AF31:AO31) | AF31: 0 | AH31: 0
A32: Холодные рассылки | D32: =SUM(P32,AD32,AR32,BH32,BT32,CF32) | H32: =P32+AD32+AR32 | J32: =BF32+BR32+CD32 | L32: =BH32+BT32+CF32 | P32: =SUM(R32:AA32) | AD32: =SUM(AF32:AO32) | AF32: 0 | AH32: 0
A33: SEO | D33: =SUM(P33,AD33,AR33,BH33,BT33,CF33) | H33: =P33+AD33+AR33 | J33: =BF33+BR33+CD33 | L33: =BH33+BT33+CF33 | P33: =SUM(R33:AA33) | AD33: =SUM(AF33:AO33) | AF33: 0 | AH33: 0
A34: Анонсы, баннеры на сайтах | D34: =SUM(P34,AD34,AR34,BH34,BT34,CF34) | H34: =P34+AD34+AR34 | J34: =BF34+BR34+CD34 | L34: =BH34+BT34+CF34 | P34: =SUM(R34:AA34) | AD34: =SUM(AF34:AO34) | AF34: 0 | AH34: 0
A35: СМИ
A36: Мероприятия | D36: =SUM(P36,AD36,AR36,BH36,BT36,CF36) | H36: =P36+AD36+AR36 | J36: =BF36+BR36+CD36 | L36: =BH36+BT36+CF36 | P36: =SUM(R36:AA36) | X36: 0 | AD36: =SUM(AF36:AO36) | AF36: 0 | AH36: 0
B37: Квота | D37: Факт | F37: Квота | H37: Факт | J37: Квота | L37: Факт | N37: Квота | P37: Факт | R37: 30.06 - 06.07 | T37: 07.07 - 13.07 | V37: 14.07 - 20.07 | X37: 21.07 - 27.07 | Z37: 28.07 - 03.08 | AB37: Квота | AD37: Факт | AF37: 01.08 - 04.08 | AH37: 05.08 - 11.08 | AJ37: 12.08 - 18.08 | AL37: 19.08 - 25.08 | AN37: 26.08 - 31.08 | AP37: Квота | AR37: Факт | AT37: 45901 | AV37: 02.09 - 08.09 | AX37: 09.09 - 15.09 | AZ37: 16.09 - 22.09 | BB37: 23.09 - 29.09 | BD37: 45930 | BF37: Квота | BH37: Факт | BJ37: 01.10 - 06.10 | BL37: 07.10 - 13.10 | BN37: 14.10 - 20.10 | BP37: 21.10 - 27.10 | BR37: Квота | BT37: Факт | BV37: 01.11 - 03.11 | BX37: 04.11 - 10.11 | BZ37: 11.11 - 17.11 | CB37: 18.11 - 24.11 | CD37: Квота | CF37: Факт
A38: Всего на сервисные расходы: | B38: =SUM(B39:C49) | D38: =SUM(D39:E49) | F38: =N38+AB38+AP38 | H38: =P38+AD38+AR38 | J38: =BF38+BR38+CD38 | L38: =BH38+BT38+CF38 | N38: =('Продукт 2'!Z5+'Продукт 3'!Z5)*0.05 | P38: =SUM(P39:Q49) | Z38: =SUM(Z39:AA49) | AB38: =('Продукт 2'!Z6+'Продукт 3'!Z6)*0.05 | AD38: =SUM(AD39:AE49) | AF38: =SUM(AF39:AG49) | AH38: =SUM(AH39:AI49) | AJ38: =SUM(AJ39:AK49) | AL38: =SUM(AL39:AM49) | AN38: =SUM(AN39:AO49) | AP38: =('Продукт 2'!Z7+'Продукт 3'!Z7)*0.05 | AR38: =SUM(AR39:AS49) | AT38: =SUM(AT39:AU49) | AV38: =SUM(AV39:AW49) | AX38: =SUM(AX39:AY49) | AZ38: =SUM(AZ39:BA49) | BB38: =SUM(BB39:BC49) | BD38: =SUM(BD39:BE49) | BF38: =('Продукт 2'!Z8+'Продукт 3'!Z8)*0.05 | BH38: =SUM(BH39:BI49) | BJ38: =SUM(BJ39:BK49) | BL38: =SUM(BL39:BM49) | BN38: =SUM(BN39:BO49) | BP38: =SUM(BP39:BQ49) | BR38: =SUM(BR39:BS49) | BT38: =SUM(BT39:BU49) | BV38: =SUM(BV39:BW49) | BX38: =SUM(BX39:BY49) | BZ38: =SUM(BZ39:CA49) | CB38: =SUM(CB39:CC49) | CD38: =SUM(CD39:CE49) | CF38: =SUM(CF39:CG49)
A39: Топвизор | B39: =SUM(N39,AB39,AP39,BF39,BR39,CD39) | D39: =SUM(P39,AD39,AR39,BH39,BT39,CF39) | F39: =N39+AB39+AP39 | H39: =P39+AD39+AR39 | J39: =BF39+BR39+CD39 | L39: =BH39+BT39+CF39 | N39: 0 | P39: =SUM(R39:AA39) | AB39: 0 | AD39: 0 | AP39: 0 | AR39: 0 | BF39: 0 | BH39: 0 | BR39: 0 | BT39: 0 | CD39: 0 | CF39: 0
A40: Писец | B40: =SUM(N40,AB40,AP40,BF40,BR40,CD40) | D40: =SUM(P40,AD40,AR40,BH40,BT40,CF40) | F40: =N40+AB40+AP40 | H40: =P40+AD40+AR40 | J40: =BF40+BR40+CD40 | L40: =BH40+BT40+CF40 | N40: 0 | P40: =SUM(R40:AA40) | AB40: 0 | AD40: 0 | AP40: 0 | AR40: 0 | BF40: 0 | BH40: 0 | BR40: 0 | BT40: 0 | CD40: 0 | CF40: 0
A41: Calltouch | B41: =SUM(N41,AB41,AP41,BF41,BR41,CD41) | D41: =SUM(P41,AD41,AR41,BH41,BT41,CF41) | F41: =N41+AB41+AP41 | H41: =P41+AD41+AR41 | J41: =BF41+BR41+CD41 | L41: =BH41+BT41+CF41 | N41: 0 | P41: =SUM(R41:AA41) | AB41: 0 | AD41: 0 | AP41: 0 | AR41: 0 | BF41: 0 | BH41: 0 | BR41: 0 | BT41: 0 | CD41: 0 | CF41: 0
A42: Контент-рассылка | B42: =SUM(N42,AB42,AP42,BF42,BR42,CD42) | D42: =SUM(P42,AD42,AR42,BH42,BT42,CF42) | F42: =N42+AB42+AP42 | H42: =P42+AD42+AR42 | J42: =BF42+BR42+CD42 | L42: =BH42+BT42+CF42 | N42: 0 | P42: =SUM(R42:AA42) | AB42: 0 | AD42: 0 | AP42: 0 | AR42: 0 | BF42: 0 | BH42: 0 | BR42: 0 | BT42: 0 | CD42: 0 | CF42: 0
A43: Sendsay | B43: =SUM(N43,AB43,AP43,BF43,BR43,CD43) | D43: =SUM(P43,AD43,AR43,BH43,BT43,CF43) | F43: =N43+AB43+AP43 | H43: =P43+AD43+AR43 | J43: =BF43+BR43+CD43 | L43: =BH43+BT43+CF43 | N43: 0 | P43: =SUM(R43:AA43) | AB43: 0 | AD43: 0 | AP43: 0 | AR43: 0 | BF43: 0 | BH43: 0 | BR43: 0 | BT43: 0 | CD43: 0 | CF43: 0
A44: Marquiz | B44: =SUM(N44,AB44,AP44,BF44,BR44,CD44) | D44: =SUM(P44,AD44,AR44,BH44,BT44,CF44) | F44: =N44+AB44+AP44 | H44: =P44+AD44+AR44 | J44: =BF44+BR44+CD44 | L44: =BH44+BT44+CF44 | N44: 0 | P44: =SUM(R44:AA44) | AB44: 0 | AD44: 0 | AP44: 0 | AR44: 0 | BF44: 0 | BH44: 0 | BR44: 0 | BT44: 0 | CD44: 0 | CF44: 0
A45: Telegram Premium | B45: =SUM(N45,AB45,AP45,BF45,BR45,CD45) | D45: =SUM(P45,AD45,AR45,BH45,BT45,CF45) | F45: =N45+AB45+AP45 | H45: =P45+AD45+AR45 | J45: =BF45+BR45+CD45 | L45: =BH45+BT45+CF45 | N45: 0 | P45: =SUM(R45:AA45) | AB45: 0 | AD45: 0 | AP45: 0 | AR45: 0 | BF45: 0 | BH45: 0 | BR45: 0 | BT45: 0 | CD45: 0 | CF45: 0
A46: Stripo | B46: =SUM(N46,AB46,AP46,BF46,BR46,CD46) | D46: =SUM(P46,AD46,AR46,BH46,BT46,CF46) | N46: 0 | P46: =SUM(R46:AA46) | AB46: 0 | AD46: 0 | AP46: 0 | AR46: 0 | BF46: 0 | BH46: 0 | BR46: 0 | BT46: 0 | CD46: 0 | CF46: 0
A47: Tilda | B47: =SUM(N47,AB47,AP47,BF47,BR47,CD47) | D47: =SUM(P47,AD47,AR47,BH47,BT47,CF47) | F47: =N47+AB47+AP47 | H47: =P47+AD47+AR47 | J47: =BF47+BR47+CD47 | L47: =BH47+BT47+CF47 | N47: 0 | P47: =SUM(R47:AA47) | AB47: 0 | AD47: 0 | AP47: 0 | AR47: 0 | BF47: 0 | BH47: 0 | BR47: 0 | BT47: 0 | CD47: 0 | CF47: 0
A48: Вебинар | B48: =SUM(N48,AB48,AP48,BF48,BR48,CD48) | D48: =SUM(P48,AD48,AR48,BH48,BT48,CF48) | F48: =N48+AB48+AP48 | H48: =P48+AD48+AR48 | J48: =BF48+BR48+CD48 | L48: =BH48+BT48+CF48 | N48: 2300 | P48: =SUM(R48:AA48)
A49: Tadviser | B49: =SUM(N49,AB49,AP49,BF49,BR49,CD49) | D49: =SUM(P49,AD49,AR49,BH49,BT49,CF49) | F49: =N49+AB49+AP49 | H49: =P49+AD49+AR49 | J49: =BF49+BR49+CD49 | L49: =BH49+BT49+CF49 | N49: 0 | P49: =SUM(R49:AA49) | AB49: 0 | AD49: 0 | AP49: 0 | AR49: 0 | BF49: 0 | BH49: 0 | BR49: 0 | BT49: 0 | CD49: 0 | CF49: 0
B50: Квота | D50: Факт | F50: Квота | H50: Факт | J50: Квота | L50: Факт | N50: Квота | P50: Факт | R50: 30.06 - 06.07 | T50: 07.07 - 13.07 | V50: 14.07 - 20.07 | X50: 21.07 - 27.07 | Z50: 28.07 - 03.08 | AB50: Квота | AD50: Факт | AF50: 01.08 - 04.08 | AH50: 05.08 - 11.08 | AJ50: 12.08 - 18.08 | AL50: 19.08 - 25.08 | AN50: 26.08 - 31.08 | AP50: Квота | AR50: Факт | AT50: 45901 | AV50: 02.09 - 08.09 | AX50: 09.09 - 15.09 | AZ50: 16.09 - 22.09 | BB50: 23.09 - 29.09 | BD50: 45930 | BF50: Квота | BH50: Факт | BJ50: 01.10 - 06.10 | BL50: 07.10 - 13.10 | BN50: 14.10 - 20.10 | BP50: 21.10 - 27.10 | BR50: Квота | BT50: Факт | BV50: 01.11 - 03.11 | BX50: 04.11 - 10.11 | BZ50: 11.11 - 17.11 | CB50: 18.11 - 24.11 | CD50: Квота | CF50: Факт
A51: Всего на ФОТ: | B51: =SUM(B52:C53) | D51: =D53+D52 | F51: =F53+F52 | H51: =H53+H52 | J51: =J53+J52 | L51: =L53+L52 | N51: =N53+N52 | P51: =P53+P52 | R51: =R53+R52 | T51: =T53+T52 | V51: =V53+V52 | X51: =X53+X52 | Z51: =Z53+Z52 | AB51: =AB53+AB52 | AD51: =AD53+AD52 | AF51: =AF53+AF52 | AH51: =AH53+AH52 | AJ51: =AJ53+AJ52 | AL51: =AL53+AL52 | AN51: =AN53+AN52 | AP51: =AP53+AP52 | AR51: =AR53+AR52 | AT51: =AT53+AT52 | AV51: =AV53+AV52 | AX51: =AX53+AX52 | AZ51: =AZ53+AZ52 | BB51: =BB53+BB52 | BD51: =BD53+BD52 | BF51: =BF53+BF52 | BH51: =BH53+BH52 | BJ51: =BJ53+BJ52 | BL51: =BL53+BL52 | BN51: =BN53+BN52 | BP51: =BP53+BP52 | BR51: =BR53+BR52 | BT51: =BT53+BT52 | BV51: =BV53+BV52 | BX51: =BX53+BX52 | BZ51: =BZ53+BZ52 | CB51: =CB53+CB52 | CD51: =CD53+CD52 | CF51: =CF53+CF52
A52: Фикс | B52: =SUM(N52,AB52,AP52,BF52,BR52,CD52) | D52: =SUM(P52,AD52,AR52,BH52,BT52,CF52) | F52: =N52+AB52+AP52 | J52: =BF52+BR52+CD52 | N52: 520000 | P52: 520000 | AB52: 520000 | AP52: 520000 | BF52: 520000 | BR52: 520000 | CD52: 520000
A53: KPI | B53: =SUM(N53,AB53,AP53,BF53,BR53,CD53) | D53: =SUM(P53,AD53,AR53,BH53,BT53,CF53) | F53: =N53+AB53+AP53 | H53: =P53+AD53+AR53 | J53: =BF53+BR53+CD53 | L53: =BH53+BT53+CF53 | N53: 0 | P53: 0 | R53: 0 | T53: 0 | V53: 0 | X53: 0 | Z53: 0 | AB53: 0 | AD53: 0 | AF53: 0 | AH53: 0 | AJ53: 0 | AL53: 0 | AN53: 0 | AP53: 0 | AR53: 0 | AT53: 0 | AV53: 0 | AX53: 0 | AZ53: 0 | BB53: 0 | BD53: 0 | BF53: 0 | BH53: 0 | BR53: 0 | BT53: 0 | CD53: 0 | CF53: 0
A55: Расходы на персонал: | B55: =SUM(B56:C56) | D55: =SUM(D56:E56) | F55: =N55+AB55+AP55 | H55: =P55+AD55+AR55 | J55: =BF55+BR55+CD55 | L55: =BH55+BT55+CF55 | N55: =SUM(N56:O56) | P55: =SUM(P56:Q56) | R55: =SUM(R56:S56) | T55: =SUM(T56:U56) | V55: =SUM(V56:W56) | X55: =SUM(X56:Y56) | Z55: =SUM(Z56:AA56) | AB55: =SUM(AB56:AC56) | AD55: =SUM(AD56:AE56) | AF55: =SUM(AF56:AG56) | AH55: =SUM(AH56:AI56) | AJ55: =SUM(AJ56:AK56) | AL55: =SUM(AL56:AM56) | AN55: =SUM(AN56:AO56) | AP55: =SUM(AP56:AQ56) | AR55: =SUM(AR56:AS56) | AT55: =SUM(AT56:AU56) | AV55: =SUM(AV56:AW56) | AX55: =SUM(AX56:AY56) | AZ55: =SUM(AZ56:BA56) | BB55: =SUM(BB56:BC56) | BD55: =SUM(BD56:BE56) | BF55: =SUM(BF56:BG56) | BH55: =SUM(BH56:BI56) | BJ55: =SUM(BJ56:BK56) | BL55: =SUM(BL56:BM56) | BN55: =SUM(BN56:BO56) | BP55: =SUM(BP56:BQ56) | BR55: =SUM(BR56:BS56) | BT55: =SUM(BT56:BU56) | BV55: =SUM(BV56:BW56) | BX55: =SUM(BX56:BY56) | BZ55: =SUM(BZ56:CA56) | CB55: =SUM(CB56:CC56) | CD55: =SUM(CD56:CE56) | CF55: =SUM(CF56:CG56)
B57: Квота | D57: Факт | F57: Квота | H57: Факт | J57: Квота | L57: Факт | N57: Квота | P57: Факт | R57: 30.06 - 06.07 | T57: 07.07 - 13.07 | V57: 14.07 - 20.07 | X57: 21.07 - 27.07 | Z57: 28.07 - 03.08 | AB57: Квота | AD57: Факт | AF57: 01.08 - 04.08 | AH57: 05.08 - 11.08 | AJ57: 12.08 - 18.08 | AL57: 19.08 - 25.08 | AN57: 26.08 - 31.08 | AP57: Квота | AR57: Факт | AT57: 45901 | AV57: 02.09 - 08.09 | AX57: 09.09 - 15.09 | AZ57: 16.09 - 22.09 | BB57: 23.09 - 29.09 | BD57: 45930 | BF57: Квота | BH57: Факт | BJ57: 01.10 - 06.10 | BL57: 07.10 - 13.10 | BN57: 14.10 - 20.10 | BP57: 21.10 - 27.10 | BR57: Квота | BT57: Факт | BV57: 01.11 - 03.11 | BX57: 04.11 - 10.11 | BZ57: 11.11 - 17.11 | CB57: 18.11 - 24.11 | CD57: Квота | CF57: Факт
A58: Без ФОТа все расходы | B58: =B55+0+0+0+B38+B23 | D58: =D55+0+0+0+D38+D23 | F58: =F55+0+0+0+0+F38+F23 | H58: =H55+0+0+0+0+H38+H23 | J58: =J55+0+0+0+0+J38+J23 | L58: =L55+0+0+0+0+L38+L23 | N58: =N55+0+0+0+N38+N23 | P58: =P55+0+0+P38+P23 | AB58: =AB55+0+0+0+AB38+AB23 | AD58: =AD55+0+0+0+AD38+AD23 | AP58: =AP55+0+0+0+AP38+AP23 | AR58: =AR55+0+0+0+AR38+AR23 | BF58: =BF55+0+0+0+BF38+BF23 | BH58: =BH55+0+0+0+BH38+BH23 | BR58: =BR55+0+0+0+BR38+BR23 | BT58: =BT55+0+0+0+BT38+BT23 | CD58: =CD55+0+0+0+CD38+CD23 | CF58: =CF55+0+0+0+CF38+CF23
A59: ВСЕГО расходов из фонда Маркетинга: | B59: =B55+B51+0+0+0+B38+B23 | D59: =D55+0+0+0+D38+D23+D51 | F59: =F55+0+0+0+0+F38+F23+F51 | H59: =H55+0+0+0+0+H38+H23+H51 | J59: =J55+0+0+0+0+J38+J23+J51 | L59: =L55+0+0+0+0+L38+L23+L51 | N59: =N55+0+0+0+N38+N23+N51 | P59: =P55+0+0+P38+P23+P51 | AB59: =AB55+0+0+0+AB38+AB23+AB51 | AD59: =AD55+0+0+0+AD38+AD23+AD51 | AP59: =AP55+0+0+0+AP38+AP23+AP51 | AR59: =AR55+0+0+0+AR38+AR23+AR51 | BF59: =BF55+0+0+0+BF38+BF23+BF51 | BH59: =BH55+0+0+0+BH38+BH23+BH51 | BR59: =BR55+0+0+0+BR38+BR23+BR51 | BT59: =BT55+0+0+0+BT38+BT23+BT51 | CD59: =CD55+0+0+0+CD38+CD23+CD51 | CF59: =CF55+0+0+0+CF38+CF23+CF51
B61: 2026 | F61: 3Q2025 | J61: 4Q2025 | N61: Июль | AB61: Август | AP61: Сентябрь | BF61: Октябрь | BR61: Ноябрь | CD61: Декабрь
A62: CPL (paid) | B62: Квота | D62: Факт | F62: Квота | H62: Факт | J62: Квота | L62: Факт | N62: Квота | P62: Факт | R62: 30.06 - 06.07 | T62: 07.07 - 13.07 | V62: 14.07 - 20.07 | X62: 21.07 - 27.07 | Z62: 28.07 - 03.08 | AB62: Квота | AD62: Факт | AF62: 01.08 - 04.08 | AH62: 05.08 - 11.08 | AJ62: 12.08 - 18.08 | AL62: 19.08 - 25.08 | AN62: 26.08 - 31.08 | AP62: Квота | AR62: Факт | AT62: 45901 | AV62: 02.09 - 08.09 | AX62: 09.09 - 15.09 | AZ62: 16.09 - 22.09 | BB62: 23.09 - 29.09 | BD62: 45930 | BF62: Квота | BH62: Факт | BJ62: 01.10 - 06.10 | BL62: 07.10 - 13.10 | BN62: 14.10 - 20.10 | BP62: 21.10 - 27.10 | BR62: Квота | BT62: Факт | BV62: 01.11 - 03.11 | BX62: 04.11 - 10.11 | BZ62: 11.11 - 17.11 | CB62: 18.11 - 24.11 | CD62: Квота | CF62: Факт | CH62: 02.12 - 08.12 | CJ62: 09.12 - 15.12 | CL62: 16.12 - 22.12 | CN62: 23.12 - 29.12 | CP62: 30.12 - 31.12
A63: Cost per | B63: MQL | C63: SQL | D63: MQL | E63: SQL | F63: MQL | G63: SQL | H63: MQL | I63: SQL | J63: MQL | K63: SQL | L63: MQL | M63: SQL | N63: MQL | O63: SQL | P63: MQL | Q63: SQL | R63: MQL | S63: SQL | T63: MQL | U63: SQL | V63: MQL | W63: SQL | X63: MQL | Y63: SQL | Z63: MQL | AA63: SQL | AB63: MQL | AC63: SQL | AD63: MQL | AE63: SQL | AF63: MQL | AG63: SQL | AH63: MQL | AI63: SQL | AJ63: MQL | AK63: SQL | AL63: MQL | AM63: SQL | AN63: MQL | AO63: SQL | AP63: MQL | AQ63: SQL | AR63: MQL | AS63: SQL | AT63: MQL | AU63: SQL | AV63: MQL | AW63: SQL | AX63: MQL | AY63: SQL | AZ63: MQL | BA63: SQL | BB63: MQL | BC63: SQL | BD63: MQL | BE63: SQL | BF63: MQL | BG63: SQL | BH63: MQL | BI63: SQL | BJ63: MQL | BK63: SQL | BL63: MQL | BM63: SQL | BN63: MQL | BO63: SQL | BP63: MQL | BQ63: SQL | BR63: MQL | BS63: SQL | BT63: MQL | BU63: SQL | BV63: MQL | BW63: SQL | BX63: MQL | BY63: SQL | BZ63: MQL | CA63: SQL | CB63: MQL | CC63: SQL | CD63: MQL | CE63: SQL | CF63: MQL | CG63: SQL | CH63: MQL | CI63: SQL | CJ63: MQL | CK63: SQL | CL63: MQL | CM63: SQL | CN63: MQL | CO63: SQL | CP63: MQL | CQ63: SQL
A64: Всего | B64: =IFERROR(B59/B5,0) | C64: =IFERROR(B59/C5,0) | D64: =IFERROR(D59/D5,0) | E64: =IFERROR(D59/E5,0) | F64: =IFERROR(F59/F5,0) | G64: =IFERROR(F59/G5,0) | H64: =IFERROR(H59/H5,0) | I64: =IFERROR(H59/I5,0) | J64: =IFERROR(J59/J5,0) | K64: =IFERROR(J59/K5,0) | L64: =IFERROR(L59/L5,0) | M64: =IFERROR(L59/M5,0) | N64: =IFERROR(N59/N5,0) | O64: =IFERROR(N59/O5,0) | P64: =IFERROR(P59/P5,0) | Q64: =IFERROR(P59/Q5,0) | X64: =IFERROR(X24/X5,0) | Y64: =IFERROR(X24/Y5,0) | AB64: =IFERROR(AB59/AB5,0) | AC64: =IFERROR(AB59/AC5,0) | AD64: =IFERROR(AD59/AD5,0) | AE64: =IFERROR(AD59/AE5,0) | AP64: =IFERROR(AP59/AP5,0) | AQ64: =IFERROR(AP59/AQ5,0) | AR64: =IFERROR(AR59/AR5,0) | AS64: =IFERROR(AR59/AS5,0) | BF64: =IFERROR(BF59/BF5,0) | BG64: =IFERROR(BF59/BG5,0) | BH64: =IFERROR(BH59/BH5,0) | BI64: =IFERROR(BH59/BI5,0) | BR64: =IFERROR(BR59/BR5,0) | BS64: =IFERROR(BR59/BS5,0) | BT64: =IFERROR(BT59/BT5,0) | BU64: =IFERROR(BT59/BU5,0) | CD64: =IFERROR(CD59/CD5,0) | CE64: =IFERROR(CD59/CE5,0) | CF64: =IFERROR(CF59/CF5,0) | CG64: =IFERROR(CF59/CG5,0)
A65: Без ФОТа | B65: =IFERROR(B58/B5,0) | C65: =IFERROR(B23/C5,0) | D65: =0 | E65: =IFERROR(D58/E5,0) | F65: =0 | G65: =IFERROR(F58/G5,0) | H65: =IFERROR(H58/H5,0) | I65: =IFERROR(H58/I5,0) | J65: =0 | K65: =IFERROR(J58/K5,0) | L65: =IFERROR(L58/L5,0) | M65: =IFERROR(L58/M5,0) | N65: =0 | O65: =IFERROR(N58/O5,0) | P65: =IFERROR(P58/P5,0) | Q65: =IFERROR(P58/Q5,0) | AB65: =0 | AC65: =IFERROR(AB58/AC5,0) | AD65: =IFERROR(AD58/AD5,0) | AE65: =IFERROR(AD58/AE5,0) | AP65: =0 | AQ65: =IFERROR(AP58/AQ5,0) | AR65: =0 | AS65: =IFERROR(AR58/AS5,0) | BF65: =0 | BG65: =IFERROR(BF58/BG5,0) | BH65: =0 | BI65: =IFERROR(BH58/BI5,0) | BR65: =0 | BS65: =IFERROR(BR58/BS5,0) | BT65: =0 | BU65: =IFERROR(BT58/BU5,0) | CD65: =0 | CE65: =IFERROR(CD58/CE5,0) | CF65: =0 | CG65: =IFERROR(CF58/CG5,0)
A66: CPL платное продвижение | B66: =IFERROR(B23/B5,0) | D66: =IFERROR(D23/D5,0) | E66: =IFERROR(D23/E5,0) | F66: =0 | G66: =0 | H66: =0 | I66: =0 | J66: =0 | K66: =0 | L66: =0 | M66: =0 | ... O66: =0 | P66: =IFERROR(P23/P5,0) | Q66: =IFERROR(P23/Q5,0) | AB66: =0 | AC66: =0 | AD66: =IFERROR(AD23/AD5,0) | AE66: =IFERROR(AD23/AE5,0) | AP66: =0 | AQ66: =0 | AR66: =0 | AS66: =0 | BF66: =0 | BG66: =0 | BH66: =0 | BI66: =0 | BR66: =0 | BS66: =0 | BT66: =0 | BU66: =0 | CD66: =0 | CE66: =0 | CF66: =0 | CG66: =0
A67: SEO | B67: =IFERROR(B33/B7,0) | C67: =IFERROR(B33/C7,0) | D67: =IFERROR(D33/D7,0) | E67: =IFERROR(D33/E7,0) | F67: =IFERROR(F33/F7,0) | G67: =IFERROR(F33/G7,0) | H67: =IFERROR(H33/H7,0) | I67: =IFERROR(H33/I7,0) | J67: =IFERROR(J33/J7,0) | K67: =IFERROR(J33/K7,0) | L67: =IFERROR(L33/L7,0) | M67: =IFERROR(L33/M7,0) | N67: =0 | AE67: =0 | AP67: =0 | AS67: =0 | BF67: =0 | BI67: #DIV/0! | BR67: =0 | BU67: =0 | CD67: =0
A68: Яндекс.Директ | B68: =IFERROR(B26/B8,0) | C68: =IFERROR(B26/C8,0) | D68: =IFERROR(D26/D8,0) | E68: =IFERROR(D26/E8,0) | F68: =IFERROR(F26/F8,0) | G68: =IFERROR(F26/G8,0) | H68: =IFERROR(H26/H8,0) | I68: =IFERROR(H26/I8,0) | J68: =IFERROR(J26/J8,0) | K68: =IFERROR(J26/K8,0) | L68: =IFERROR(L26/L8,0) | M68: =IFERROR(L26/M8,0) | N68: =0 | AE68: 0 | AP68: =0 | AS68: 0 | BF68: =0 | BI68: 0 | BR68: =0 | BU68: 0 | CD68: =0
A69: VK ADS | B69: =0 | C69: =0 | D69: =0 | E69: =0 | F69: =0 | G69: =0 | H69: =0 | I69: =0 | ... M69: =0 | N69: =IFERROR(N34/N12,0) | AE69: 0 | AP69: =IFERROR(AP34/AP12,0) | AS69: =0 | BF69: =IFERROR(BF34/BF12,0) | BI69: =IFERROR(BH34/BI16,0) | BR69: =IFERROR(BR34/BR12,0) | BU69: =IFERROR(BT34/BU16,0) | CD69: =IFERROR(CD34/CD12,0)
A70: Рассылки по холодной базе | B70: =0 | C70: =0 | D70: =0 | E70: =0 | F70: =0 | G70: =0 | H70: =0 | I70: =0 | ... N70: =0 | AE70: 0 | AP70: =0 | AS70: 0 | BF70: =0 | BI70: 0 | BR70: =0 | BU70: 0 | CD70: =0

Sheet Каналы продукт 3
B2: 2026 | F2: 3Q2025 | J2: 4Q2025 | N2: Июль | AB2: Август | AP2: Сентябрь | BF2: Октябрь | BR2: Ноябрь | CD2: Декабрь
B3: Квота | D3: Факт | F3: Квота | H3: Факт | J3: Квота | L3: Факт | N3: Квота | P3: Факт | R3: 30.06 - 06.07 | T3: 07.07 - 13.07 | V3: 14.07 - 20.07 | X3: 21.07 - 27.07 | Z3: 28.07 - 03.08 | AB3: Квота | AD3: Факт | AF3: 04.08 - 10.08 | AH3: 11.08 - 17.08 | AJ3: 18.08 - 24.08 | AL3: 25.08 - 31.08 | AN3: 26.08 - 31.08 | AP3: Квота | AR3: Факт | AT3: 01-07.09 | AV3: 08.09 - 14.09 | AX3: 15.09 - 21.09 | AZ3: 22.09 - 28.09 | BB3: 29.09 - 05.10 | BD3: 45930 | BF3: Квота | BH3: Факт | BJ3: 06.10 - 12.10 | BL3: 13.10 - 19.10 | BN3: 20.10 - 26.10 | BP3: 27.10 - 02.11 | BR3: Квота | BT3: Факт | BV3: 03.11 - 09.11 | BX3: 10.11 - 16.11 | BZ3: 17.11 - 23.11 | CB3: 24.11 - 30.11 | CD3: Квота | CF3: Факт | CH3: 01.12 - 07.12 | CJ3: 08.12 - 14.12 | CL3: 15.12 - 21.12 | CN3: 22.12 - 28.12 | CP3: 29.12 - 30.12
B4: MQL | C4: SQL | D4: MQL | E4: SQL | F4: MQL | G4: SQL | H4: MQL | I4: SQL | J4: MQL | K4: SQL | L4: MQL | M4: SQL | N4: MQL | O4: SQL | P4: MQL | Q4: SQL | R4: MQL | S4: SQL | T4: MQL | U4: SQL | V4: MQL | W4: SQL | X4: MQL | Y4: SQL | Z4: MQL | AA4: SQL | AB4: MQL | AC4: SQL | AD4: MQL | AE4: SQL | AF4: MQL | AG4: SQL | AH4: MQL | AI4: SQL | AJ4: MQL | AK4: SQL | AL4: MQL | AM4: SQL | AN4: MQL | AO4: SQL | AP4: MQL | AQ4: SQL | AR4: MQL | AS4: SQL | AT4: MQL | AU4: SQL | AV4: MQL | AW4: SQL | AX4: MQL | AY4: SQL | AZ4: MQL | BA4: SQL | BB4: MQL | BC4: SQL | BD4: MQL | BE4: SQL | BF4: MQL | BG4: SQL | BH4: MQL | BI4: SQL | BJ4: MQL | BK4: SQL | BL4: MQL | BM4: SQL | BN4: MQL | BO4: SQL | BP4: MQL | BQ4: SQL | BR4: MQL | BS4: SQL | BT4: MQL | BU4: SQL | BV4: MQL | BW4: SQL | BX4: MQL | BY4: SQL | BZ4: MQL | CA4: SQL | CB4: MQL | CC4: SQL | CD4: MQL | CE4: SQL | CF4: MQL | CG4: SQL | CH4: MQL | CI4: SQL | CJ4: MQL | CK4: SQL | CL4: MQL | CM4: SQL | CN4: MQL | CO4: SQL | CP4: MQL | CQ4: SQL
A5: Лиды | B5: ='Продукт 3'!B11 | C5: ='Продукт 3'!D11 | D5: =SUM(P5,AD5,AR5,BH5,BT5,CF5) | E5: =SUM(Q5,AE5,AS5,BI5,BU5,CG5) | F5: ='Продукт 2'!B6+'Продукт 2'!B7+'Продукт 2'!B8+'Продукт 3'!B6+'Продукт 3'!B7+'Продукт 3'!B8 | G5: ='Продукт 2'!D6+'Продукт 2'!D7+'Продукт 2'!D8 | H5: =AD5+AR5+BH5 | I5: =AE5+AS5+BI5 | J5: ='Продукт 2'!B8+'Продукт 2'!B9+'Продукт 2'!B10+'Продукт 3'!B8+'Продукт 3'!B9+'Продукт 3'!B10 | K5: ='Продукт 2'!D8+'Продукт 2'!D9+'Продукт 2'!D10+'Продукт 3'!D8+'Продукт 3'!D9+'Продукт 3'!D10 | L5: =BH5+BT5+CF5 | M5: =BI5+BU5+CG5 | N5: =SUM(N7:N20) | O5: =SUM(O7:O20) | P5: =SUM(P7:P20) | Q5: =SUM(Q7:Q20) | R5: =SUM(R7:R20) | S5: =SUM(S7:S20) | T5: =SUM(T7:T20) | U5: =SUM(U7:U20) | ... AA5: =SUM(AA7:AA20) | AB5: ='Продукт 3'!B6 | AC5: ='Продукт 3'!D6 | AD5: =SUM(AD7:AD20) | AE5: =SUM(AE7:AE20) | AF5: =SUM(AF7:AF20) | AG5: =SUM(AG7:AG20) | AH5: =SUM(AH7:AH20) | AI5: =SUM(AI7:AI20) | AJ5: =SUM(AJ7:AJ20) | AK5: =SUM(AK7:AK20) | ... AO5: =SUM(AO7:AO20) | AP5: ='Продукт 2'!B7+'Продукт 3'!B7 | AQ5: ='Продукт 3'!D7 | AR5: =SUM(AR7:AR20) | AS5: =SUM(AS7:AS20) | AT5: =SUM(AT7:AT20) | AU5: =SUM(AU7:AU20) | AV5: =SUM(AV7:AV20) | AW5: =SUM(AW7:AW20) | AX5: =SUM(AX7:AX20) | AY5: =SUM(AY7:AY20) | ... BE5: =SUM(BE7:BE20) | BF5: ='Продукт 2'!B8+'Продукт 3'!B8 | BG5: ='Продукт 2'!D8+'Продукт 3'!D8 | BH5: =SUM(BH7:BH20) | BI5: =SUM(BI7:BI20) | BJ5: =SUM(BJ7:BJ20) | BK5: =SUM(BK7:BK20) | BL5: =SUM(BL7:BL20) | BM5: =SUM(BM7:BM20) | BN5: =SUM(BN7:BN20) | BO5: =SUM(BO7:BO20) | ... BQ5: =SUM(BQ7:BQ20) | BR5: ='Продукт 2'!B9+'Продукт 3'!B9 | BS5: ='Продукт 2'!D9+'Продукт 3'!D9 | BT5: =SUM(BT7:BT20) | BU5: =SUM(BU7:BU20) | BV5: =SUM(BV7:BV20) | BW5: =SUM(BW7:BW20) | BX5: =SUM(BX7:BX20) | BY5: =SUM(BY7:BY20) | BZ5: =SUM(BZ7:BZ20) | CA5: =SUM(CA7:CA20) | ... CC5: =SUM(CC7:CC20) | CD5: ='Продукт 2'!B10+'Продукт 3'!B10 | CE5: ='Продукт 2'!D10+'Продукт 3'!D10 | CF5: =SUM(CF7:CF20) | CG5: =SUM(CG7:CG20) | CH5: =SUM(CH7:CH20) | CI5: =SUM(CI7:CI20) | CJ5: =SUM(CJ7:CJ20) | CK5: =SUM(CK7:CK20) | CL5: =SUM(CL7:CL20) | CM5: =SUM(CM7:CM20) | ... CQ5: =SUM(CQ7:CQ20)
A6: MQL->SQL | B6: 0.4 | D6: =IFERROR(E5/D5,0) | F6: =IFERROR(G5/F5,0) | H6: =IFERROR(I5/H5,0) | J6: =IFERROR(K5/J5,0) | L6: =IFERROR(M5/L5,0) | N6: 0.4 | P6: =IFERROR(Q5/P5,0) | R6: =IFERROR(S5/R5,0) | T6: =IFERROR(U5/T5,0) | V6: =IFERROR(W5/V5,0) | X6: =IFERROR(Y5/X5,0) | Z6: =IFERROR(AA5/Z5,0) | AB6: =IFERROR(AC5/AB5,0) | AD6: =IFERROR(AE5/AD5,0) | AF6: =IFERROR(AG5/AF5,0) | AH6: =IFERROR(AI5/AH5,0) | AJ6: =IFERROR(AK5/AJ5,0) | AL6: =IFERROR(AM5/AL5,0) | AN6: =IFERROR(AO5/AN5,0) | AP6: =IFERROR(AQ5/AP5,0) | AR6: =IFERROR(AS5/AR5,0) | AT6: =IFERROR(AU5/AT5,0) | AV6: =IFERROR(AW5/AV5,0) | AX6: =IFERROR(AY5/AX5,0) | AZ6: =IFERROR(BA5/AZ5,0) | BB6: =IFERROR(BC5/BB5,0) | BD6: =IFERROR(BE5/BD5,0) | BF6: =IFERROR(BG5/BF5,0) | BH6: =IFERROR(BI5/BH5,0) | BJ6: =IFERROR(BK5/BJ5,0) | BL6: =IFERROR(BM5/BL5,0) | BN6: =IFERROR(BO5/BN5,0) | BP6: =IFERROR(BQ5/BP5,0) | BR6: =IFERROR(BS5/BR5,0) | BT6: =IFERROR(BU5/BT5,0) | BV6: =IFERROR(BW5/BV5,0) | BX6: =IFERROR(BY5/BX5,0) | BZ6: =IFERROR(CA5/BZ5,0) | CB6: =IFERROR(CC5/CB5,0) | CD6: =IFERROR(CE5/CD5,0) | CF6: =IFERROR(CG5/CF5,0) | CH6: =IFERROR(CI5/CH5,0) | CJ6: =IFERROR(CK5/CJ5,0) | CL6: =IFERROR(CM5/CL5,0) | CN6: =IFERROR(CO5/CN5,0) | CP6: =IFERROR(CQ5/CP5,0)
A7: SEO | D7: =SUM(P7,AD7,AR7,BH7,BT7,CF7) | E7: =SUM(Q7,AE7,AS7,BI7,BU7,CG7) | H7: =P7+AD7+AR7 | I7: =Q7+AE7+AS7 | L7: =BH7+BT7+CF7 | M7: =BI7+BU7+CG7 | P7: =R7+T7+V7+X7+Z7 | Q7: =S7+U7+W7+AA7 | AD7: =AF7+AH7+AJ7+AL7+AN7 | AE7: =AG7+AI7+AK7+AO7 | AF7: 0 | AG7: 0 | AH7: 0 | AI7: 0 | AJ7: 0 | AK7: 0 | AL7: 0 | AM7: 0 | AR7: =AT7+AV7+AX7+AZ7+BB7 | AS7: =AU7+AW7+BA7+BC7 | AT7: 1 | AU7: 1 | AV7: 0 | AW7: 0 | AX7: 0 | AY7: 0
A8: Яндекс.Директ | D8: =SUM(P8,AD8,AR8,BH8,BT8,CF8) | E8: =SUM(Q8,AE8,AS8,BI8,BU8,CG8) | H8: =P8+AD8+AR8 | I8: =Q8+AE8+AS8 | L8: =BH8+BT8+CF8 | M8: =BI8+BU8+CG8 | P8: =R8+T8+V8+X8+Z8 | Q8: =S8+U8+W8+AA8 | AD8: =AF8+AH8+AJ8+AL8+AN8 | AE8: =AG8+AI8+AK8+AO8 | AF8: 0 | AG8: 0 | AH8: 0 | AI8: 0 | AJ8: 1 | AK8: 1 | AL8: 0 | AM8: 0 | AR8: =AT8+AV8+AX8+AZ8+BB8 | AS8: =AU8+AW8+BA8+BC8 | AT8: 1 | AU8: 1 | AV8: 1 | AW8: 0 | AX8: 0 | AY8: 0
A9: Реферал | D9: =SUM(P9,AD9,AR9,BH9,BT9,CF9) | E9: =SUM(Q9,AE9,AS9,BI9,BU9,CG9) | H9: =P9+AD9+AR9 | I9: =Q9+AE9+AS9 | L9: =BH9+BT9+CF9 | M9: =BI9+BU9+CG9 | P9: =R9+T9+V9+X9+Z9 | Q9: =S9+U9+W9+AA9 | AD9: =AF9+AH9+AJ9+AL9+AN9 | AE9: =AG9+AI9+AK9+AO9 | AF9: 0 | AG9: 0 | AH9: 0 | AI9: 0 | AJ9: 0 | AK9: 0 | AL9: 0 | AM9: 0 | AR9: =AT9+AV9+AX9+AZ9+BB9 | AS9: =AU9+AW9+BA9+BC9 | AT9: 0 | AU9: 0 | AV9: 0 | AW9: 0 | AX9: 0 | AY9: 0
A10: Внешние площадки | D10: =SUM(P10,AD10,AR10,BH10,BT10,CF10) | E10: =SUM(Q10,AE10,AS10,BI10,BU10,CG10) | H10: =P10+AD10+AR10 | I10: =Q10+AE10+AS10 | L10: =BH10+BT10+CF10 | M10: =BI10+BU10+CG10 | P10: =R10+T10+V10+X10+Z10 | Q10: =S10+U10+W10+AA10 | AD10: =AF10+AH10+AJ10+AL10+AN10 | AE10: =AG10+AI10+AK10+AO10 | AF10: 0 | AG10: 0 | AH10: 0 | AI10: 0 | AJ10: 0 | AK10: 0 | AL10: 0 | AM10: 0 | AR10: =AT10+AV10+AX10+AZ10+BB10 | AS10: =AU10+AW10+BA10+BC10 | AT10: 0 | AU10: 0 | AV10: 0 | AW10: 0 | AX10: 0 | AY10: 0
A11: Соцсети | D11: =SUM(P11,AD11,AR11,BH11,BT11,CF11) | E11: =SUM(Q11,AE11,AS11,BI11,BU11,CG11) | H11: =P11+AD11+AR11 | I11: =Q11+AE11+AS11 | L11: =BH11+BT11+CF11 | M11: =BI11+BU11+CG11 | P11: =R11+T11+V11+X11+Z11 | Q11: =S11+U11+W11+AA11 | AD11: =AF11+AH11+AJ11+AL11+AN11 | AE11: =AG11+AI11+AK11+AO11 | AF11: 0 | AG11: 0 | AH11: 1 | AI11: 1 | AJ11: 0 | AK11: 0 | AL11: 1 | AM11: 1 | AR11: =AT11+AV11+AX11+AZ11+BB11 | AS11: =AU11+AW11+BA11+BC11 | AT11: 0 | AU11: 0 | AV11: 3 | AW11: 3 | AX11: 3 | AY11: 3
A12: Прямые визиты | D12: =SUM(P12,AD12,AR12,BH12,BT12,CF12) | E12: =SUM(Q12,AE12,AS12,BI12,BU12,CG12) | H12: =P12+AD12+AR12 | I12: =Q12+AE12+AS12 | L12: =BH12+BT12+CF12 | M12: =BI12+BU12+CG12 | P12: =R12+T12+V12+X12+Z12 | Q12: =S12+U12+W12+AA12 | AD12: =AF12+AH12+AJ12+AL12+AN12 | AE12: =AG12+AI12+AK12+AO12 | AF12: 0 | AG12: 0 | AH12: 0 | AI12: 0 | AJ12: 0 | AK12: 0 | AL12: 0 | AM12: 0 | AR12: =AT12+AV12+AX12+AZ12+BB12 | AS12: =AU12+AW12+BA12+BC12 | AT12: 0 | AU12: 0 | AV12: 0 | AW12: 0 | AX12: 0 | AY12: 0
A13: VK Реклама | D13: =SUM(P13,AD13,AR13,BH13,BT13,CF13) | E13: =SUM(Q13,AE13,AS13,BI13,BU13,CG13) | H13: =P13+AD13+AR13 | I13: =Q13+AE13+AS13 | L13: =BH13+BT13+CF13 | M13: =BI13+BU13+CG13 | P13: =R13+T13+V13+X13+Z13 | Q13: =S13+U13+W13+AA13 | AD13: =AF13+AH13+AJ13+AL13+AN13 | AE13: =AG13+AI13+AK13+AO13 | AF13: 0 | AG13: 0 | AH13: 0 | AI13: 0 | AJ13: 0 | AK13: 0 | AL13: 0 | AM13: 0 | AR13: =AT13+AV13+AX13+AZ13+BB13 | AS13: =AU13+AW13+BA13+BC13 | AT13: 0 | AU13: 0 | AV13: 0 | AW13: 0 | AX13: 0 | AY13: 0
A14: Вебинары/Мероприятия | D14: =SUM(P14,AD14,AR14,BH14,BT14,CF14) | E14: =SUM(Q14,AE14,AS14,BI14,BU14,CG14) | H14: =P14+AD14+AR14 | I14: =Q14+AE14+AS14 | L14: =BH14+BT14+CF14 | M14: =BI14+BU14+CG14 | P14: =R14+T14+V14+X14+Z14 | Q14: =S14+U14+W14+AA14 | AD14: =AF14+AH14+AJ14+AL14+AN14 | AE14: =AG14+AI14+AK14+AO14 | AF14: 0 | AG14: 0 | AH14: 0 | AI14: 0 | AJ14: 0 | AK14: 0 | AL14: 0 | AM14: 0 | AR14: =AT14+AV14+AX14+AZ14+BB14 | AS14: =AU14+AW14+BA14+BC14 | AT14: 0 | AU14: 0 | AV14: 0 | AW14: 0 | AX14: 0 | AY14: 0
A15: Рассылки по нашей базе | D15: =SUM(P15,AD15,AR15,BH15,BT15,CF15) | E15: =SUM(Q15,AE15,AS15,BI15,BU15,CG15) | H15: =P15+AD15+AR15 | I15: =Q15+AE15+AS15 | L15: =BH15+BT15+CF15 | M15: =BI15+BU15+CG15 | P15: =R15+T15+V15+X15+Z15 | Q15: =S15+U15+W15+AA15 | AD15: =AF15+AH15+AJ15+AL15+AN15 | AE15: =AG15+AI15+AK15+AO15 | AF15: 0 | AG15: 0 | AH15: 0 | AI15: 0 | AJ15: 0 | AK15: 0 | AL15: 0 | AM15: 0 | AR15: =AT15+AV15+AX15+AZ15+BB15 | AS15: =AU15+AW15+BA15+BC15 | AT15: 5 | AU15: 5 | AV15: 3 | AW15: 3 | AX15: 1 | AY15: 0
A16: Рассылки по холодной базе | D16: =SUM(P16,AD16,AR16,BH16,BT16,CF16) | E16: =SUM(Q16,AE16,AS16,BI16,BU16,CG16) | H16: =P16+AD16+AR16 | I16: =Q16+AE16+AS16 | L16: =BH16+BT16+CF16 | M16: =BI16+BU16+CG16 | P16: =R16+T16+V16+X16+Z16 | Q16: =S16+U16+W16+AA16 | AD16: =AF16+AH16+AJ16+AL16+AN16 | AE16: =AG16+AI16+AK16+AO16 | AF16: 0 | AG16: 0 | AH16: 0 | AI16: 0 | AJ16: 0 | AK16: 0 | AL16: 0 | AM16: 0 | AR16: =AT16+AV16+AX16+AZ16+BB16 | AS16: =AU16+AW16+BA16+BC16 | AT16: 0 | AU16: 0 | AV16: 0 | AW16: 0 | AX16: 0 | AY16: 0
A17: Входящий звонок | D17: =SUM(P17,AD17,AR17,BH17,BT17,CF17) | E17: =SUM(Q17,AE17,AS17,BI17,BU17,CG17) | H17: =P17+AD17+AR17 | I17: =Q17+AE17+AS17 | L17: =BH17+BT17+CF17 | M17: =BI17+BU17+CG17 | P17: =R17+T17+V17+X17+Z17 | Q17: =S17+U17+W17+AA17 | AD17: =AF17+AH17+AJ17+AL17+AN17 | AE17: =AG17+AI17+AK17+AO17 | AF17: 0 | AG17: 0 | AH17: 0 | AI17: 0 | AJ17: 0 | AK17: 0 | AL17: 0 | AM17: 0 | AR17: =AT17+AV17+AX17+AZ17+BB17 | AS17: =AU17+AW17+BA17+BC17 | AT17: 0 | AU17: 0 | AV17: 0 | AW17: 0 | AX17: 0 | AY17: 0
A18: Входящая почта sales | D18: =SUM(P18,AD18,AR18,BH18,BT18,CF18) | E18: =SUM(Q18,AE18,AS18,BI18,BU18,CG18) | H18: =P18+AD18+AR18 | I18: =Q18+AE18+AS18 | L18: =BH18+BT18+CF18 | M18: =BI18+BU18+CG18 | P18: =R18+T18+V18+X18+Z18 | Q18: =S18+U18+W18+AA18 | AD18: =AF18+AH18+AJ18+AL18+AN18 | AE18: =AG18+AI18+AK18+AO18 | AF18: 0 | AG18: 0 | AH18: 0 | AI18: 0 | AJ18: 0 | AK18: 0 | AL18: 0 | AM18: 0 | AR18: =AT18+AV18+AX18+AZ18+BB18 | AS18: =AU18+AW18+BA18+BC18 | AT18: 0 | AU18: 0 | AV18: 0 | AW18: 0 | AX18: 0 | AY18: 0
... A20: Неизвестно | D20: =SUM(P20,AD20,AR20,BH20,BT20,CF20) | E20: =SUM(Q20,AE20,AS20,BI20,BU20,CG20) | H20: =P20+AD20+AR20 | I20: =Q20+AE20+AS20 | L20: =BH20+BT20+CF20 | M20: =BI20+BU20+CG20 | P20: =R20+T20+V20+X20+Z20 | Q20: =S20+U20+W20+AA20 | AD20: =AF20+AH20+AJ20+AL20+AN20 | AE20: =AG20+AI20+AK20+AO20 | AF20: 0 | AG20: 0 | AH20: 0 | AI20: 0 | AJ20: 0 | AK20: 0 | AL20: 0 | AM20: 0 | AR20: =AT20+AV20+AX20+AZ20+BB20 | AS20: =AU20+AW20+BA20+BC20 | AT20: 0 | AU20: 0 | AV20: 2 | AW20: 2 | AX20: 0 | AY20: 0
A22: Расходы | B22: Квота | D22: Факт | F22: Квота | H22: Факт | J22: Квота | L22: Факт | N22: Квота | P22: Факт | R22: 30.06 - 06.07 | T22: 07.07 - 13.07 | V22: 14.07 - 20.07 | X22: 21.07 - 27.07 | Z22: 28.07 - 03.08 | AB22: Квота | AD22: Факт | AF22: 04.08 - 10.08 | AH22: 11.08 - 17.08 | AJ22: 18.08 - 24.08 | AL22: 25.08 - 31.08 | AN22: 26.08 - 31.08 | AP22: Квота | AR22: Факт | AT22: 01-07.09 | AV22: 08.09 - 14.09 | AX22: 15.09 - 21.09 | AZ22: 22.09 - 28.09 | BB22: 29.09 - 05.10 | BD22: 45930 | BF22: Квота | BH22: Факт | BJ22: 06.10 - 12.10 | BL22: 13.10 - 19.10 | BN22: 20.10 - 26.10 | BP22: 27.10 - 02.11 | BR22: Квота | BT22: Факт | BV22: 03.11 - 09.11 | BX22: 10.11 - 16.11 | BZ22: 17.11 - 23.11 | CB22: 24.11 - 30.11 | CD22: Квота | CF22: Факт | CH22: 01.12 - 07.12 | CJ22: 08.12 - 14.12 | CL22: 15.12 - 21.12 | CN22: 22.12 - 28.12 | CP22: 29.12 - 30.12
A23: Всего на платное продвижение: | B23: ='Продукт 2'!Z11+'Продукт 3'!Z11 | D23: =SUM(Z23,AN23,BB23,BP23,CB23,CL23) | F23: =N23+AB23+AP23 | H23: =P23+AD23+AR23 | J23: =BF23+BR23+CD23 | L23: =BH23+BT23+CF23 | N23: 380000 | P23: =SUM(P26:Q36) | R23: =SUM(R33:S50) | T23: =SUM(T33:U50) | V23: =SUM(V33:W50) | X23: =SUM(X33:Y50) | Z23: =SUM(Z33:AA50) | AB23: 120000 | AD23: =SUM(AD26:AE36) | AF23: =SUM(AF33:AG50) | AH23: =SUM(AH33:AI50) | AJ23: =SUM(AJ33:AK50) | AL23: =SUM(AL33:AM50) | AN23: =SUM(AN33:AO50) | AP23: 380000 | AR23: =SUM(AR26:AS36) | AT23: =SUM(AT26:AU36) | AV23: =SUM(AV26:AW36) | AX23: =SUM(AX26:AY36) | AZ23: =SUM(AZ26:BA36) | BB23: =SUM(BB26:BC36) | BD23: =SUM(BD33:BE50) | BF23: 380000 | BH23: =SUM(BH26:BI36) | BJ23: =SUM(BJ33:BK50) | BL23: =SUM(BL33:BM50) | BN23: =SUM(BN33:BO50) | BP23: =SUM(BP33:BQ50) | BR23: 380000 | BT23: =SUM(BT26:BU36) | BV23: =SUM(BV33:BW50) | BX23: =SUM(BX33:BY50) | BZ23: =SUM(BZ33:CA50) | CB23: =SUM(CB33:CC50) | CD23: 380000 | CF23: =SUM(CF26:CG36)
A24: Всего на лидогенерацию: | B24: =B23*0.7 | D24: =SUM(D26:E36) | F24: =F23*0.7 | H24: =SUM(H26:I36) | J24: =J23*0.7 | L24: =SUM(L26:M36) | N24: =N23*0.7 | P24: =SUM(R24:AA24) | R24: =SUM(R26:S34) | T24: =SUM(T26:U34) | V24: =SUM(V26:W34) | X24: =SUM(X26:Y34) | Z24: =SUM(Z26:AA34) | AB24: =AB23*0.6 | AD24: =SUM(AF24:AO24) | AF24: =SUM(AF26:AG34) | AH24: =SUM(AH26:AI34) | AJ24: =SUM(AJ26:AK34) | AL24: =SUM(AL26:AM34) | AN24: =SUM(AN26:AO34) | AP24: =AP23*0.7 | AR24: =SUM(AT24:BC24) | BD24: =SUM(BD36,0,BD33,BD32,BD29,BD27,BD264,BD34,BD26) | BF24: =BF23*0.7 | BH24: =SUM(BH26:BI34) | BJ24: =SUM(BJ36,0,BJ33,BJ32,BJ29,BJ27,BJ264,BJ34,BJ26) | BL24: =SUM(BL36,0,BL33,BL32,BL29,BL27,BL264,BL34,BL26) | BN24: =SUM(BN36,0,BN33,BN32,BN29,BN27,BN264,BN34,BN26) | BP24: =SUM(BP36,0,BP33,BP32,BP29,BP27,BP264,BP34,BP26) | BR24: =BR23*0.7 | BT24: =SUM(BT26:BU34) | BV24: =SUM(BV36,0,BV33,BV32,BV29,BV27,BV264,BV34,BV26) | BX24: =SUM(BX36,0,BX33,BX32,BX29,BX27,BX264,BX34,BX26) | BZ24: =SUM(BZ36,0,BZ33,BZ32,BZ29,BZ27,BZ264,BZ34,BZ26) | CB24: =SUM(CB36,0,CB33,CB32,CB29,CB27,CB264,CB34,CB26) | CD24: =CD23*0.7 | CF24: =SUM(CF26:CG34)
A25: Всего на мероприятия: | B25: =B23*0.3 | D25: =SUM(Z25,AN25,BB25,BP25,CB25,CL25) | F25: =F23*0.3 | J25: =J23*0.3 | N25: =N23*0.3 | P25: =P36 | R25: =R36 | T25: =T36 | V25: =V36 | X25: =X36 | Z25: =Z36 | AB25: =AB23*0.2 | AD25: =AD36 | AF25: =AF36 | AH25: =AH36 | AJ25: =AJ36 | AL25: =AL36 | AN25: =AN36 | AP25: =AP23*0.3 | AR25: =AR36 | BF25: =BF23*0.3 | BH25: =BH36 | BR25: =BR23*0.3 | BT25: =BT36 | CD25: =CD23*0.3 | CF25: =CF36
A26: Яндекс Директ | D26: =SUM(P26,AD26,AR26,BH26,BT26,CF26) | H26: =P26+AD26+AR26 | J26: =BF26+BR26+CD26 | L26: =BH26+BT26+CF26 | P26: =SUM(R26:AA26) | Z26: 182.51 | AD26: =SUM(AF26:AO26) | AF26: 0 | AH26: 0 | AJ26: 15211.16 | AL26: 10998.74 | AT26: 12518 | AV26: 411.77 | AX26: 1232.49
A27: VK ADS | D27: =SUM(P27,AD27,AR27,BH27,BT27,CF27) | H27: =P27+AD27+AR27 | J27: =BF27+BR27+CD27 | L27: =BH27+BT27+CF27 | P27: =SUM(R27:AA27) | AD27: =SUM(AF27:AO27) | AF27: 0 | AH27: 0
A28: VK Adblogger | D28: =SUM(P28,AD28,AR28,BH28,BT28,CF28) | H28: =P28+AD28+AR28 | J28: =BF28+BR28+CD28 | L28: =BH28+BT28+CF28 | P28: =SUM(R28:AA28) | AD28: =SUM(AF28:AO28) | AF28: 0 | AH28: 0
A29: TG ADS | D29: =SUM(P29,AD29,AR29,BH29,BT29,CF29) | H29: =P29+AD29+AR29 | J29: =BF29+BR29+CD29 | L29: =BH29+BT29+CF29 | P29: =SUM(R29:AA29) | AD29: =SUM(AF29:AO29) | AF29: 0 | AH29: 0
A30: TG Посевы | D30: =SUM(P30,AD30,AR30,BH30,BT30,CF30) | H30: =P30+AD30+AR30 | J30: =BF30+BR30+CD30 | L30: =BH30+BT30+CF30 | P30: =SUM(R30:AA30) | AD30: =SUM(AF30:AO30) | AF30: 0 | AH30: 0 | AL30: 11188
A31: Теплые рассылки | D31: =SUM(P31,AD31,AR31,BH31,BT31,CF31) | H31: =P31+AD31+AR31 | J31: =BF31+BR31+CD31 | L31: =BH31+BT31+CF31 | P31: =SUM(R31:AA31) | AD31: =SUM(AF31:AO31) | AF31: 0 | AH31: 0
A32: Холодные рассылки | D32: =SUM(P32,AD32,AR32,BH32,BT32,CF32) | H32: =P32+AD32+AR32 | J32: =BF32+BR32+CD32 | L32: =BH32+BT32+CF32 | P32: =SUM(R32:AA32) | AD32: =SUM(AF32:AO32) | AF32: 0 | AH32: 0
A33: SEO | D33: =SUM(P33,AD33,AR33,BH33,BT33,CF33) | H33: =P33+AD33+AR33 | J33: =BF33+BR33+CD33 | L33: =BH33+BT33+CF33 | P33: =SUM(R33:AA33) | AD33: =SUM(AF33:AO33) | AF33: 0 | AH33: 0
A34: Анонсы, баннеры на сайтах | D34: =SUM(P34,AD34,AR34,BH34,BT34,CF34) | H34: =P34+AD34+AR34 | J34: =BF34+BR34+CD34 | L34: =BH34+BT34+CF34 | P34: =SUM(R34:AA34) | AD34: =SUM(AF34:AO34) | AF34: 0 | AH34: 0
A35: СМИ
A36: Мероприятия | D36: =SUM(P36,AD36,AR36,BH36,BT36,CF36) | H36: =P36+AD36+AR36 | J36: =BF36+BR36+CD36 | L36: =BH36+BT36+CF36 | P36: =SUM(R36:AA36) | X36: 0 | AD36: =SUM(AF36:AO36) | AF36: 0 | AH36: 0
B37: Квота | D37: Факт | F37: Квота | H37: Факт | J37: Квота | L37: Факт | N37: Квота | P37: Факт | R37: 30.06 - 06.07 | T37: 07.07 - 13.07 | V37: 14.07 - 20.07 | X37: 21.07 - 27.07 | Z37: 28.07 - 03.08 | AB37: Квота | AD37: Факт | AF37: 01.08 - 04.08 | AH37: 05.08 - 11.08 | AJ37: 12.08 - 18.08 | AL37: 19.08 - 25.08 | AN37: 26.08 - 31.08 | AP37: Квота | AR37: Факт | AT37: 45901 | AV37: 02.09 - 08.09 | AX37: 09.09 - 15.09 | AZ37: 16.09 - 22.09 | BB37: 23.09 - 29.09 | BD37: 45930 | BF37: Квота | BH37: Факт | BJ37: 01.10 - 06.10 | BL37: 07.10 - 13.10 | BN37: 14.10 - 20.10 | BP37: 21.10 - 27.10 | BR37: Квота | BT37: Факт | BV37: 01.11 - 03.11 | BX37: 04.11 - 10.11 | BZ37: 11.11 - 17.11 | CB37: 18.11 - 24.11 | CD37: Квота | CF37: Факт
A38: Всего на сервисные расходы: | B38: =SUM(B39:C49) | D38: =SUM(D39:E49) | F38: =N38+AB38+AP38 | H38: =P38+AD38+AR38 | J38: =BF38+BR38+CD38 | L38: =BH38+BT38+CF38 | N38: =('Продукт 2'!Z5+'Продукт 3'!Z5)*0.05 | P38: =SUM(P39:Q49) | Z38: =SUM(Z39:AA49) | AB38: =('Продукт 2'!Z6+'Продукт 3'!Z6)*0.05 | AD38: =SUM(AD39:AE49) | AF38: =SUM(AF39:AG49) | AH38: =SUM(AH39:AI49) | AJ38: =SUM(AJ39:AK49) | AL38: =SUM(AL39:AM49) | AN38: =SUM(AN39:AO49) | AP38: =('Продукт 2'!Z7+'Продукт 3'!Z7)*0.05 | AR38: =SUM(AR39:AS49) | AT38: =SUM(AT39:AU49) | AV38: =SUM(AV39:AW49) | AX38: =SUM(AX39:AY49) | AZ38: =SUM(AZ39:BA49) | BB38: =SUM(BB39:BC49) | BD38: =SUM(BD39:BE49) | BF38: =('Продукт 2'!Z8+'Продукт 3'!Z8)*0.05 | BH38: =SUM(BH39:BI49) | BJ38: =SUM(BJ39:BK49) | BL38: =SUM(BL39:BM49) | BN38: =SUM(BN39:BO49) | BP38: =SUM(BP39:BQ49) | BR38: =SUM(BR39:BS49) | BT38: =SUM(BT39:BU49) | BV38: =SUM(BV39:BW49) | BX38: =SUM(BX39:BY49) | BZ38: =SUM(BZ39:CA49) | CB38: =SUM(CB39:CC49) | CD38: =SUM(CD39:CE49) | CF38: =SUM(CF39:CG49)
A39: Топвизор | B39: =SUM(N39,AB39,AP39,BF39,BR39,CD39) | D39: =SUM(P39,AD39,AR39,BH39,BT39,CF39) | F39: =N39+AB39+AP39 | H39: =P39+AD39+AR39 | J39: =BF39+BR39+CD39 | L39: =BH39+BT39+CF39 | N39: 0 | P39: =SUM(R39:AA39) | AB39: 0 | AD39: 0 | AP39: 0 | AR39: 0 | BF39: 0 | BH39: 0 | BR39: 0 | BT39: 0 | CD39: 0 | CF39: 0
A40: Писец | B40: =SUM(N40,AB40,AP40,BF40,BR40,CD40) | D40: =SUM(P40,AD40,AR40,BH40,BT40,CF40) | F40: =N40+AB40+AP40 | H40: =P40+AD40+AR40 | J40: =BF40+BR40+CD40 | L40: =BH40+BT40+CF40 | N40: 0 | P40: =SUM(R40:AA40) | AB40: 0 | AD40: 0 | AP40: 0 | AR40: 0 | BF40: 0 | BH40: 0 | BR40: 0 | BT40: 0 | CD40: 0 | CF40: 0
A41: Calltouch | B41: =SUM(N41,AB41,AP41,BF41,BR41,CD41) | D41: =SUM(P41,AD41,AR41,BH41,BT41,CF41) | F41: =N41+AB41+AP41 | H41: =P41+AD41+AR41 | J41: =BF41+BR41+CD41 | L41: =BH41+BT41+CF41 | N41: 0 | P41: =SUM(R41:AA41) | AB41: 0 | AD41: 0 | AP41: 0 | AR41: 0 | BF41: 0 | BH41: 0 | BR41: 0 | BT41: 0 | CD41: 0 | CF41: 0
A42: Контент-рассылка | B42: =SUM(N42,AB42,AP42,BF42,BR42,CD42) | D42: =SUM(P42,AD42,AR42,BH42,BT42,CF42) | F42: =N42+AB42+AP42 | H42: =P42+AD42+AR42 | J42: =BF42+BR42+CD42 | L42: =BH42+BT42+CF42 | N42: 0 | P42: =SUM(R42:AA42) | AB42: 0 | AD42: 0 | AP42: 0 | AR42: 0 | BF42: 0 | BH42: 0 | BR42: 0 | BT42: 0 | CD42: 0 | CF42: 0
A43: Sendsay | B43: =SUM(N43,AB43,AP43,BF43,BR43,CD43) | D43: =SUM(P43,AD43,AR43,BH43,BT43,CF43) | F43: =N43+AB43+AP43 | H43: =P43+AD43+AR43 | J43: =BF43+BR43+CD43 | L43: =BH43+BT43+CF43 | N43: 0 | P43: =SUM(R43:AA43) | AB43: 0 | AD43: 0 | AP43: 0 | AR43: 0 | BF43: 0 | BH43: 0 | BR43: 0 | BT43: 0 | CD43: 0 | CF43: 0
A44: Marquiz | B44: =SUM(N44,AB44,AP44,BF44,BR44,CD44) | D44: =SUM(P44,AD44,AR44,BH44,BT44,CF44) | F44: =N44+AB44+AP44 | H44: =P44+AD44+AR44 | J44: =BF44+BR44+CD44 | L44: =BH44+BT44+CF44 | N44: 0 | P44: =SUM(R44:AA44) | AB44: 0 | AD44: 0 | AP44: 0 | AR44: 0 | BF44: 0 | BH44: 0 | BR44: 0 | BT44: 0 | CD44: 0 | CF44: 0
A45: Telegram Premium | B45: =SUM(N45,AB45,AP45,BF45,BR45,CD45) | D45: =SUM(P45,AD45,AR45,BH45,BT45,CF45) | F45: =N45+AB45+AP45 | H45: =P45+AD45+AR45 | J45: =BF45+BR45+CD45 | L45: =BH45+BT45+CF45 | N45: 0 | P45: =SUM(R45:AA45) | AB45: 0 | AD45: 0 | AP45: 0 | AR45: 0 | BF45: 0 | BH45: 0 | BR45: 0 | BT45: 0 | CD45: 0 | CF45: 0
A46: Stripo | B46: =SUM(N46,AB46,AP46,BF46,BR46,CD46) | D46: =SUM(P46,AD46,AR46,BH46,BT46,CF46) | N46: 0 | P46: =SUM(R46:AA46) | AB46: 0 | AD46: 0 | AP46: 0 | AR46: 0 | BF46: 0 | BH46: 0 | BR46: 0 | BT46: 0 | CD46: 0 | CF46: 0
A47: Tilda | B47: =SUM(N47,AB47,AP47,BF47,BR47,CD47) | D47: =SUM(P47,AD47,AR47,BH47,BT47,CF47) | F47: =N47+AB47+AP47 | H47: =P47+AD47+AR47 | J47: =BF47+BR47+CD47 | L47: =BH47+BT47+CF47 | N47: 0 | P47: =SUM(R47:AA47) | AB47: 0 | AD47: 0 | AP47: 0 | AR47: 0 | BF47: 0 | BH47: 0 | BR47: 0 | BT47: 0 | CD47: 0 | CF47: 0
A48: Вебинар | B48: =SUM(N48,AB48,AP48,BF48,BR48,CD48) | D48: =SUM(P48,AD48,AR48,BH48,BT48,CF48) | F48: =N48+AB48+AP48 | H48: =P48+AD48+AR48 | J48: =BF48+BR48+CD48 | L48: =BH48+BT48+CF48 | N48: 2300 | P48: =SUM(R48:AA48)
A49: Tadviser | B49: =SUM(N49,AB49,AP49,BF49,BR49,CD49) | D49: =SUM(P49,AD49,AR49,BH49,BT49,CF49) | F49: =N49+AB49+AP49 | H49: =P49+AD49+AR49 | J49: =BF49+BR49+CD49 | L49: =BH49+BT49+CF49 | N49: 0 | P49: =SUM(R49:AA49) | AB49: 0 | AD49: 0 | AP49: 0 | AR49: 0 | BF49: 0 | BH49: 0 | BR49: 0 | BT49: 0 | CD49: 0 | CF49: 0
B50: Квота | D50: Факт | F50: Квота | H50: Факт | J50: Квота | L50: Факт | N50: Квота | P50: Факт | R50: 30.06 - 06.07 | T50: 07.07 - 13.07 | V50: 14.07 - 20.07 | X50: 21.07 - 27.07 | Z50: 28.07 - 03.08 | AB50: Квота | AD50: Факт | AF50: 01.08 - 04.08 | AH50: 05.08 - 11.08 | AJ50: 12.08 - 18.08 | AL50: 19.08 - 25.08 | AN50: 26.08 - 31.08 | AP50: Квота | AR50: Факт | AT50: 45901 | AV50: 02.09 - 08.09 | AX50: 09.09 - 15.09 | AZ50: 16.09 - 22.09 | BB50: 23.09 - 29.09 | BD50: 45930 | BF50: Квота | BH50: Факт | BJ50: 01.10 - 06.10 | BL50: 07.10 - 13.10 | BN50: 14.10 - 20.10 | BP50: 21.10 - 27.10 | BR50: Квота | BT50: Факт | BV50: 01.11 - 03.11 | BX50: 04.11 - 10.11 | BZ50: 11.11 - 17.11 | CB50: 18.11 - 24.11 | CD50: Квота | CF50: Факт
